Workbook
Name IMAGEM: INDEX([1]Imagens!$B$1:$B$19,MATCH([1]Resumo!$B$3,[1]Imagens!$A$1:$A$19,0))
Name IMAGEM_PREFEITURA: INDEX([1]Imagens!$H$20:$H$133,MATCH([1]Resumo!$B$2,[1]Imagens!$G$20:$G$133,0))

Sheet LOTE 01-ORÇAMENTO
A1: ITEM | B1: BASE | C1: CÓDIGO | D1: DESCRIÇÃO | E1: UNID. | F1: QUANT. | G1: UNITÁRIO SEM BDI | H1: UNITÁRIO COM BDI | I1: CUSTO TOTAL | J1: BDI | Y1: BDI 1 | Z1: 0.2822
A2: 1 | D2: MOBILIZAÇÃO E SERVIÇOS DE APOIO | I2: =SUBTOTAL(9,I3:I24) -> 82842.64 | Z2: 0.1726
A3: 1.1 | D3: MOBILIZAÇÃO E DESMOBILIZAÇÃO | I3: =SUBTOTAL(9,I4:I5) -> 7095.6 | X3: =SUM(AA4:AA5) -> 7095.6 | AD3: =SUM(AC4:AC5) -> 7095.6
A4: 1.1.1 | B4: SINAPI | C4: 100947 | D4: TRANSPORTE COM CAMINHÃO CARROCERIA 9T, EM VIA URBANA PAVIMENTADA, DMT ATÉ 30KM | E4: TxKM | F4: =2*9*30 -> 540 | G4: =VLOOKUP('LOTE 01-ORÇAMENTO'!$C4,Tabela5[#All],5,0) -> 2.25 | H4: =TRUNC(IF(J4="BDI 1",G4*(1+$Z$1),IF(J4="BDI 2",G4*(1+$Z$2),IF(J4="",0))),2) -> 2.88 | I4: =ROUND(ROUND(F4,2)*ROUND(H4,2),2) -> 1555.2 | J4: BDI 1 | AA4: =F4*H4 -> 1555.2 | AC4: =H4*F4 -> 1555.2
A5: 1.1.2 | B5: SINAPI | C5: 100948 | D5: TRANSPORTE COM CAMINHÃO CARROCERIA 9T, EM VIA URBANA PAVIMENTADA, ADICIONAL PARA DMT EXCEDENTE A 30 KM | E5: TxKM | F5: =2*9*(300-30) -> 4860 | G5: =VLOOKUP('LOTE 01-ORÇAMENTO'!$C5,Tabela5[#All],5,0) -> 0.89 | H5: =TRUNC(IF(J5="BDI 1",G5*(1+$Z$1),IF(J5="BDI 2",G5*(1+$Z$2),IF(J5="",0))),2) -> 1.14 | I5: =ROUND(ROUND(F5,2)*ROUND(H5,2),2) -> 5540.4 | J5: BDI 1 | Z5: =SUM(X3:X6) -> 49776.35 | AA5: =F5*H5 -> 5540.4 | AC5: =H5*F5 -> 5540.4
A6: 1.2 | D6: SERVIÇOS DE APOIO | I6: =SUBTOTAL(9,I7:I24) -> 75747.04 | X6: =SUM(AA9:AA24) -> 42680.75 | AA6: =F6*H6 -> 0 | AC6: =H6*F6 -> 0 | AD6: =SUM(AC9:AC24) -> 42680.75
A7: 1.2.1 | B7: SUDECAP | C7: 10901 | D7: MOBILIZAÇÃO DE CONTAINER | E7: UNID | F7: 2 | G7: =VLOOKUP('LOTE 01-ORÇAMENTO'!$C7,BASE_PREÇOS!$A$20401:$F$23990,5,0) -> 900 | H7: =TRUNC(IF(J7="BDI 1",G7*(1+$Z$1),IF(J7="BDI 2",G7*(1+$Z$2),IF(J7="",0))),2) -> 1153.98 | I7: =ROUND(ROUND(F7,2)*ROUND(H7,2),2) -> 2307.96 | J7: BDI 1
A8: 1.2.2 | B8: SUDECAP | C8: 10911 | D8: DESMOBILIZAÇÃO DE CONTAINER | E8: UNID | F8: 2 | G8: =VLOOKUP('LOTE 01-ORÇAMENTO'!$C8,BASE_PREÇOS!$A$20401:$F$23990,5,0) -> 900 | H8: =TRUNC(IF(J8="BDI 1",G8*(1+$Z$1),IF(J8="BDI 2",G8*(1+$Z$2),IF(J8="",0))),2) -> 1153.98 | I8: =ROUND(ROUND(F8,2)*ROUND(H8,2),2) -> 2307.96 | J8: BDI 1
A9: 1.2.3 | B9: SUDECAP | C9: 10902 | D9: CONTAINER SIMPLES COM AR CONDICIONADO PARA ESCRITÓRIO | E9: MÊS | F9: 4 | G9: =VLOOKUP('LOTE 01-ORÇAMENTO'!$C9,BASE_PREÇOS!$A$20401:$F$23990,5,0) -> 1450 | H9: =TRUNC(IF(J9="BDI 1",G9*(1+$Z$1),IF(J9="BDI 2",G9*(1+$Z$2),IF(J9="",0))),2) -> 1859.19 | I9: =ROUND(ROUND(F9,2)*ROUND(H9,2),2) -> 7436.76 | J9: BDI 1 | AA9: =F9*H9 -> 7436.76 | AC9: =H9*F9 -> 7436.76
A10: 1.2.4 | B10: SUDECAP | C10: 895002 | D10: CONTAINER 6,00X2,40X2,82M, COM ISOLAMENTO TÉRMICO | E10: MÊS | F10: 4 | G10: =VLOOKUP('LOTE 01-ORÇAMENTO'!$C10,BASE_PREÇOS!$A$20401:$F$23990,5,0) -> 1200 | H10: =TRUNC(IF(J10="BDI 1",G10*(1+$Z$1),IF(J10="BDI 2",G10*(1+$Z$2),IF(J10="",0))),2) -> 1538.64 | I10: =ROUND(ROUND(F10,2)*ROUND(H10,2),2) -> 6154.56 | J10: BDI 1
A11: 1.2.5 | B11: SUDECAP | C11: 410201 | D11: INSTALACAO PROVISORIA DE AGUA | E11: UNID | F11: 1 | G11: =VLOOKUP('LOTE 01-ORÇAMENTO'!$C11,BASE_PREÇOS!$A$20401:$F$23990,5,0) -> 344.89 | H11: =TRUNC(IF(J11="BDI 1",G11*(1+$Z$1),IF(J11="BDI 2",G11*(1+$Z$2),IF(J11="",0))),2) -> 442.21 | I11: =ROUND(ROUND(F11,2)*ROUND(H11,2),2) -> 442.21 | J11: BDI 1
A12: 1.2.6 | B12: SUDECAP | C12: 10601 | D12: INSTALACAO PROVISORIA PADRÃO CEMIG TIPO C3, DEMANDA PROVÁVEL DE 23,1 ATÉ 27,0KW (3F+N) | E12: UNID | F12: 1 | G12: =VLOOKUP('LOTE 01-ORÇAMENTO'!$C12,BASE_PREÇOS!$A$20401:$F$23990,5,0) -> 675.75 | H12: =TRUNC(IF(J12="BDI 1",G12*(1+$Z$1),IF(J12="BDI 2",G12*(1+$Z$2),IF(J12="",0))),2) -> 866.44 | I12: =ROUND(ROUND(F12,2)*ROUND(H12,2),2) -> 866.44 | J12: BDI 1
A13: 1.2.7 | B13: SUDECAP | C13: 10417 | D13: TAPUME METÁLICO COM BASE ENTERRADA (M) | E13: M | F13: 60 | G13: =VLOOKUP('LOTE 01-ORÇAMENTO'!$C13,BASE_PREÇOS!$A$20401:$F$23990,5,0) -> 99.48 | H13: =TRUNC(IF(J13="BDI 1",G13*(1+$Z$1),IF(J13="BDI 2",G13*(1+$Z$2),IF(J13="",0))),2) -> 127.55 | I13: =ROUND(ROUND(F13,2)*ROUND(H13,2),2) -> 7653 | J13: BDI 1
A14: 1.2.8 | B14: COPASA | C14: 37524 | D14: TELA PLÁSTICA LARANJA, TIPO TAPUME PARA SINALIZAÇÃO, MALHA RETANGULAR, ROLO 1,20 X 50,00 M (L X C) | E14: M | F14: 50 | G14: =VLOOKUP('LOTE 01-ORÇAMENTO'!$C14,Tabela5[#All],5,0) -> 1.93 | H14: =TRUNC(IF(J14="BDI 1",G14*(1+$Z$1),IF(J14="BDI 2",G14*(1+$Z$2),IF(J14="",0))),2) -> 2.47 | I14: =ROUND(ROUND(F14,2)*ROUND(H14,2),2) -> 123.5 | J14: BDI 1 | AA14: =F14*H14 -> 123.5 | AC14: =H14*F14 -> 123.5
A15: 1.2.9 | B15: COPASA | C15: 65000222 | D15: ESGOTAMENTO DE VALA COM BOMBA, VAZÃO ATÉ 25 M³/H | E15: H | F15: =4*5.5*4*3 -> 264 | G15: =VLOOKUP('LOTE 01-ORÇAMENTO'!$C15,Tabela5[#All],5,0) -> 3.8 | H15: =TRUNC(IF(J15="BDI 1",G15*(1+$Z$1),IF(J15="BDI 2",G15*(1+$Z$2),IF(J15="",0))),2) -> 4.87 | I15: =ROUND(ROUND(F15,2)*ROUND(H15,2),2) -> 1285.68 | J15: BDI 1 | AA15: =F15*H15 -> 1285.68 | AC15: =H15*F15 -> 1285.68
A16: 1.2.10 | B16: SICOR | C16: MATED-11059 | D16: ENSAIO DE MASSA ESPECIFICA DE SOLO, IN SITU, CONFORME NBR 7.185:2016 | E16: UNID | F16: 8 | G16: 38.97 | H16: =TRUNC(IF(J16="BDI 1",G16*(1+$Z$1),IF(J16="BDI 2",G16*(1+$Z$2),IF(J16="",0))),2) -> 49.96 | I16: =ROUND(ROUND(F16,2)*ROUND(H16,2),2) -> 399.68 | J16: BDI 1 | AA16: =F16*H16 -> 399.68 | AC16: =H16*F16 -> 399.68
A17: 1.2.11 | B17: COPASA | C17: 65001242 | D17: ENSAIO DE CONTROLE DE COMPACTAÇÃO DE SOLOS, PELO MÉTODO HILF, COM EMISSÃO DE LAUDO, CONFORME NBR 12.102:2020 | E17: UNID | F17: 5 | G17: =VLOOKUP('LOTE 01-ORÇAMENTO'!$C17,Tabela5[#All],5,0) -> 151.69 | H17: =TRUNC(IF(J17="BDI 1",G17*(1+$Z$1),IF(J17="BDI 2",G17*(1+$Z$2),IF(J17="",0))),2) -> 194.49 | I17: =ROUND(ROUND(F17,2)*ROUND(H17,2),2) -> 972.45 | J17: BDI 1 | AA17: =F17*H17 -> 972.45 | AC17: =H17*F17 -> 972.45
A18: 1.2.12 | B18: SICOR | C18: ED-49544 | D18: ENSAIO DE CONCRETO - CURA, FACEAMENTO, RUPTURA, COM EMISSÃO DE LAUDO, CONFORME AS NBR 5.738 E NBR 5.739 | E18: UNID | F18: 10 | G18: 115.5 | H18: =TRUNC(IF(J18="BDI 1",G18*(1+$Z$1),IF(J18="BDI 2",G18*(1+$Z$2),IF(J18="",0))),2) -> 148.09 | I18: =ROUND(ROUND(F18,2)*ROUND(H18,2),2) -> 1480.9 | J18: BDI 1 | AA18: =F18*H18 -> 1480.9 | AC18: =H18*F18 -> 1480.9
A19: 1.2.13 | B19: SICOR | C19: ED-50155 | D19: LOCAÇÃO DE BANHEIRO QUÍMICO, DIMENSÕES (110X120X230)CM, LINHA PADRÃO, CONTENDO UMA (1) PIA/HIGIENIZADOR DE MÃOS, INCLUSIVE MANUTENÇÃO E MOBILIZAÇÃO/DESMOBILIZAÇÃO, CONSIDERANDO 1 UNIDADE1 | E19: MÊS | F19: 4 | G19: =VLOOKUP('LOTE 01-ORÇAMENTO'!$C19,Tabela5[#All],5,0) -> 1050 | H19: =TRUNC(IF(J19="BDI 1",G19*(1+$Z$1),IF(J19="BDI 2",G19*(1+$Z$2),IF(J19="",0))),2) -> 1346.31 | I19: =ROUND(ROUND(F19,2)*ROUND(H19,2),2) -> 5385.24 | J19: BDI 1 | AA19: =F19*H19 -> 5385.24 | AC19: =H19*F19 -> 5385.24
A20: 1.2.14 | B20: SUDECAP | C20: 430103 | D20: TOPOGRAFIA COM PLANIMETRIA | E20: MÊS | F20: 0.5 | G20: =VLOOKUP('LOTE 01-ORÇAMENTO'!$C20,Tabela5[#All],5,0) -> 18814.07 | H20: =TRUNC(IF(J20="BDI 1",G20*(1+$Z$1),IF(J20="BDI 2",G20*(1+$Z$2),IF(J20="",0))),2) -> 24123.4 | I20: =ROUND(ROUND(F20,2)*ROUND(H20,2),2) -> 12061.7 | J20: BDI 1 | AA20: =F20*H20 -> 12061.7 | AC20: =H20*F20 -> 12061.7
A21: 1.2.15 | B21: SUDECAP | C21: 950101 | D21: MOBILIZAÇÃO, INSTALAÇÃO E DESMOBILIZAÇÃO, PARA EXECUÇÃO DE SONDAGEM À PERCUSSÃO (NBR 6484:2020) | E21: UN | F21: 1 | G21: =VLOOKUP('LOTE 01-ORÇAMENTO'!$C21,Tabela5[#All],5,0) -> 1200 | H21: =TRUNC(IF(J21="BDI 1",G21*(1+$Z$1),IF(J21="BDI 2",G21*(1+$Z$2),IF(J21="",0))),2) -> 1538.64 | I21: =ROUND(ROUND(F21,2)*ROUND(H21,2),2) -> 1538.64 | J21: BDI 1
A22: 1.2.16 | B22: SUDECAP | C22: 950103 | D22: DESMONTAGEM, TRANSPORTE E MONTAGEM DE EQUIPAMENTOS DE SONDAGEM A PERCUSSÃO POR FURO | E22: UN | F22: 4 | G22: =VLOOKUP('LOTE 01-ORÇAMENTO'!$C22,Tabela5[#All],5,0) -> 400 | H22: =TRUNC(IF(J22="BDI 1",G22*(1+$Z$1),IF(J22="BDI 2",G22*(1+$Z$2),IF(J22="",0))),2) -> 512.88 | I22: =ROUND(ROUND(F22,2)*ROUND(H22,2),2) -> 2051.52 | J22: BDI 1
A23: 1.2.17 | B23: SUDECAP | C23: 950102 | D23: PERFURAÇÃO DE SOLO SONDAGEM À PERCUSSÃO (NBR 6484:2020) | E23: M | F23: =20*4 -> 80 | G23: =VLOOKUP('LOTE 01-ORÇAMENTO'!$C23,Tabela5[#All],5,0) -> 95 | H23: =TRUNC(IF(J23="BDI 1",G23*(1+$Z$1),IF(J23="BDI 2",G23*(1+$Z$2),IF(J23="",0))),2) -> 121.8 | I23: =ROUND(ROUND(F23,2)*ROUND(H23,2),2) -> 9744 | J23: BDI 1
A24: 1.2.18 | B24: COPASA | C24: 65001001 | D24: VEICULO UTILITÁRIO LEVE, TIPO PICK-UP, COM CAPACIDADE DE CARGA DE 700 KG, CONSIDERANDO DISPONIBILIDADE E COMBUSTÍVEL | E24: MÊS | F24: 4 | G24: =VLOOKUP('LOTE 01-ORÇAMENTO'!$C24,Tabela5[#All],5,0) -> 2638.99 | H24: =TRUNC(IF(J24="BDI 1",G24*(1+$Z$1),IF(J24="BDI 2",G24*(1+$Z$2),IF(J24="",0))),2) -> 3383.71 | I24: =ROUND(ROUND(F24,2)*ROUND(H24,2),2) -> 13534.84 | J24: BDI 1 | AA24: =F24*H24 -> 13534.84 | AC24: =H24*F24 -> 13534.84
A25: 2 | D25: ADMINISTRAÇÃO LOCAL DA OBRA | I25: =SUBTOTAL(9,I26:I29) -> 184014.4 | AA25: =F25*H25 -> 0 | AC25: =H25*F25 -> 0
A26: 2.1 | B26: SINAPI | C26: 90778 | D26: ENGENHEIRO DE OBRA, NÍVEL PLENO, COM ENCARGOS SOCIAIS (4 H/DIA X 5,5 DIAS/SEM X 4 SEM/MÊS X 5 MESES) | E26: H | F26: =4*5.5*4*4 -> 352 | G26: =VLOOKUP('LOTE 01-ORÇAMENTO'!$C26,Tabela5[#All],5,0) -> 123.73 | H26: =TRUNC(IF(J26="BDI 1",G26*(1+$Z$1),IF(J26="BDI 2",G26*(1+$Z$2),IF(J26="",0))),2) -> 158.64 | I26: =ROUND(ROUND(F26,2)*ROUND(H26,2),2) -> 55841.28 | J26: BDI 1 | AA26: =F26*H26 -> 55841.28 | AC26: =H26*F26 -> 55841.28
A27: 2.2 | B27: SINAPI | C27: 90776 | D27: ENCARREGADO GERAL, COM ENCARGOS SOCIAIS (1 ENCARREGADO X 8 H/DIA X 5,5 DIAS/SEM X 4 SEM/MÊS X 5 MESES) | E27: H | F27: =1*8*5.5*4*4 -> 704 | G27: =VLOOKUP('LOTE 01-ORÇAMENTO'!$C27,Tabela5[#All],5,0) -> 65.38 | H27: =TRUNC(IF(J27="BDI 1",G27*(1+$Z$1),IF(J27="BDI 2",G27*(1+$Z$2),IF(J27="",0))),2) -> 83.83 | I27: =ROUND(ROUND(F27,2)*ROUND(H27,2),2) -> 59016.32 | J27: BDI 1 | AA27: =F27*H27 -> 59016.32 | AC27: =H27*F27 -> 59016.32
A28: 2.3 | B28: SINAPI | C28: 40943 | D28: TECNICO EM SEGURANCA DO TRABALHO (4 H/DIA X 5,5 DIAS/SEM X 4 SEM/MÊS X 5 MESES) | E28: H | F28: =4*5.5*4*4 -> 352 | G28: =VLOOKUP('LOTE 01-ORÇAMENTO'!$C28,Tabela5[#All],5,0) -> 36.59 | H28: =TRUNC(IF(J28="BDI 1",G28*(1+$Z$1),IF(J28="BDI 2",G28*(1+$Z$2),IF(J28="",0))),2) -> 46.91 | I28: =ROUND(ROUND(F28,2)*ROUND(H28,2),2) -> 16512.32 | J28: BDI 1 | AA28: =F28*H28 -> 16512.32 | AC28: =H28*F28 -> 16512.32
A29: 2.4 | B29: SUDECAP | C29: 551096 | D29: VIGIA NOTURNO COM ENCARGOS COMPLEMENTARES (2 VIGIAS X 12 H/DIA X 7 DIAS/SEM X 4 SEM/MÊS X 5 MESES) | E29: H | F29: =1*12*7*4*4 -> 1344 | G29: =VLOOKUP('LOTE 01-ORÇAMENTO'!$C29,BASE_PREÇOS!$A$20401:$F$23990,5,0) -> 30.55 | H29: =TRUNC(IF(J29="BDI 1",G29*(1+$Z$1),IF(J29="BDI 2",G29*(1+$Z$2),IF(J29="",0))),2) -> 39.17 | I29: =ROUND(ROUND(F29,2)*ROUND(H29,2),2) -> 52644.48 | J29: BDI 1 | AA29: =F29*H29 -> 52644.48 | AC29: =H29*F29 -> 52644.48
A30: 3 | D30: IDENTIFICAÇÃO DA OBRA | I30: =SUBTOTAL(9,I31) -> 1478.7 | X30: =SUM(AA31) -> 1478.7 | Z30: =X30 -> 1478.7 | AA30: =F30*H30 -> 0 | AC30: =H30*F30 -> 0
A31: 3.1 | B31: SICOR | C31: ED-28427 | D31: FORNECIMENTO E COLOCAÇÃO DE PLACA DE OBRA EM CHAPA GALVANIZADA #26, ESP. 0,45MM, DIMENSÃO 3x1,5 M, PLOTADA COM ADESIVO VINÍLICO, AFIXADA COM REBITES 4,8x40MM, EM ESTRUTURA METÁLICA DE METALON 20x20MM, ESP. 1,25MM, INCLUSIVE SUPORTE EM EUCALIPTO AUTOCLAVADO PINTADO COM TINTA PVA DUAS (2) DEMÃOS | E31: UNID | F31: 1 | G31: =VLOOKUP('LOTE 01-ORÇAMENTO'!$C31,Tabela5[#All],5,0) -> 1153.26 | H31: =TRUNC(IF(J31="BDI 1",G31*(1+$Z$1),IF(J31="BDI 2",G31*(1+$Z$2),IF(J31="",0))),2) -> 1478.7 | I31: =ROUND(ROUND(F31,2)*ROUND(H31,2),2) -> 1478.7 | J31: BDI 1 | AA31: =F31*H31 -> 1478.7 | AC31: =H31*F31 -> 1478.7
A32: 4 | D32: RESERVATÓRIO ESTRELA DO SUL | I32: =SUBTOTAL(9,I33:I211) -> 654207.8 | AA32: =F32*H32 -> 0 | AC32: =H32*F32 -> 0
A33: 4.1 | D33: DEMOLIÇÕES E REMOÇÕES | I33: =SUBTOTAL(9,I34:I38) -> 48897 | AA33: =F33*H33 -> 0 | AC33: =H33*F33 -> 0
A34: 4.1.1 | B34: SICOR | C34: ED-48445 | D34: DEMOLIÇÃO MECANIZADA DE CONCRETO ARMADO, COM EQUIPAMENTO PNEUMÁTICO, INCLUSIVE AFASTAMENTO E EMPILHAMENTO, EXCLUSIVE TRANSPORTE E RETIRADA DO MATERIAL DEMOLIDO | E34: M³ | F34: =ROUNDUP((((PI()*15)*0.25*0.5)+(((PI()*15^2)/4)*0.2))+((8.5*4*0.25*0.5)+(8.5*8.5*0.2)),0) -> 60 | G34: =VLOOKUP('LOTE 01-ORÇAMENTO'!$C34,Tabela5[#All],5,0) -> 347.08 | H34: =TRUNC(IF(J34="BDI 1",G34*(1+$Z$1),IF(J34="BDI 2",G34*(1+$Z$2),IF(J34="",0))),2) -> 445.02 | I34: =ROUND(ROUND(F34,2)*ROUND(H34,2),2) -> 26701.2 | J34: BDI 1 | AA34: 7963.13 | AC34: =H34*F34 -> 26701.2
A35: 4.1.2 | B35: SICOR | C35: ED-48441 | D35: DEMOLIÇÃO MANUAL DE CONCRETO ARMADO, INCLUSIVE AFASTAMENTO E EMPILHAMENTO, EXCLUSIVE TRANSPORTE E RETIRADA DO MATERIAL DEMOLIDO | E35: M³ | F35: =ROUNDUP(F34*25%,0) -> 15 | G35: =VLOOKUP('LOTE 01-ORÇAMENTO'!$C35,Tabela5[#All],5,0) -> 498.69 | H35: =TRUNC(IF(J35="BDI 1",G35*(1+$Z$1),IF(J35="BDI 2",G35*(1+$Z$2),IF(J35="",0))),2) -> 639.42 | I35: =ROUND(ROUND(F35,2)*ROUND(H35,2),2) -> 9591.3 | J35: BDI 1
A36: 4.1.3 | B36: SINAPI | C36: 100982 | D36: CARGA, MANOBRA E DESCARGA DE ENTULHO EM CAMINHÃO BASCULANTE 10 M³ - CARGA COM ESCAVADEIRA HIDRÁULICA (CAÇAMBA DE 0,80 M³ / 111 HP) E DESCARGA LIVRE (UNIDADE: M3) | E36: M³ | F36: =(F34+F35)*1.5 -> 112.5 | G36: =VLOOKUP('LOTE 01-ORÇAMENTO'!$C36,Tabela5[#All],5,0) -> 9.08 | H36: =TRUNC(IF(J36="BDI 1",G36*(1+$Z$1),IF(J36="BDI 2",G36*(1+$Z$2),IF(J36="",0))),2) -> 11.64 | I36: =ROUND(ROUND(F36,2)*ROUND(H36,2),2) -> 1309.5 | J36: BDI 1 | AA36: 6915.04 | AC36: =H36*F36 -> 1309.5
A37: 4.1.4 | B37: SINAPI | C37: 95875 | D37: TRANSPORTE COM CAMINHÃO BASCULANTE DE 10 M³, EM VIA URBANA PAVIMENTADA, DMT ATÉ 30 KM (UNIDADE: M3XKM) | E37: M³xKM | F37: =F36*20 -> 2250 | G37: =VLOOKUP('LOTE 01-ORÇAMENTO'!$C37,Tabela5[#All],5,0) -> 2.49 | H37: =TRUNC(IF(J37="BDI 1",G37*(1+$Z$1),IF(J37="BDI 2",G37*(1+$Z$2),IF(J37="",0))),2) -> 3.19 | I37: =ROUND(ROUND(F37,2)*ROUND(H37,2),2) -> 7177.5 | J37: BDI 1 | AA37: 16092.59 | AC37: =H37*F37 -> 7177.5
A38: 4.1.5 | B38: SINAPI | C38: 100574 | D38: ESPALHAMENTO DE MATERIAL COM TRATOR DE ESTEIRAS | E38: M³ | F38: =F37 -> 2250 | G38: =VLOOKUP('LOTE 01-ORÇAMENTO'!$C38,Tabela5[#All],5,0) -> 1.43 | H38: =TRUNC(IF(J38="BDI 1",G38*(1+$Z$1),IF(J38="BDI 2",G38*(1+$Z$2),IF(J38="",0))),2) -> 1.83 | I38: =ROUND(ROUND(F38,2)*ROUND(H38,2),2) -> 4117.5 | J38: BDI 1 | AA38: 1067.67 | AC38: =H38*F38 -> 4117.5
A39: 4.2 | D39: TERRAPLENAGEM ÁREA DO RESERVATÓRIO | I39: =SUBTOTAL(9,I40:I43) -> 121459.71 | X39: =SUM(AA40:AA43) -> 65878.81 | Z39: =X39 -> 65878.81 | AA39: =F39*H39 -> 0 | AC39: =H39*F39 -> 0
A40: 4.2.1 | B40: COPASA | C40: 65000196 | D40: ESCAVACAO MECANICA DE MATERIAL DE PRIMEIRA CATEGORIA | E40: M³ | F40: =ROUNDUP((((((PI()*15^2)/4)*3)+(8.5*8.5*2.5)+(450*0.2))*1.3),0) -> 1041 | G40: =VLOOKUP('LOTE 01-ORÇAMENTO'!$C40,Tabela5[#All],5,0) -> 6.68 | H40: =TRUNC(IF(J40="BDI 1",G40*(1+$Z$1),IF(J40="BDI 2",G40*(1+$Z$2),IF(J40="",0))),2) -> 8.56 | I40: =ROUND(ROUND(F40,2)*ROUND(H40,2),2) -> 8910.96 | J40: BDI 1 | AA40: 8786.78 | AC40: =H40*F40 -> 8910.96
A41: 4.2.2 | B41: SINAPI | C41: 100973 | D41: CARGA E DESCARGA MECANICA DE SOLO UTILIZANDO CAMINHAO BASCULANTE 6,0M3/16T E PA CARREGADEIRA SOBRE PNEUS 128 HP, CAPACIDADE DA CAÇAMBA 1,7 A 2,8 M3, PESO OPERACIONAL 11632 KG | E41: M³ | F41: =F40*1.3 -> 1353.3 | G41: =VLOOKUP('LOTE 01-ORÇAMENTO'!$C41,Tabela5[#All],5,0) -> 8.95 | H41: =TRUNC(IF(J41="BDI 1",G41*(1+$Z$1),IF(J41="BDI 2",G41*(1+$Z$2),IF(J41="",0))),2) -> 11.47 | I41: =ROUND(ROUND(F41,2)*ROUND(H41,2),2) -> 15522.35 | J41: BDI 1
A42: 4.2.3 | B42: SINAPI | C42: 95875 | D42: TRANSPORTE COM CAMINHÃO BASCULANTE DE 10 M³, EM VIA URBANA PAVIMENTADA, DMT ATÉ 30 KM (UNIDADE: M3XKM) | E42: M³XKM | F42: =F41*15 -> 20299.5 | G42: =VLOOKUP('LOTE 01-ORÇAMENTO'!$C42,Tabela5[#All],5,0) -> 2.49 | H42: =TRUNC(IF(J42="BDI 1",G42*(1+$Z$1),IF(J42="BDI 2",G42*(1+$Z$2),IF(J42="",0))),2) -> 3.19 | I42: =ROUND(ROUND(F42,2)*ROUND(H42,2),1) -> 64755.4 | J42: BDI 1 | AA42: 57092.03 | AC42: =H42*F42 -> 64755.405
A43: 4.2.4 | B43: SUDECAP | C43: 403231 | D43: REATERRO COMPACTADO COM PLACA VIBRATORIA | E43: M3 | F43: =F40 -> 1041 | G43: =VLOOKUP('LOTE 01-ORÇAMENTO'!$C43,BASE_PREÇOS!$A$20401:$F$23990,5,0) -> 24.18 | H43: =TRUNC(IF(J43="BDI 1",G43*(1+$Z$1),IF(J43="BDI 2",G43*(1+$Z$2),IF(J43="",0))),2) -> 31 | I43: =ROUND(ROUND(F43,2)*ROUND(H43,2),2) -> 32271 | J43: BDI 1
A44: 4.3 | D44: MUROS DE ARRIMO | I44: =SUBTOTAL(9,I45:I84) -> 126522.47
A45: 4.3.1 | D45: ESTACAS | I45: =SUBTOTAL(9,I46:I49) -> 17481.44 | M45: área | N45: estaca (unid) | O45: estaca (m) | P45: blocos | Q45: pilar (unid) | R45: pilar (m) | S45: baldrame (m) | T45: viga (m)
A46: 4.3.1.1 | B46: SINAPI | C46: 101176 | D46: ESTACA BROCA DE CONCRETO, FCK 20 MPA, DIÂMETRO DE 30 CM, ESCAVAÇÃO MANUAL COM TRADO CONCHA, INTEIRAMENTE ARMADA COM AÇO DE 12,5 MM E 5,0 MM | E46: M | F46: =ROUNDUP((52.5/1.3)*2*1.1,1) -> 88.9 | G46: =VLOOKUP('LOTE 01-ORÇAMENTO'!$C46,Tabela5[#All],5,0) -> 147.82 | H46: =TRUNC(IF(J46="BDI 1",G46*(1+$Z$1),IF(J46="BDI 2",G46*(1+$Z$2),IF(J46="",0))),2) -> 189.53 | I46: =ROUND(ROUND(F46,2)*ROUND(H46,2),2) -> 16849.22 | J46: BDI 1 | L46: 15 | M46: =2*L46/2 -> 15 | N46: =L46/1.3 -> 11.538462 | O46: =N46*2 -> 23.076923 | P46: =N46 -> 11.538462 | Q46: =P46 -> 11.538462 | R46: =Q46*2 -> 23.076923 | S46: =L46 -> 15 | T46: =L46*2 -> 30
A47: 4.3.1.4 | B47: SINAPI | C47: 100973 | D47: CARGA E DESCARGA MECANICA DE SOLO UTILIZANDO CAMINHAO BASCULANTE 6,0M3/16T E PA CARREGADEIRA SOBRE PNEUS 128 HP, CAPACIDADE DA CAÇAMBA 1,7 A 2,8 M3, PESO OPERACIONAL 11632 KG | E47: M³ | F47: =ROUNDUP(F46*((PI()*0.3^2)/4)*1.3,1) -> 8.2 | G47: =VLOOKUP('LOTE 01-ORÇAMENTO'!$C47,Tabela5[#All],5,0) -> 8.95 | H47: =TRUNC(IF(J47="BDI 1",G47*(1+$Z$1),IF(J47="BDI 2",G47*(1+$Z$2),IF(J47="",0))),2) -> 11.47 | I47: =ROUND(ROUND(F47,2)*ROUND(H47,2),2) -> 94.05 | J47: BDI 1 | L47: 25 | M47: =L47*2 -> 50 | N47: =L47/1.3 -> 19.230769 | O47: =N47*2 -> 38.461538 | P47: =N47 -> 19.230769 | Q47: =P47 -> 19.230769 | R47: =Q47*2 -> 38.461538 | S47: =L47 -> 25 | T47: =L47*2 -> 50
A48: 4.3.1.5 | B48: SINAPI | C48: 95875 | D48: TRANSPORTE COM CAMINHÃO BASCULANTE DE 10 M³, EM VIA URBANA PAVIMENTADA, DMT ATÉ 30 KM (UNIDADE: M3XKM) | E48: M³xKM | F48: =F47*20 -> 164 | G48: =VLOOKUP('LOTE 01-ORÇAMENTO'!$C48,Tabela5[#All],5,0) -> 2.49 | H48: =TRUNC(IF(J48="BDI 1",G48*(1+$Z$1),IF(J48="BDI 2",G48*(1+$Z$2),IF(J48="",0))),2) -> 3.19 | I48: =ROUND(ROUND(F48,2)*ROUND(H48,2),2) -> 523.16 | J48: BDI 1 | L48: 12.5 | M48: =L48*2/2 -> 12.5 | N48: =L48/1.3 -> 9.6153846 | O48: =N48*2 -> 19.230769 | P48: =N48 -> 9.6153846 | Q48: =P48 -> 9.6153846 | R48: =Q48*2 -> 19.230769 | S48: =L48 -> 12.5 | T48: =L48*2 -> 25
A49: 4.3.1.6 | B49: SINAPI | C49: 100574 | D49: ESPALHAMENTO DE MATERIAL COM TRATOR DE ESTEIRAS | E49: M³ | F49: =F47 -> 8.2 | G49: =VLOOKUP('LOTE 01-ORÇAMENTO'!$C49,Tabela5[#All],5,0) -> 1.43 | H49: =TRUNC(IF(J49="BDI 1",G49*(1+$Z$1),IF(J49="BDI 2",G49*(1+$Z$2),IF(J49="",0))),2) -> 1.83 | I49: =ROUND(ROUND(F49,2)*ROUND(H49,2),2) -> 15.01 | J49: BDI 1 | L49: =SUM(L46:L48) -> 52.5 | M49: =SUM(M46:M48) -> 77.5 | N49: =SUM(N46:N48) -> 40.384615 | O49: =SUM(O46:O48) -> 80.769231 | P49: =SUM(P46:P48) -> 40.384615 | Q49: =SUM(Q46:Q48) -> 40.384615 | R49: =SUM(R46:R48) -> 80.769231 | S49: =SUM(S46:S48) -> 52.5 | T49: =SUM(T46:T48) -> 105
A50: 4.3.2 | D50: BLOCOS DE FUNDAÇÃO | I50: =SUBTOTAL(9,I51:I57) -> 15982.67
A51: 4.3.2.1 | B51: SINAPI | C51: 96522 | D51: ESCAVAÇÃO MANUAL PARA BLOCO DE COROAMENTO OU SAPATA, SEM PREVISÃO DE FÔRMA | E51: M³ | F51: =ROUNDUP(41*0.5*0.7*0.55,1) -> 7.9 | G51: =VLOOKUP('LOTE 01-ORÇAMENTO'!$C51,Tabela5[#All],5,0) -> 141.03 | H51: =TRUNC(IF(J51="BDI 1",G51*(1+$Z$1),IF(J51="BDI 2",G51*(1+$Z$2),IF(J51="",0))),2) -> 180.82 | I51: =ROUND(ROUND(F51,2)*ROUND(H51,2),2) -> 1428.48 | J51: BDI 1
A52: 4.3.2.2 | B52: SINAPI | C52: 100973 | D52: CARGA E DESCARGA MECANICA DE SOLO UTILIZANDO CAMINHAO BASCULANTE 6,0M3/16T E PA CARREGADEIRA SOBRE PNEUS 128 HP, CAPACIDADE DA CAÇAMBA 1,7 A 2,8 M3, PESO OPERACIONAL 11632 KG | E52: M³ | F52: =F51*1.3 -> 10.27 | G52: =VLOOKUP('LOTE 01-ORÇAMENTO'!$C52,Tabela5[#All],5,0) -> 8.95 | H52: =TRUNC(IF(J52="BDI 1",G52*(1+$Z$1),IF(J52="BDI 2",G52*(1+$Z$2),IF(J52="",0))),2) -> 11.47 | I52: =ROUND(ROUND(F52,2)*ROUND(H52,2),2) -> 117.8 | J52: BDI 1
A53: 4.3.2.3 | B53: SINAPI | C53: 95875 | D53: TRANSPORTE COM CAMINHÃO BASCULANTE DE 10 M³, EM VIA URBANA PAVIMENTADA, DMT ATÉ 30 KM (UNIDADE: M3XKM) | E53: M³xKM | F53: =F52*20 -> 205.4 | G53: =VLOOKUP('LOTE 01-ORÇAMENTO'!$C53,Tabela5[#All],5,0) -> 2.49 | H53: =TRUNC(IF(J53="BDI 1",G53*(1+$Z$1),IF(J53="BDI 2",G53*(1+$Z$2),IF(J53="",0))),2) -> 3.19 | I53: =ROUND(ROUND(F53,2)*ROUND(H53,2),2) -> 655.23 | J53: BDI 1
A54: 4.3.2.4 | B54: SINAPI | C54: 100574 | D54: ESPALHAMENTO DE MATERIAL COM TRATOR DE ESTEIRAS | E54: M³ | F54: =F52 -> 10.27 | G54: =VLOOKUP('LOTE 01-ORÇAMENTO'!$C54,Tabela5[#All],5,0) -> 1.43 | H54: =TRUNC(IF(J54="BDI 1",G54*(1+$Z$1),IF(J54="BDI 2",G54*(1+$Z$2),IF(J54="",0))),2) -> 1.83 | I54: =ROUND(ROUND(F54,2)*ROUND(H54,2),2) -> 18.79 | J54: BDI 1
A55: 4.3.2.5 | B55: SINAPI | C55: 96616 | D55: LASTRO DE CONCRETO MAGRO, APLICADO EM BLOCOS DE COROAMENTO OU SAPATAS | E55: M³ | F55: =ROUNDUP(41*0.5*0.7*0.05,1) -> 0.8 | G55: =VLOOKUP('LOTE 01-ORÇAMENTO'!$C55,Tabela5[#All],5,0) -> 884.51 | H55: =TRUNC(IF(J55="BDI 1",G55*(1+$Z$1),IF(J55="BDI 2",G55*(1+$Z$2),IF(J55="",0))),2) -> 1134.11 | I55: =ROUND(ROUND(F55,2)*ROUND(H55,2),2) -> 907.29 | J55: BDI 1
A56: 4.3.2.6 | B56: SINAPI | C56: 96557 | D56: CONCRETAGEM DE BLOCOS DE COROAMENTO E VIGAS BALDRAMES, COM CONCRETO USINADO, CLASSE DE RESISTENCIA C30, BRITA 0 E 1, SLUMP = 100 +/- 20 MM, COM BOMBEAMENTO, LANÇAMENTO, ADENSAMENTO E ACABAMENTO | E56: M³ | F56: =ROUNDUP(41*0.5*0.7*0.5,1) -> 7.2 | G56: =VLOOKUP('LOTE 01-ORÇAMENTO'!$C56,Tabela5[#All],5,0) -> 754.54 | H56: =TRUNC(IF(J56="BDI 1",G56*(1+$Z$1),IF(J56="BDI 2",G56*(1+$Z$2),IF(J56="",0))),2) -> 967.47 | I56: =ROUND(ROUND(F56,2)*ROUND(H56,2),2) -> 6965.78 | J56: BDI 1
A57: 4.3.2.7 | B57: SINAPI | C57: 96545 | D57: ARMAÇÃO DE BLOCO, VIGA BALDRAME OU SAPATA UTILIZANDO AÇO CA-50 DE 8 MM - MONTAGEM | E57: KG | F57: =ROUNDUP(41*((6*1.4)+(8*1.2))*0.397,1) -> 293 | G57: =VLOOKUP('LOTE 01-ORÇAMENTO'!$C57,Tabela5[#All],5,0) -> 15.68 | H57: =TRUNC(IF(J57="BDI 1",G57*(1+$Z$1),IF(J57="BDI 2",G57*(1+$Z$2),IF(J57="",0))),2) -> 20.1 | I57: =ROUND(ROUND(F57,2)*ROUND(H57,2),2) -> 5889.3 | J57: BDI 1
A58: 4.3.3 | D58: VIGAS BALDRAMES | I58: =SUBTOTAL(9,I59:I65) -> 5896.42
A59: 4.3.3.1 | B59: SINAPI | C59: 96526 | D59: ESCAVAÇÃO MANUAL DE VALA PARA VIGA BALDRAME, SEM PREVISÃO DE FÔRMA | E59: M³ | F59: =ROUNDUP((52.5-(41*0.5))*0.2*0.2,1) -> 1.3 | G59: =VLOOKUP('LOTE 01-ORÇAMENTO'!$C59,Tabela5[#All],5,0) -> 202.28 | H59: =TRUNC(IF(J59="BDI 1",G59*(1+$Z$1),IF(J59="BDI 2",G59*(1+$Z$2),IF(J59="",0))),2) -> 259.36 | I59: =ROUND(ROUND(F59,2)*ROUND(H59,2),2) -> 337.17 | J59: BDI 1
A60: 4.3.3.2 | B60: SINAPI | C60: 100973 | D60: CARGA E DESCARGA MECANICA DE SOLO UTILIZANDO CAMINHAO BASCULANTE 6,0M3/16T E PA CARREGADEIRA SOBRE PNEUS 128 HP, CAPACIDADE DA CAÇAMBA 1,7 A 2,8 M3, PESO OPERACIONAL 11632 KG | E60: M³ | F60: =F59*1.3 -> 1.69 | G60: =VLOOKUP('LOTE 01-ORÇAMENTO'!$C60,Tabela5[#All],5,0) -> 8.95 | H60: =TRUNC(IF(J60="BDI 1",G60*(1+$Z$1),IF(J60="BDI 2",G60*(1+$Z$2),IF(J60="",0))),2) -> 11.47 | I60: =ROUND(ROUND(F60,2)*ROUND(H60,2),2) -> 19.38 | J60: BDI 1
A61: 4.3.3.3 | B61: SINAPI | C61: 95875 | D61: TRANSPORTE COM CAMINHÃO BASCULANTE DE 10 M³, EM VIA URBANA PAVIMENTADA, DMT ATÉ 30 KM (UNIDADE: M3XKM) | E61: M³xKM | F61: =F60*20 -> 33.8 | G61: =VLOOKUP('LOTE 01-ORÇAMENTO'!$C61,Tabela5[#All],5,0) -> 2.49 | H61: =TRUNC(IF(J61="BDI 1",G61*(1+$Z$1),IF(J61="BDI 2",G61*(1+$Z$2),IF(J61="",0))),2) -> 3.19 | I61: =ROUND(ROUND(F61,2)*ROUND(H61,2),2) -> 107.82 | J61: BDI 1
A62: 4.3.3.4 | B62: SINAPI | C62: 100574 | D62: ESPALHAMENTO DE MATERIAL COM TRATOR DE ESTEIRAS | E62: M³ | F62: =F60 -> 1.69 | G62: =VLOOKUP('LOTE 01-ORÇAMENTO'!$C62,Tabela5[#All],5,0) -> 1.43 | H62: =TRUNC(IF(J62="BDI 1",G62*(1+$Z$1),IF(J62="BDI 2",G62*(1+$Z$2),IF(J62="",0))),2) -> 1.83 | I62: =ROUND(ROUND(F62,2)*ROUND(H62,2),2) -> 3.09 | J62: BDI 1
A63: 4.3.3.5 | B63: SINAPI | C63: 96616 | D63: LASTRO DE CONCRETO MAGRO, APLICADO EM BLOCOS DE COROAMENTO OU SAPATAS | E63: M³ | F63: =ROUNDUP((52.5-(41*0.5))*0.2*0.05,1) -> 0.4 | G63: =VLOOKUP('LOTE 01-ORÇAMENTO'!$C63,Tabela5[#All],5,0) -> 884.51 | H63: =TRUNC(IF(J63="BDI 1",G63*(1+$Z$1),IF(J63="BDI 2",G63*(1+$Z$2),IF(J63="",0))),2) -> 1134.11 | I63: =ROUND(ROUND(F63,2)*ROUND(H63,2),2) -> 453.64 | J63: BDI 1
A64: 4.3.3.6 | B64: SINAPI | C64: 96557 | D64: CONCRETAGEM DE BLOCOS DE COROAMENTO E VIGAS BALDRAMES, FCK 30 MPA, COM USO DE BOMBA  LANÇAMENTO, ADENSAMENTO E ACABAMENTO | E64: M³ | F64: =ROUNDUP(52.5*0.2*0.2,1) -> 2.1 | G64: =VLOOKUP('LOTE 01-ORÇAMENTO'!$C64,Tabela5[#All],5,0) -> 754.54 | H64: =TRUNC(IF(J64="BDI 1",G64*(1+$Z$1),IF(J64="BDI 2",G64*(1+$Z$2),IF(J64="",0))),2) -> 967.47 | I64: =ROUND(ROUND(F64,2)*ROUND(H64,2),2) -> 2031.69 | J64: BDI 1
A65: 4.3.3.7 | B65: SINAPI | C65: 96546 | D65: ARMAÇÃO DE BLOCO, VIGA BALDRAME OU SAPATA UTILIZANDO AÇO CA-50 DE 10 MM - MONTAGEM | E65: KG | F65: =ROUNDUP((52.5*4*0.617)+(350*0.72*0.154),1) -> 168.4 | G65: =VLOOKUP('LOTE 01-ORÇAMENTO'!$C65,Tabela5[#All],5,0) -> 13.64 | H65: =TRUNC(IF(J65="BDI 1",G65*(1+$Z$1),IF(J65="BDI 2",G65*(1+$Z$2),IF(J65="",0))),2) -> 17.48 | I65: =ROUND(ROUND(F65,2)*ROUND(H65,2),2) -> 2943.63 | J65: BDI 1
A66: 4.3.4 | D66: PILARES | I66: =SUBTOTAL(9,I67:I69) -> 13165.34
A67: 4.3.4.1 | B67: SINAPI | C67: 92419 | D67: MONTAGEM E DESMONTAGEM DE FÔRMA DE PILARES RETANGULARES E ESTRUTURAS SIMILARES, PÉ-DIREITO SIMPLES, EM CHAPA DE MADEIRA COMPENSADA RESINADA, 4 UTILIZAÇÕES | E67: M² | F67: =ROUNDUP(41*0.2*4*2,1) -> 65.6 | G67: =VLOOKUP('LOTE 01-ORÇAMENTO'!$C67,Tabela5[#All],5,0) -> 87.69 | H67: =TRUNC(IF(J67="BDI 1",G67*(1+$Z$1),IF(J67="BDI 2",G67*(1+$Z$2),IF(J67="",0))),2) -> 112.43 | I67: =ROUND(ROUND(F67,2)*ROUND(H67,2),2) -> 7375.41 | J67: BDI 1
A68: 4.3.4.2 | B68: SINAPI | C68: 103672 | D68: CONCRETAGEM DE PILARES, COM CONCRETO USINADO BOMBEAVEL, CLASSE DE RESISTENCIA C25, BRITA 0 E 1, SLUMP = 100 +/- 20 MM, COM USO DE BOMBA, LANÇAMENTO, ADENSAMENTO E ACABAMENTO | E68: M³ | F68: =ROUNDUP(41*0.2*0.2*2,1) -> 3.3 | G68: =VLOOKUP('LOTE 01-ORÇAMENTO'!$C68,Tabela5[#All],5,0) -> 679.9 | H68: =TRUNC(IF(J68="BDI 1",G68*(1+$Z$1),IF(J68="BDI 2",G68*(1+$Z$2),IF(J68="",0))),2) -> 871.76 | I68: =ROUND(ROUND(F68,2)*ROUND(H68,2),2) -> 2876.81 | J68: BDI 1
A69: 4.3.4.4 | B69: SINAPI | C69: 92761 | D69: ARMAÇÃO DE PILAR OU VIGA DE ESTRUTURA CONVENCIONAL DE CONCRETO ARMADO UTILIZANDO AÇO CA-50 DE 8,0 MM - MONTAGEM | E69: KG | F69: =ROUNDUP(41*((2*4*0.397)+(14*0.68*0.154)),1) -> 190.4 | G69: =VLOOKUP('LOTE 01-ORÇAMENTO'!$C69,Tabela5[#All],5,0) -> 11.94 | H69: =TRUNC(IF(J69="BDI 1",G69*(1+$Z$1),IF(J69="BDI 2",G69*(1+$Z$2),IF(J69="",0))),2) -> 15.3 | I69: =ROUND(ROUND(F69,2)*ROUND(H69,2),2) -> 2913.12 | J69: BDI 1
A70: 4.3.5 | D70: VIGAS | I70: =SUBTOTAL(9,I71:I73) -> 19434.22
A71: 4.3.5.1 | B71: SINAPI | C71: 92456 | D71: MONTAGEM E DESMONTAGEM DE FÔRMA DE VIGA, ESCORAMENTO METÁLICO, PÉ-DIREITO SIMPLES, EM CHAPA DE MADEIRA RESINADA, 4 UTILIZAÇÕES | E71: M² | F71: =ROUNDUP((105*0.2*3),1) -> 63 | G71: =VLOOKUP('LOTE 01-ORÇAMENTO'!$C71,Tabela5[#All],5,0) -> 148.27 | H71: =TRUNC(IF(J71="BDI 1",G71*(1+$Z$1),IF(J71="BDI 2",G71*(1+$Z$2),IF(J71="",0))),2) -> 190.11 | I71: =ROUND(ROUND(F71,2)*ROUND(H71,2),2) -> 11976.93 | J71: BDI 1
A72: 4.3.5.2 | B72: SINAPI | C72: 103675 | D72: CONCRETAGEM DE VIGAS COM CONCRETO USINADO BOMBEAVEL, CLASSE DE RESISTENCIA C25, BRITA 0 E 1, SLUMP = 100 +/- 20 MM, COM USO DE BOMBA, LANÇAMENTO, ADENSAMENTO E ACABAMENTO | E72: M³ | F72: =ROUNDUP((105*0.2*0.2)-(41*(0.2*0.2*0.2)),1) -> 3.9 | G72: =VLOOKUP('LOTE 01-ORÇAMENTO'!$C72,Tabela5[#All],5,0) -> 681.42 | H72: =TRUNC(IF(J72="BDI 1",G72*(1+$Z$1),IF(J72="BDI 2",G72*(1+$Z$2),IF(J72="",0))),2) -> 873.71 | I72: =ROUND(ROUND(F72,2)*ROUND(H72,2),2) -> 3407.47 | J72: BDI 1
A73: 4.3.5.3 | B73: SINAPI | C73: 92762 | D73: ARMAÇÃO DE PILAR OU VIGA DE ESTRUTURA CONVENCIONAL DE CONCRETO ARMADO UTILIZANDO AÇO CA-50 DE 10,0 MM - MONTAGEM | E73: KG | F73: =ROUNDUP((2*52.5*4*0.617)+(350*0.72*0.154),1) -> 298 | G73: =VLOOKUP('LOTE 01-ORÇAMENTO'!$C73,Tabela5[#All],5,0) -> 10.6 | H73: =TRUNC(IF(J73="BDI 1",G73*(1+$Z$1),IF(J73="BDI 2",G73*(1+$Z$2),IF(J73="",0))),2) -> 13.59 | I73: =ROUND(ROUND(F73,2)*ROUND(H73,2),2) -> 4049.82 | J73: BDI 1
A74: 4.3.6 | D74: ALVENARIA COM BLOCO CHEIO | I74: =SUBTOTAL(9,I75:I78) -> 27948.95
A75: 4.3.6.1 | B75: SUDECAP | C75: 70603 | D75: ALVENARIA DE BLOCOS DE CONCRETO ESTRUTURAL 4,5 MPA DE 19X19X39 CM (ESPESSURA 19 CM) | E75: M² | F75: =ROUNDUP(40*2*0.8*1.3,1) -> 83.2 | G75: =VLOOKUP('LOTE 01-ORÇAMENTO'!$C75,Tabela5[#All],5,0) -> 91.1 | H75: =TRUNC(IF(J75="BDI 1",G75*(1+$Z$1),IF(J75="BDI 2",G75*(1+$Z$2),IF(J75="",0))),2) -> 116.8 | I75: =ROUND(ROUND(F75,2)*ROUND(H75,2),2) -> 9717.76 | J75: BDI 1
A76: 4.3.6.2 | B76: SINAPI | C76: 89993 | D76: GRAUTEAMENTO VERTICAL EM ALVENARIA ESTRUTURAL | E76: M³ | F76: =ROUNDUP((F75/(0.19*0.39)*(0.11*0.11*0.19*2)),1) -> 5.2 | G76: =VLOOKUP('LOTE 01-ORÇAMENTO'!$C76,Tabela5[#All],5,0) -> 1112.24 | H76: =TRUNC(IF(J76="BDI 1",G76*(1+$Z$1),IF(J76="BDI 2",G76*(1+$Z$2),IF(J76="",0))),2) -> 1426.11 | I76: =ROUND(ROUND(F76,2)*ROUND(H76,2),2) -> 7415.77 | J76: BDI 1
A77: 4.3.6.3 | B77: SINAPI | C77: 87894 | D77: CHAPISCO APLICADO EM ALVENARIA (SEM PRESENÇA DE VÃOS) E ESTRUTURAS DE CONCRETO DE FACHADA, COM COLHER DE PEDREIRO. ARGAMASSA TRAÇO 1:3 COM PREPARO EM BETONEIRA 400L | E77: M² | F77: =ROUNDUP(52.5*2*1.1,1) -> 115.5 | G77: =VLOOKUP('LOTE 01-ORÇAMENTO'!$C77,Tabela5[#All],5,0) -> 7.18 | H77: =TRUNC(IF(J77="BDI 1",G77*(1+$Z$1),IF(J77="BDI 2",G77*(1+$Z$2),IF(J77="",0))),2) -> 9.2 | I77: =ROUND(ROUND(F77,2)*ROUND(H77,2),2) -> 1062.6 | J77: BDI 1
A78: 4.3.6.4 | B78: SINAPI | C78: 87801 | D78: EMBOÇO OU MASSA ÚNICA EM ARGAMASSA TRAÇO 1:2:8, PREPARO MECÂNICO COM BETONEIRA 400 L, APLICADA MANUALMENTE EM PANOS CEGOS DE FACHADA (SEM PRESENÇA DE VÃOS), ESPESSURA DE 45 MM | E78: M² | F78: =F77 -> 115.5 | G78: =VLOOKUP('LOTE 01-ORÇAMENTO'!$C78,Tabela5[#All],5,0) -> 65.86 | H78: =TRUNC(IF(J78="BDI 1",G78*(1+$Z$1),IF(J78="BDI 2",G78*(1+$Z$2),IF(J78="",0))),2) -> 84.44 | I78: =ROUND(ROUND(F78,2)*ROUND(H78,2),2) -> 9752.82 | J78: BDI 1
A79: 4.3.7 | D79: DRENAGEM | I79: =SUBTOTAL(9,I80:I84) -> 26613.43
A80: 4.3.7.1 | B80: SINAPI | C80: 94342 | D80: ATERRO MANUAL DE VALAS COM AREIA PARA ATERRO E COMPACTAÇÃO MECANIZADA | E80: M³ | F80: =ROUNDUP((52.5*0.5*2),1) -> 52.5 | G80: =VLOOKUP('LOTE 01-ORÇAMENTO'!$C80,Tabela5[#All],5,0) -> 145.6 | H80: =TRUNC(IF(J80="BDI 1",G80*(1+$Z$1),IF(J80="BDI 2",G80*(1+$Z$2),IF(J80="",0))),2) -> 186.68 | I80: =ROUND(ROUND(F80,2)*ROUND(H80,2),2) -> 9800.7 | J80: BDI 1
A81: 4.3.7.2 | B81: SUDECAP | C81: 51206 | D81: DRENO BARBACÃ, DN 50MM, COM MATERIAL DRENANTE (BRITA E MANTA GEOTEXTIL), COMPRIMENTO 50CM | E81: UNID | F81: =ROUNDUP((F75/(0.8*0.8)),1) -> 130 | G81: =VLOOKUP('LOTE 01-ORÇAMENTO'!$C81,Tabela5[#All],5,0) -> 25.4 | H81: =TRUNC(IF(J81="BDI 1",G81*(1+$Z$1),IF(J81="BDI 2",G81*(1+$Z$2),IF(J81="",0))),2) -> 32.56 | I81: =ROUND(ROUND(F81,2)*ROUND(H81,2),2) -> 4232.8 | J81: BDI 1
A82: 4.3.7.3 | B82: SINAPI | C82: 102990 | D82: CANALETA MEIA CANA PRÉ-MOLDADA DE CONCRETO (D = 30 CM) - FORNECIMENTO E INSTALAÇÃO | E82: M² | F82: =ROUNDUP(52.5*2,1) -> 105 | G82: =VLOOKUP('LOTE 01-ORÇAMENTO'!$C82,Tabela5[#All],5,0) -> 64.43 | H82: =TRUNC(IF(J82="BDI 1",G82*(1+$Z$1),IF(J82="BDI 2",G82*(1+$Z$2),IF(J82="",0))),2) -> 82.61 | I82: =ROUND(ROUND(F82,2)*ROUND(H82,2),2) -> 8674.05 | J82: BDI 1
A83: 4.3.7.4 | B83: SICOR | C83: ED-49909 | D83: CAIXA DE DRENAGEM DE INSPEÇÃO/PASSAGEM EM ALVENARIA (40X40X60CM), REVESTIMENTO EM ARGAMASSA COM ADITIVO IMPERMEABILIZANTE, COM TAMPA EM GRELHA, INCLUSIVE ESCAVAÇÃO, REATERRO E TRANSPORTE COM RETIRADA DO MATERIAL ESCAVADO (EM CAÇAMBA) | E83: UNID | F83: 4 | G83: =VLOOKUP('LOTE 01-ORÇAMENTO'!$C83,Tabela5[#All],5,0) -> 497.42 | H83: =TRUNC(IF(J83="BDI 1",G83*(1+$Z$1),IF(J83="BDI 2",G83*(1+$Z$2),IF(J83="",0))),2) -> 637.79 | I83: =ROUND(ROUND(F83,2)*ROUND(H83,2),2) -> 2551.16 | J83: BDI 1
A84: 4.3.7.5 | B84: SICOR | C84: ED-48671 | D84: FORNECIMENTO E ASSENTAMENTO DE TUBO PVC RÍGIDO, DRENAGEM/PLUVIAL, PBV - SÉRIE NORMAL, DN 200 MM (8"), INCLUSIVE CONEXÕES | E84: M | F84: 8 | G84: =VLOOKUP('LOTE 01-ORÇAMENTO'!$C84,Tabela5[#All],5,0) -> 132.07 | H84: =TRUNC(IF(J84="BDI 1",G84*(1+$Z$1),IF(J84="BDI 2",G84*(1+$Z$2),IF(J84="",0))),2) -> 169.34 | I84: =ROUND(ROUND(F84,2)*ROUND(H84,2),2) -> 1354.72 | J84: BDI 1
A85: 4.4 | D85: BASE DO RESERVATÓRIO | I85: =SUBTOTAL(9,I86:I99) -> 154171.67 | P85: =F85*H85 -> 0 | X85: =SUM(AA86:AA97) -> 13533.58 | Z85: =X85 -> 13533.58 | AA85: =F85*H85 -> 0 | AC85: =H85*F85 -> 0
A86: 4.4.1 | B86: COPASA | C86: 65000160 | D86: ESCAVAÇÃO MECÂNICA DE VALA EM MATERIAL DE 1ª CATEGORIA | E86: M³ | F86: =ROUNDUP(((PI()*(7.8^2-7.2^2))*0.8),1) -> 22.7 | G86: =VLOOKUP('LOTE 01-ORÇAMENTO'!$C86,Tabela5[#All],5,0) -> 13.02 | H86: =TRUNC(IF(J86="BDI 1",G86*(1+$Z$1),IF(J86="BDI 2",G86*(1+$Z$2),IF(J86="",0))),2) -> 16.69 | I86: =ROUND(ROUND(F86,2)*ROUND(H86,2),2) -> 378.86 | J86: BDI 1 | P86: =F86*H86 -> 378.863 | AA86: 333.68 | AC86: =H86*F86 -> 378.863
A87: 4.4.2 | B87: SUDECAP | C87: 403223 | D87: REGULARIZAÇÃO E COMPACTAÇÃO DE TERRENO COM PLACA VIBRATÓRIA | E87: M² | F87: =ROUNDUP(((PI()*15.3^2)/4)-(PI()*(7.65^2-7.35^2)),1) -> 169.8 | G87: =VLOOKUP('LOTE 01-ORÇAMENTO'!$C87,BASE_PREÇOS!$A$20401:$F$23990,5,0) -> 5.01 | H87: =TRUNC(IF(J87="BDI 1",G87*(1+$Z$1),IF(J87="BDI 2",G87*(1+$Z$2),IF(J87="",0))),2) -> 6.42 | I87: =ROUND(ROUND(F87,2)*ROUND(H87,2),2) -> 1090.12 | J87: BDI 1 | P87: =F87*H87 -> 1090.116 | AA87: 1045.86 | AC87: =H87*F87 -> 1090.116
A88: 4.4.3 | B88: SINAPI | C88: 93382 | D88: REATERRO E COMPACTACAO MECANICA DE VALA COM COMPACTADOR MANUAL TIPO SOQUETE VIBRATORIO | E88: M³ | F88: =ROUNDUP(((PI()*(7.7^2-7.2^2))-(PI()*(7.65^2-7.35^2)))*0.7,1) -> 6.5 | G88: =VLOOKUP('LOTE 01-ORÇAMENTO'!$C88,Tabela5[#All],5,0) -> 26.51 | H88: =TRUNC(IF(J88="BDI 1",G88*(1+$Z$1),IF(J88="BDI 2",G88*(1+$Z$2),IF(J88="",0))),2) -> 33.99 | I88: =ROUND(ROUND(F88,2)*ROUND(H88,2),2) -> 220.94 | J88: BDI 1 | P88: =F88*H88 -> 220.935 | AA88: =F88*H88 -> 220.935 | AC88: =H88*F88 -> 220.935
A89: 4.4.4 | B89: SINAPI | C89: 100973 | D89: CARGA E DESCARGA MECANICA DE SOLO UTILIZANDO CAMINHAO BASCULANTE 6,0M3/16T E PA CARREGADEIRA SOBRE PNEUS 128 HP, CAPACIDADE DA CAÇAMBA 1,7 A 2,8 M3, PESO OPERACIONAL 11632 KG | E89: M³ | F89: =ROUNDUP((F86-F88)*1.3,1) -> 21.1 | G89: =VLOOKUP('LOTE 01-ORÇAMENTO'!$C89,Tabela5[#All],5,0) -> 8.95 | H89: =TRUNC(IF(J89="BDI 1",G89*(1+$Z$1),IF(J89="BDI 2",G89*(1+$Z$2),IF(J89="",0))),2) -> 11.47 | I89: =ROUND(ROUND(F89,2)*ROUND(H89,2),2) -> 242.02 | J89: BDI 1 | P89: =F89*H89 -> 242.017 | AA89: 163.32 | AC89: =H89*F89 -> 242.017
A90: 4.4.5 | B90: SINAPI | C90: 95875 | D90: TRANSPORTE COM CAMINHÃO BASCULANTE DE 10 M³, EM VIA URBANA PAVIMENTADA, DMT ATÉ 30 KM (UNIDADE: M3XKM) | E90: M³XKM | F90: =ROUNDUP(F89*15,1) -> 316.5 | G90: =VLOOKUP('LOTE 01-ORÇAMENTO'!$C90,Tabela5[#All],5,0) -> 2.49 | H90: =TRUNC(IF(J90="BDI 1",G90*(1+$Z$1),IF(J90="BDI 2",G90*(1+$Z$2),IF(J90="",0))),2) -> 3.19 | I90: =ROUND(ROUND(F90,2)*ROUND(H90,2),2) -> 1009.64 | J90: BDI 1 | P90: =F90*H90 -> 1009.635 | AA90: =F90*H90 -> 1009.635 | AC90: =H90*F90 -> 1009.635
A91: 4.4.6 | B91: SINAPI | C91: 100574 | D91: ESPALHAMENTO DE MATERIAL EM BOTA FORA, COM UTILIZAÇÃO DE TRATOR DE ESTEIRAS DE 165HP | E91: M³ | F91: =F89 -> 21.1 | G91: =VLOOKUP('LOTE 01-ORÇAMENTO'!$C91,Tabela5[#All],5,0) -> 1.43 | H91: =TRUNC(IF(J91="BDI 1",G91*(1+$Z$1),IF(J91="BDI 2",G91*(1+$Z$2),IF(J91="",0))),2) -> 1.83 | I91: =ROUND(ROUND(F91,2)*ROUND(H91,2),2) -> 38.61 | J91: BDI 1 | P91: =F91*H91 -> 38.613 | AA91: 25.28 | AC91: =H91*F91 -> 38.613
A92: 4.4.7 | B92: SINAPI | C92: 94963 | D92: CAMADA DE REGULARIZAÇÃO EM CONCRETO FCK = 15 MPA, TRAÇO 1:3,4:3,5 (CIMENTO / AREIA MÉDIA / BRITA 1) - PREPARO MECÂNICO COM BETONEIRA 400 L. | E92: M³ | F92: =ROUNDUP(((PI()*15.3^2)/4)*0.05,1) -> 9.2 | G92: =VLOOKUP('LOTE 01-ORÇAMENTO'!$C92,Tabela5[#All],5,0) -> 507.93 | H92: =TRUNC(IF(J92="BDI 1",G92*(1+$Z$1),IF(J92="BDI 2",G92*(1+$Z$2),IF(J92="",0))),2) -> 651.26 | I92: =ROUND(ROUND(F92,2)*ROUND(H92,2),2) -> 5991.59 | J92: BDI 1 | P92: =F92*H92 -> 5991.592 | AA92: 5655.55 | AC92: =H92*F92 -> 5991.592
A93: 4.4.8 | B93: SINAPI | C93: 92451 | D93: MONTAGEM E DESMONTAGEM DE FÔRMA DE VIGA, ESCORAMENTO DE MADEIRA, EM CHAPA DE MADEIRA COMPENSADA RESINADA, 2 UTILIZAÇÕES | E93: M² | F93: =ROUNDUP(((PI()*15.3)*0.7)+((PI()*15)*0.35),1) -> 50.2 | G93: =VLOOKUP('LOTE 01-ORÇAMENTO'!$C93,Tabela5[#All],5,0) -> 194.96 | H93: =TRUNC(IF(J93="BDI 1",G93*(1+$Z$1),IF(J93="BDI 2",G93*(1+$Z$2),IF(J93="",0))),2) -> 249.97 | I93: =ROUND(ROUND(F93,2)*ROUND(H93,2),2) -> 12548.49 | J93: BDI 1 | P93: =F93*H93 -> 12548.494 | AA93: 5079.32 | AC93: =H93*F93 -> 12548.494
A94: 4.4.9 | B94: SINAPI | C94: 42408 | D94: LONA PLASTICA EXTRA FORTE PRETA, E = 200 MICRA | E94: M² | F94: =ROUNDUP(((PI()*19^2)/4),0) -> 284 | G94: =VLOOKUP('LOTE 01-ORÇAMENTO'!$C94,Tabela5[#All],5,0) -> 2.74 | H94: =TRUNC(IF(J94="BDI 1",G94*(1+$Z$1),IF(J94="BDI 2",G94*(1+$Z$2),IF(J94="",0))),2) -> 3.51 | I94: =ROUND(ROUND(F94,2)*ROUND(H94,2),2) -> 996.84 | J94: BDI 1
A95: 4.4.10 | B95: SINAPI | C95: 92760 | D95: ARMAÇÃO DE VIGA DE ESTRUTURA CONVENCIONAL DE CONCRETO ARMADO UTILIZANDO AÇO CA-50 DE 6,30 MM - MONTAGEM | E95: KG | F95: 127 | G95: =VLOOKUP('LOTE 01-ORÇAMENTO'!$C95,Tabela5[#All],5,0) -> 12.83 | H95: =TRUNC(IF(J95="BDI 1",G95*(1+$Z$1),IF(J95="BDI 2",G95*(1+$Z$2),IF(J95="",0))),2) -> 16.45 | I95: =ROUND(ROUND(F95,2)*ROUND(H95,2),2) -> 2089.15 | J95: BDI 1
A96: 4.4.11 | B96: SINAPI | C96: 92762 | D96: ARMAÇÃO DE VIGA DE ESTRUTURA CONVENCIONAL DE CONCRETO ARMADO UTILIZANDO AÇO CA-50 DE 10,0 MM - MONTAGEM | E96: KG | F96: 474 | G96: =VLOOKUP('LOTE 01-ORÇAMENTO'!$C96,Tabela5[#All],5,0) -> 10.6 | H96: =TRUNC(IF(J96="BDI 1",G96*(1+$Z$1),IF(J96="BDI 2",G96*(1+$Z$2),IF(J96="",0))),2) -> 13.59 | I96: =ROUND(ROUND(F96,2)*ROUND(H96,2),2) -> 6441.66 | J96: BDI 1
A97: 4.4.12 | B97: SINAPI | C97: 92771 | D97: ARMAÇÃO DE LAJE DE ESTRUTURA CONVENCIONAL DE CONCRETO ARMADO UTILIZANDO AÇO CA-50 DE 10,0 MM - MONTAGEM | E97: KG | F97: =1972*2 -> 3944 | G97: =VLOOKUP('LOTE 01-ORÇAMENTO'!$C97,Tabela5[#All],5,0) -> 10.13 | H97: =TRUNC(IF(J97="BDI 1",G97*(1+$Z$1),IF(J97="BDI 2",G97*(1+$Z$2),IF(J97="",0))),2) -> 12.98 | I97: =ROUND(ROUND(F97,2)*ROUND(H97,2),2) -> 51193.12 | J97: BDI 1
A98: 4.4.13 | B98: SICOR | C98: ED-49632 | D98: CONCRETO ESTRUTURAL, USINADO, COM FCK 35MPA, FORNECIMENTO, LANÇAMENTO, ADENSAMENTO E ACABAMENTO | E98: M³ | F98: =ROUNDUP(((PI()*(7.65^2-7.35^2))*0.35)+(((PI()*15.3^2)/4)*0.35),1) -> 69.3 | G98: =VLOOKUP('LOTE 01-ORÇAMENTO'!$C98,Tabela5[#All],5,0) -> 749.52 | H98: =TRUNC(IF(J98="BDI 1",G98*(1+$Z$1),IF(J98="BDI 2",G98*(1+$Z$2),IF(J98="",0))),2) -> 961.03 | I98: =ROUND(ROUND(F98,2)*ROUND(H98,2),2) -> 66599.38 | J98: BDI 1
A99: 4.4.14 | B99: SUDECAP | C99: 890501 | D99: SERVIÇO DE BOMBEAMENTO DE CONCRETO | E99: M³ | F99: =F98 -> 69.3 | G99: =VLOOKUP('LOTE 01-ORÇAMENTO'!$C99,Tabela5[#All],5,0) -> 60 | H99: =TRUNC(IF(J99="BDI 1",G99*(1+$Z$1),IF(J99="BDI 2",G99*(1+$Z$2),IF(J99="",0))),2) -> 76.93 | I99: =ROUND(ROUND(F99,2)*ROUND(H99,2),2) -> 5331.25 | J99: BDI 1
A100: 4.5 | D100: SISTEMA DE PREVENÇÃO CONTRA DESCARGAS ATMOSFÉRICAS - SPDA | I100: =SUBTOTAL(9,I101:I107) -> 12887.79
...

Sheet BASE_PREÇOS
A1: CÓD | B1: DESCRIÇÃO | C1: UNID | D1: VR ONERADO | E1: VR DESONERADO | F1: REFERÊNCIA
A2: 12 | B2: ESCOVA DE ACO, COM CABO, *4 X 15* FILEIRAS DE CERDAS | C2: UN | D2: 8.74 | E2: 8.74 | F2: SINAPI
A3: 43 | B3: ADAPTADOR PVC PBA, PONTA/ROSCA, JE, DN 75 / DE 85 MM | C3: UN | D3: 63.15 | E3: 63.15 | F3: SINAPI
A4: 46 | B4: ADAPTADOR PVC PBA, BOLSA/ROSCA, JE, DN 75 / DE 85 MM | C4: UN | D4: 55.22 | E4: 55.22 | F4: SINAPI
A5: 47 | B5: ADAPTADOR PVC PBA, BOLSA/ROSCA, JE, DN 100 / DE 110 MM | C5: UN | D5: 94.42 | E5: 94.42 | F5: SINAPI
A6: 48 | B6: ADAPTADOR PVC PBA, BOLSA/ROSCA, JE, DN 50 / DE 60 MM | C6: UN | D6: 24.63 | E6: 24.63 | F6: SINAPI
A7: 52 | B7: ADAPTADOR PVC PBA, PONTA/ROSCA, JE, DN 50 / DE 60 MM | C7: UN | D7: 18.71 | E7: 18.71 | F7: SINAPI
A8: 55 | B8: ADAPTADOR DE COMPRESSAO EM POLIPROPILENO (PP), PARA TUBO EM PEAD, 20 MM X 1/2", PARA LIGACAO PREDIAL DE AGUA (NTS 179) | C8: UN | D8: 6.31 | E8: 6.31 | F8: SINAPI
A9: 60 | B9: ADAPTADOR PVC, COM REGISTRO, PARA PEAD, 20 MM X 3/4", PARA LIGACAO PREDIAL DE AGUA | C9: UN | D9: 8.19 | E9: 8.19 | F9: SINAPI
A10: 61 | B10: ADAPTADOR DE COMPRESSAO EM POLIPROPILENO (PP), PARA TUBO EM PEAD, 20 MM X 3/4", PARA LIGACAO PREDIAL DE AGUA (NTS 179) | C10: UN | D10: 5.97 | E10: 5.97 | F10: SINAPI
A11: 62 | B11: ADAPTADOR DE COMPRESSAO EM POLIPROPILENO (PP), PARA TUBO EM PEAD, 32 MM X 1", PARA LIGACAO PREDIAL DE AGUA (NTS 179) | C11: UN | D11: 12.37 | E11: 12.37 | F11: SINAPI
A12: 64 | B12: UNIAO EM POLIPROPILENO (PP), PARA TUBO EM PEAD, 20 MM - LIGACAO PREDIAL DE AGUA | C12: UN | D12: 7.21 | E12: 7.21 | F12: SINAPI
A13: 65 | B13: ADAPTADOR PVC SOLDAVEL CURTO COM BOLSA E ROSCA, 25 MM X 3/4", PARA AGUA FRIA | C13: UN | D13: 1.01 | E13: 1.01 | F13: SINAPI
... A23990: 970206 | B23990: DETERMINAÇÃO DA MASSA ESPECÍFICA DE AGREGADOS MIUDOS POR MEIO DO FRASCO CHAPMAN (DNER-ME 194/98) | C23990: UN | D23990: 980 | E23990: 980 | F23990: SUDECAP
A23991: CO-24324 | B23991: DIÁRIA DE VIAGEM COM OU SEM PERNOITE, INCLUSIVE ALIMENTAÇÃO | C23991: UN | D23991: 258 | E23991: 258 | F23991: SICOR
A23992: CO-27361 | B23992: LEVANTAMENTO PLANIALTIMÉTRICO E CADASTRAL -TERRENO ATÉ 2.000 M2 | C23992: UN | D23992: 1284.52 | E23992: 1284.52 | F23992: SICOR
A23993: CO-27363 | B23993: LEVANTAMENTO PLANIALTIMÉTRICO E CADASTRAL -TERRENO DE 2.001 A 10.000 M2 | C23993: UN | D23993: 3068.04 | E23993: 3068.04 | F23993: SICOR
A23994: CO-27414 | B23994: ANTEPROJETO DE EDIFICAÇÃO - ÁREA <= 600 M2 | C23994: UN | D23994: 3937.07 | E23994: 3937.07 | F23994: SICOR
A23995: CO-27415 | B23995: ANTEPROJETO DE EDIFICAÇÃO - 600 M2 < ÁREA <= 1.500 M2 | C23995: UN | D23995: 7874.14 | E23995: 7874.14 | F23995: SICOR
A23996: CO-27416 | B23996: ANTEPROJETO DE EDIFICAÇÃO - 1.500 M2 < ÁREA <= 3.000 M2 | C23996: UN | D23996: 11809.41 | E23996: 11809.41 | F23996: SICOR
A23997: CO-27417 | B23997: ANTEPROJETO DE EDIFICAÇÃO - ÁREA > 3.000 M2 | C23997: UN | D23997: 13524.38 | E23997: 13524.38 | F23997: SICOR
A23998: CO-27418 | B23998: ANTEPROJETO DE IMPLANTAÇÃO DE EDIFICAÇÃO PADRÃO COM ÁREA DE PROJEÇÃO < = 600 M2 | C23998: UN | D23998: 2587.59 | E23998: 2587.59 | F23998: SICOR
A23999: CO-27419 | B23999: ANTEPROJETO DE IMPLANTAÇÃO DE EDIFICAÇÃO PADRÃO COM 600 M2 < ÁREA DE PROJEÇÃO = 1.500 M2 | C23999: UN | D23999: 4078.69 | E23999: 4078.69 | F23999: SICOR
A24000: CO-27420 | B24000: ANTEPROJETO DE IMPLANTAÇÃO DE EDIFICAÇÃO PADRÃO COM 1.500 < ÁREA DE PROJEÇÃO <= 3.000 M2 | C24000: UN | D24000: 8142.91 | E24000: 8142.91 | F24000: SICOR
A24001: CO-27421 | B24001: ANTEPROJETO DE IMPLANTAÇÃO DE EDIFICAÇÃO PADRÃO COM ÁREA DE PROJEÇÃO > 3.000 M2 | C24001: UN | D24001: 10712.55 | E24001: 10712.55 | F24001: SICOR
A24002: CO-27483 | B24002: PERSPECTIVA COLORIDA (50X70)CM | C24002: UN | D24002: 1576.39 | E24002: 1576.39 | F24002: SICOR
... A30700: RO-9516 | B30700: CORTE DE TUBOS DE AÇO GALVANIZADO COM ESPESSURA DE ATÉ 3,75 MM COM ESMERILHADEIRA ELÉTRICA MANUAL | C30700: UN | D30700: 33.39 | E30700: 32.96 | F30700: SICOR

Sheet LOTE 01-CRONO FÍSICO-FINANC (2)
A1: Meta | B1: Descrição | C1: Valor | D1: % | E1: Mês 1 | F1: Mês 2 | G1: Mês 3 | H1: Mês 4 | I1: Mês 5
A2: 1 | B2: MOBILIZAÇÃO E SERVIÇOS DE APOIO | C2: =SUM('LOTE 01-ORÇAMENTO'!I3,'LOTE 01-ORÇAMENTO'!I6,'LOTE 01-ORÇAMENTO'!I30) -> 84321.34 | D2: =C2/$C$30 -> 0.087823396 | E2: =SUM(('LOTE 01-ORÇAMENTO'!$I$3/2),'LOTE 01-ORÇAMENTO'!$I$6/4,'LOTE 01-ORÇAMENTO'!I30) -> 23963.26 | F2: ='LOTE 01-ORÇAMENTO'!$I$6/4 -> 18936.76 | G2: ='LOTE 01-ORÇAMENTO'!$I$6/4 -> 18936.76 | H2: =C2-SUM(E2:G2) -> 22484.56 | I2: =C2-SUM(E2:H2) -> 0
E3: =E2/$C$2 -> 0.28418974 | F3: =F2/$C$2 -> 0.2245785 | G3: =G2/$C$2 -> 0.2245785 | H3: =H2/$C$2 -> 0.26665326 | I3: =I2/$C$2 -> 0
A4: 2 | B4: ADMINISTRAÇÃO LOCAL DA OBRA | C4: =SUM('LOTE 01-ORÇAMENTO'!I25) -> 184014.4 | D4: =C4/$C$30 -> 0.19165693 | E4: =ROUND(E5*$C$4,1) -> 47785.6 | F4: =ROUND(F5*$C$4,1) -> 70561.9 | G4: =ROUND(G5*$C$4,1) -> 44688.9 | H4: =C4-SUM(E4:G4) -> 20978
E5: =E38 -> 0.25968397 | F5: =F38 -> 0.38345852 | G5: =G38 -> 0.24285542 | H5: =H38 -> 0.11400209 | I5: =I38 -> 0
A6: 3 | B6: DEMOLIÇÕES E REMOÇÕES | C6: ='LOTE 01-ORÇAMENTO'!I33 -> 48897 | D6: =C6/$C$30 -> 0.050927803 | E6: =C6 -> 48897
E7: =E6/$C6 -> 1 | F7: =F6/$C6 -> 0 | G7: =G6/$C6 -> 0 | H7: =H6/$C6 -> 0 | I7: =I6/$C6 -> 0
A8: 4 | B8: TERRAPLENAGEM ÁREA DO RESERVATÓRIO | C8: ='LOTE 01-ORÇAMENTO'!I39 -> 121459.71 | D8: =C8/$C$30 -> 0.12650421 | E8: =C8*60% -> 72875.826 | F8: =C8*40% -> 48583.884
E9: =E8/$C8 -> 0.6 | F9: =F8/$C8 -> 0.4 | G9: =G8/$C8 -> 0 | H9: =H8/$C8 -> 0 | I9: =I8/$C8 -> 0
A10: 5 | B10: MUROS DE ARRIMO | C10: ='LOTE 01-ORÇAMENTO'!I44 -> 126522.47 | D10: =C10/$C$30 -> 0.13177723 | E10: =C10*15% -> 18978.371 | F10: =C10*60% -> 75913.482 | G10: =C10*25% -> 31630.618 | H10: =C10-SUM(E10:G10) -> 0
E11: =E10/$C10 -> 0.15 | F11: =F10/$C10 -> 0.6 | G11: =G10/$C10 -> 0.25 | H11: =H10/$C10 -> 0 | I11: =I10/$C10 -> 0
A12: 6 | B12: BASE DO RESERVATÓRIO | C12: ='LOTE 01-ORÇAMENTO'!I85 -> 154171.67 | D12: =C12/$C$30 -> 0.16057477 | F12: =C12*100% -> 154171.67 | G12: =C12-F12 -> 0
E13: =E12/$C12 -> 0 | F13: =F12/$C12 -> 1 | G13: =G12/$C12 -> 0 | H13: =H12/$C12 -> 0 | I13: =I12/$C12 -> 0
A14: 7 | B14: SISTEMA DE PREVENÇÃO CONTRA DESCARGAS ATMOSFÉRICAS - SPDA | C14: ='LOTE 01-ORÇAMENTO'!I100 -> 12887.79 | D14: =C14/$C$30 -> 0.013423049 | H14: =C14*100% -> 12887.79 | I14: =C14-SUM(H14) -> 0
E15: =E14/$C14 -> 0 | F15: =F14/$C14 -> 0 | G15: =G14/$C14 -> 0 | H15: =H14/$C14 -> 1 | I15: =I14/$C14 -> 0
A16: 8 | B16: CAIXAS DE DESCARGA E SAÍDA | C16: ='LOTE 01-ORÇAMENTO'!I108 -> 102418.26 | D16: =C16/$C$30 -> 0.10667192 | G16: =C16*80% -> 81934.608 | H16: =C16*20% -> 20483.652 | I16: =C16-SUM(G16:H16) -> 0
E17: =E16/$C16 -> 0 | F17: =F16/$C16 -> 0 | G17: =G16/$C16 -> 0.8 | H17: =H16/$C16 -> 0.2 | I17: =I16/$C16 -> 0
A18: 9 | B18: URBANIZAÇÃO | C18: ='LOTE 01-ORÇAMENTO'!I196 -> 86123.7 | D18: =C18/$C$30 -> 0.089700612 | G18: =C18*65% -> 55980.405 | H18: =C18*35% -> 30143.295 | I18: =C18-SUM(G18:H18) -> 0
E19: =E18/$C18 -> 0 | F19: =F18/$C18 -> 0 | G19: =G18/$C18 -> 0.65 | H19: =H18/$C18 -> 0.35 | I19: =I18/$C18 -> 0
A20: 10 | B20: LIMPEZA FINAL DE OBRA | C20: ='LOTE 01-ORÇAMENTO'!I209 -> 1727.2 | D20: =C20/$C$30 -> 0.0017989345 | H20: =C20*100% -> 1727.2 | I20: =C20-SUM(G20:H20) -> 0
E21: =E20/$C20 -> 0 | F21: =F20/$C20 -> 0 | G21: =G20/$C20 -> 0 | H21: =H20/$C20 -> 1 | I21: =I20/$C20 -> 0
A22: 11 | B22: ELABORAÇÃO DE PROJETOS EXECUTIVOS | C22: ='LOTE 01-ORÇAMENTO'!I212 -> 37580.34 | D22: =C22/$C$30 -> 0.039141137 | E22: =C22*98% -> 36828.733 | H22: =C22*2% -> 751.6068 | I22: =C22-SUM(E22:H22) -> 0
E23: =E22/$C22 -> 0.98 | F23: =F22/$C22 -> 0 | G23: =G22/$C22 -> 0 | H23: =H22/$C22 -> 0.02 | I23: =I22/$C22 -> 0
D24: =C24/$C$30 -> 0 | G24: =C24*45% -> 0 | H24: =C24-SUM(G24) -> 0
E25: =E24/$C24 -> #DIV/0! | F25: =F24/$C24 -> #DIV/0! | G25: =G24/$C24 -> #DIV/0! | H25: =H24/$C24 -> #DIV/0! | I25: =I24/$C24 -> #DIV/0!
D26: =C26/$C$30 -> 0 | G26: =C26*45% -> 0 | H26: =C26-SUM(G26) -> 0
E27: =E26/$C26 -> #DIV/0! | F27: =F26/$C26 -> #DIV/0! | G27: =G26/$C26 -> #DIV/0! | H27: =H26/$C26 -> #DIV/0! | I27: =I26/$C26 -> #DIV/0!
D28: =C28/$C$30 -> 0 | G28: =C28*45% -> 0 | H28: =C28-SUM(G28) -> 0
E29: =E28/$C28 -> #DIV/0! | F29: =F28/$C28 -> #DIV/0! | G29: =G28/$C28 -> #DIV/0! | H29: =H28/$C28 -> #DIV/0! | I29: =I28/$C28 -> #DIV/0!
B30: TOTAL SIMPLES | C30: =SUM(C2:C29) -> 960123.88 | D30: =SUM(D2:D29) -> 1 | E30: =SUM(E2,E4,E6,E8,E10,E12,E14,E16,E18,E20,E22) -> 249328.79 | F30: =SUM(F2,F4,F6,F8,F10,F12,F14,F16,F18,F20,F22) -> 368167.7 | G30: =SUM(G2,G4,G6,G8,G10,G12,G14,G16,G18,G20,G22) -> 233171.29 | H30: =SUM(H2,H4,H6,H8,H10,H12,H14,H16,H18,H20,H22) -> 109456.1 | I30: =SUM(I2,I4,I6,I8,I10,I12,I14,I16,I18,I20,I22) -> 0
B31: % SIMPLES | E31: =($D$2*E3)+($D$4*E5)+($D$6*E7)+($D$8*E9)+($D$10*E11)+($D$12*E13)+($D$14*E15)+($D$16*E17)+($D$18*E19)+($D$20*E21)+($D$22*E23) -> 0.25968397 | F31: =($D$2*F3)+($D$4*F5)+($D$6*F7)+($D$8*F9)+($D$10*F11)+($D$12*F13)+($D$14*F15)+($D$16*F17)+($D$18*F19)+($D$20*F21)+($D$22*F23) -> 0.38345852 | G31: =($D$2*G3)+($D$4*G5)+($D$6*G7)+($D$8*G9)+($D$10*G11)+($D$12*G13)+($D$14*G15)+($D$16*G17)+($D$18*G19)+($D$20*G21)+($D$22*G23) -> 0.24285542 | H31: =($D$2*H3)+($D$4*H5)+($D$6*H7)+($D$8*H9)+($D$10*H11)+($D$12*H13)+($D$14*H15)+($D$16*H17)+($D$18*H19)+($D$20*H21)+($D$22*H23) -> 0.11400209 | I31: =($D$2*I3)+($D$4*I5)+($D$6*I7)+($D$8*I9)+($D$10*I11)+($D$12*I13)+($D$14*I15)+($D$16*I17)+($D$18*I19)+($D$20*I21)+($D$22*I23) -> 0
B32: TOTAL ACUMULADO | E32: =E30 -> 249328.79 | F32: =F30+E32 -> 617496.49 | G32: =G30+F32 -> 850667.78 | H32: =H30+G32 -> 960123.88 | I32: =I30+H32 -> 960123.88
B33: % ACUMULADO | E33: =E31 -> 0.25968397 | F33: =F31+E33 -> 0.64314249 | G33: =G31+F33 -> 0.88599791 | H33: =H31+G33 -> 1 | I33: =I31+H33 -> 1
A35: Cálculo do % a medir da Adm. Local, considerando o cronograma base proposto | E35: Mês 1 | F35: Mês 2 | G35: Mês 3 | H35: Mês 4 | I35: Mês 5
A36: R$ a medir sem Adm. Local, sem os itens caracterizados como materiais e sem pré-operação | E36: =SUBTOTAL(9,E2,E6,E8,E10,E12,E14,E16,E18,E20,E22) -> 201543.19 | F36: =SUBTOTAL(9,F2,F6,F8,F10,F12,F14,F16,F18,F20,F22) -> 297605.8 | G36: =SUBTOTAL(9,G2,G6,G8,G10,G12,G14,G16,G18,G20,G22) -> 188482.39 | H36: =SUBTOTAL(9,H2,H6,H8,H10,H12,H14,H16,H18,H20,H22) -> 88478.104 | I36: =SUBTOTAL(9,I2,I6,I8,I10,I12,I14,I16,I18,I20,I22) -> 0
A37: R$ contratado sem Adm. Local, sem os itens caracterizados como materiais e sem a pré-operação | E37: =$C$30-$C$4 -> 776109.48 | F37: =$C$30-$C$4 -> 776109.48 | G37: =$C$30-$C$4 -> 776109.48 | H37: =$C$30-$C$4 -> 776109.48 | I37: =$C$30-$C$4 -> 776109.48
A38: % Adm. Local a ser medido | E38: =E36/E37 -> 0.25968397 | F38: =F36/F37 -> 0.38345852 | G38: =G36/G37 -> 0.24285542 | H38: =H36/H37 -> 0.11400209 | I38: =I36/I37 -> 0
A39: % Adm. Local a ser medido acumulado | E39: =E38 -> 0.25968397 | F39: =E39+F38 -> 0.64314249 | G39: =F39+G38 -> 0.88599791 | H39: =G39+H38 -> 1 | I39: =H39+I38 -> 1

Sheet LOTE 01-CRONO FÍSICO-FINANCEIRO
A1: Meta | B1: Descrição | C1: Valor | D1: % | E1: Mês 1 | F1: Mês 2 | G1: Mês 3 | H1: Mês 4 | I1: Mês 5
A2: 1 | B2: MOBILIZAÇÃO E SERVIÇOS DE APOIO | C2: =SUM('LOTE 01-ORÇAMENTO'!I3,'LOTE 01-ORÇAMENTO'!I6,'LOTE 01-ORÇAMENTO'!I30) -> 84321.34 | D2: =C2/$C$30 -> 0.087823396 | E2: =SUM(('LOTE 01-ORÇAMENTO'!$I$3/2),'LOTE 01-ORÇAMENTO'!$I$6/4,'LOTE 01-ORÇAMENTO'!I30) -> 23963.26 | F2: ='LOTE 01-ORÇAMENTO'!$I$6/4 -> 18936.76 | G2: ='LOTE 01-ORÇAMENTO'!$I$6/4 -> 18936.76 | H2: =C2-SUM(E2:G2) -> 22484.56 | I2: =C2-SUM(E2:H2) -> 0
E3: =E2/$C$2 -> 0.28418974 | F3: =F2/$C$2 -> 0.2245785 | G3: =G2/$C$2 -> 0.2245785 | H3: =H2/$C$2 -> 0.26665326 | I3: =I2/$C$2 -> 0
A4: 2 | B4: ADMINISTRAÇÃO LOCAL DA OBRA | C4: =SUM('LOTE 01-ORÇAMENTO'!I25) -> 184014.4 | D4: =C4/$C$30 -> 0.19165693 | E4: =ROUND(E5*$C$4,1) -> 47785.6 | F4: =ROUND(F5*$C$4,1) -> 70561.9 | G4: =ROUND(G5*$C$4,1) -> 44688.9 | H4: =C4-SUM(E4:G4) -> 20978
E5: =E38 -> 0.25968397 | F5: =F38 -> 0.38345852 | G5: =G38 -> 0.24285542 | H5: =H38 -> 0.11400209 | I5: =I38 -> 0
A6: 3 | B6: DEMOLIÇÕES E REMOÇÕES | C6: ='LOTE 01-ORÇAMENTO'!I33 -> 48897 | D6: =C6/$C$30 -> 0.050927803 | E6: =C6 -> 48897
E7: =E6/$C6 -> 1 | F7: =F6/$C6 -> 0 | G7: =G6/$C6 -> 0 | H7: =H6/$C6 -> 0 | I7: =I6/$C6 -> 0
A8: 4 | B8: TERRAPLENAGEM ÁREA DO RESERVATÓRIO | C8: ='LOTE 01-ORÇAMENTO'!I39 -> 121459.71 | D8: =C8/$C$30 -> 0.12650421 | E8: =C8*60% -> 72875.826 | F8: =C8*40% -> 48583.884
E9: =E8/$C8 -> 0.6 | F9: =F8/$C8 -> 0.4 | G9: =G8/$C8 -> 0 | H9: =H8/$C8 -> 0 | I9: =I8/$C8 -> 0
A10: 5 | B10: MUROS DE ARRIMO | C10: ='LOTE 01-ORÇAMENTO'!I44 -> 126522.47 | D10: =C10/$C$30 -> 0.13177723 | E10: =C10*15% -> 18978.371 | F10: =C10*60% -> 75913.482 | G10: =C10*25% -> 31630.618 | H10: =C10-SUM(E10:G10) -> 0
E11: =E10/$C10 -> 0.15 | F11: =F10/$C10 -> 0.6 | G11: =G10/$C10 -> 0.25 | H11: =H10/$C10 -> 0 | I11: =I10/$C10 -> 0
A12: 6 | B12: BASE DO RESERVATÓRIO | C12: ='LOTE 01-ORÇAMENTO'!I85 -> 154171.67 | D12: =C12/$C$30 -> 0.16057477 | F12: =C12*100% -> 154171.67 | G12: =C12-F12 -> 0
E13: =E12/$C12 -> 0 | F13: =F12/$C12 -> 1 | G13: =G12/$C12 -> 0 | H13: =H12/$C12 -> 0 | I13: =I12/$C12 -> 0
A14: 7 | B14: SISTEMA DE PREVENÇÃO CONTRA DESCARGAS ATMOSFÉRICAS - SPDA | C14: ='LOTE 01-ORÇAMENTO'!I100 -> 12887.79 | D14: =C14/$C$30 -> 0.013423049 | H14: =C14*100% -> 12887.79 | I14: =C14-SUM(H14) -> 0
E15: =E14/$C14 -> 0 | F15: =F14/$C14 -> 0 | G15: =G14/$C14 -> 0 | H15: =H14/$C14 -> 1 | I15: =I14/$C14 -> 0
A16: 8 | B16: CAIXAS DE DESCARGA E SAÍDA | C16: ='LOTE 01-ORÇAMENTO'!I108 -> 102418.26 | D16: =C16/$C$30 -> 0.10667192 | G16: =C16*80% -> 81934.608 | H16: =C16*20% -> 20483.652 | I16: =C16-SUM(G16:H16) -> 0
E17: =E16/$C16 -> 0 | F17: =F16/$C16 -> 0 | G17: =G16/$C16 -> 0.8 | H17: =H16/$C16 -> 0.2 | I17: =I16/$C16 -> 0
A18: 9 | B18: URBANIZAÇÃO | C18: ='LOTE 01-ORÇAMENTO'!I196 -> 86123.7 | D18: =C18/$C$30 -> 0.089700612 | G18: =C18*65% -> 55980.405 | H18: =C18*35% -> 30143.295 | I18: =C18-SUM(G18:H18) -> 0
E19: =E18/$C18 -> 0 | F19: =F18/$C18 -> 0 | G19: =G18/$C18 -> 0.65 | H19: =H18/$C18 -> 0.35 | I19: =I18/$C18 -> 0
A20: 10 | B20: LIMPEZA FINAL DE OBRA | C20: ='LOTE 01-ORÇAMENTO'!I209 -> 1727.2 | D20: =C20/$C$30 -> 0.0017989345 | H20: =C20*100% -> 1727.2 | I20: =C20-SUM(G20:H20) -> 0
E21: =E20/$C20 -> 0 | F21: =F20/$C20 -> 0 | G21: =G20/$C20 -> 0 | H21: =H20/$C20 -> 1 | I21: =I20/$C20 -> 0
A22: 11 | B22: ELABORAÇÃO DE PROJETOS EXECUTIVOS | C22: ='LOTE 01-ORÇAMENTO'!I212 -> 37580.34 | D22: =C22/$C$30 -> 0.039141137 | E22: =C22*98% -> 36828.733 | H22: =C22*2% -> 751.6068 | I22: =C22-SUM(E22:H22) -> 0
E23: =E22/$C22 -> 0.98 | F23: =F22/$C22 -> 0 | G23: =G22/$C22 -> 0 | H23: =H22/$C22 -> 0.02 | I23: =I22/$C22 -> 0
D24: =C24/$C$30 -> 0 | G24: =C24*45% -> 0 | H24: =C24-SUM(G24) -> 0
E25: =E24/$C24 -> #DIV/0! | F25: =F24/$C24 -> #DIV/0! | G25: =G24/$C24 -> #DIV/0! | H25: =H24/$C24 -> #DIV/0! | I25: =I24/$C24 -> #DIV/0!
D26: =C26/$C$30 -> 0 | G26: =C26*45% -> 0 | H26: =C26-SUM(G26) -> 0
E27: =E26/$C26 -> #DIV/0! | F27: =F26/$C26 -> #DIV/0! | G27: =G26/$C26 -> #DIV/0! | H27: =H26/$C26 -> #DIV/0! | I27: =I26/$C26 -> #DIV/0!
D28: =C28/$C$30 -> 0 | G28: =C28*45% -> 0 | H28: =C28-SUM(G28) -> 0
E29: =E28/$C28 -> #DIV/0! | F29: =F28/$C28 -> #DIV/0! | G29: =G28/$C28 -> #DIV/0! | H29: =H28/$C28 -> #DIV/0! | I29: =I28/$C28 -> #DIV/0!
B30: TOTAL SIMPLES | C30: =SUM(C2:C29) -> 960123.88 | D30: =SUM(D2:D29) -> 1 | E30: =SUM(E2,E4,E6,E8,E10,E12,E14,E16,E18,E20,E22) -> 249328.79 | F30: =SUM(F2,F4,F6,F8,F10,F12,F14,F16,F18,F20,F22) -> 368167.7 | G30: =SUM(G2,G4,G6,G8,G10,G12,G14,G16,G18,G20,G22) -> 233171.29 | H30: =SUM(H2,H4,H6,H8,H10,H12,H14,H16,H18,H20,H22) -> 109456.1 | I30: =SUM(I2,I4,I6,I8,I10,I12,I14,I16,I18,I20,I22) -> 0
B31: % SIMPLES | E31: =($D$2*E3)+($D$4*E5)+($D$6*E7)+($D$8*E9)+($D$10*E11)+($D$12*E13)+($D$14*E15)+($D$16*E17)+($D$18*E19)+($D$20*E21)+($D$22*E23) -> 0.25968397 | F31: =($D$2*F3)+($D$4*F5)+($D$6*F7)+($D$8*F9)+($D$10*F11)+($D$12*F13)+($D$14*F15)+($D$16*F17)+($D$18*F19)+($D$20*F21)+($D$22*F23) -> 0.38345852 | G31: =($D$2*G3)+($D$4*G5)+($D$6*G7)+($D$8*G9)+($D$10*G11)+($D$12*G13)+($D$14*G15)+($D$16*G17)+($D$18*G19)+($D$20*G21)+($D$22*G23) -> 0.24285542 | H31: =($D$2*H3)+($D$4*H5)+($D$6*H7)+($D$8*H9)+($D$10*H11)+($D$12*H13)+($D$14*H15)+($D$16*H17)+($D$18*H19)+($D$20*H21)+($D$22*H23) -> 0.11400209 | I31: =($D$2*I3)+($D$4*I5)+($D$6*I7)+($D$8*I9)+($D$10*I11)+($D$12*I13)+($D$14*I15)+($D$16*I17)+($D$18*I19)+($D$20*I21)+($D$22*I23) -> 0
B32: TOTAL ACUMULADO | E32: =E30 -> 249328.79 | F32: =F30+E32 -> 617496.49 | G32: =G30+F32 -> 850667.78 | H32: =H30+G32 -> 960123.88 | I32: =I30+H32 -> 960123.88
B33: % ACUMULADO | E33: =E31 -> 0.25968397 | F33: =F31+E33 -> 0.64314249 | G33: =G31+F33 -> 0.88599791 | H33: =H31+G33 -> 1 | I33: =I31+H33 -> 1
A35: Cálculo do % a medir da Adm. Local, considerando o cronograma base proposto | E35: Mês 1 | F35: Mês 2 | G35: Mês 3 | H35: Mês 4 | I35: Mês 5
A36: R$ a medir sem Adm. Local, sem os itens caracterizados como materiais e sem pré-operação | E36: =SUBTOTAL(9,E2,E6,E8,E10,E12,E14,E16,E18,E20,E22) -> 201543.19 | F36: =SUBTOTAL(9,F2,F6,F8,F10,F12,F14,F16,F18,F20,F22) -> 297605.8 | G36: =SUBTOTAL(9,G2,G6,G8,G10,G12,G14,G16,G18,G20,G22) -> 188482.39 | H36: =SUBTOTAL(9,H2,H6,H8,H10,H12,H14,H16,H18,H20,H22) -> 88478.104 | I36: =SUBTOTAL(9,I2,I6,I8,I10,I12,I14,I16,I18,I20,I22) -> 0
A37: R$ contratado sem Adm. Local, sem os itens caracterizados como materiais e sem a pré-operação | E37: =$C$30-$C$4 -> 776109.48 | F37: =$C$30-$C$4 -> 776109.48 | G37: =$C$30-$C$4 -> 776109.48 | H37: =$C$30-$C$4 -> 776109.48 | I37: =$C$30-$C$4 -> 776109.48
A38: % Adm. Local a ser medido | E38: =E36/E37 -> 0.25968397 | F38: =F36/F37 -> 0.38345852 | G38: =G36/G37 -> 0.24285542 | H38: =H36/H37 -> 0.11400209 | I38: =I36/I37 -> 0
A39: % Adm. Local a ser medido acumulado | E39: =E38 -> 0.25968397 | F39: =E39+F38 -> 0.64314249 | G39: =F39+G38 -> 0.88599791 | H39: =G39+H38 -> 1 | I39: =H39+I38 -> 1

Sheet LOTE 01-CPU
A1: ID | B1: ITEM | C1: BASE | D1: CÓDIGO | E1: DESCRIÇÃO | F1: UNID. | G1: QUANT. | H1: R$ UNITÁRIO | I1: R$ TOTAL
A2: 1 | E2: MURO DE VEDAÇAO DE CONCRETO PREMOLDADO TIPO CALHA V, ALTURA LIVRE 2,5 M, INCLUINDO SAPATA EM CONCRETO DE 30CM X 50CM | F2: M | I2: =SUBTOTAL(9,I3:I9) -> 555.46643
C3: COPASA | D3: 65000152 | E3: ESCAVACAO MANUAL DE VALAS (SOLO SECO), PROFUNDIDADE ATE 1.50 M | F3: M³ | G3: =0.5*0.6*1 -> 0.3 | H3: =VLOOKUP(Tabela11[[#This Row],[CÓDIGO]],Tabela5[#All],5,0) -> 63.57 | I3: =Tabela11[[#This Row],[R$ UNITÁRIO]]*Tabela11[[#This Row],[QUANT.]] -> 19.071
C4: SUDECAP | D4: 403222 | E4: REGULARIZACAO E COMPACTACAO MANUAL DE TERRENO | F4: M² | G4: =0.5*1 -> 0.5 | H4: =VLOOKUP(Tabela11[[#This Row],[CÓDIGO]],Tabela5[#All],5,0) -> 5.79 | I4: =Tabela11[[#This Row],[R$ UNITÁRIO]]*Tabela11[[#This Row],[QUANT.]] -> 2.895
C5: SINAPI | D5: 88309 | E5: PEDREIRO, COM ENCARGOS COMPLEMENTARES | F5: H | G5: 1 | H5: =VLOOKUP(Tabela11[[#This Row],[CÓDIGO]],Tabela5[#All],5,0) -> 28.6 | I5: =Tabela11[[#This Row],[R$ UNITÁRIO]]*Tabela11[[#This Row],[QUANT.]] -> 28.6
C6: SINAPI | D6: 88242 | E6: SERVENTE, COM ENCARGOS COMPLEMENTARES | F6: H | G6: 2 | H6: =VLOOKUP(Tabela11[[#This Row],[CÓDIGO]],Tabela5[#All],5,0) -> 23.12 | I6: =Tabela11[[#This Row],[R$ UNITÁRIO]]*Tabela11[[#This Row],[QUANT.]] -> 46.24
C7: COPASA | D7: 65003753 | E7: CONCRETO ESTRUTURAL FCK 20 MPA, PREPARO EM BETONEIRA, INCLUSIVE LANÇAMENTO E ADENSAMENTO | F7: M³ | G7: =0.3*0.5*1 -> 0.15 | H7: =VLOOKUP(Tabela11[[#This Row],[CÓDIGO]],Tabela5[#All],5,0) -> 967.4 | I7: =Tabela11[[#This Row],[R$ UNITÁRIO]]*Tabela11[[#This Row],[QUANT.]] -> 145.11
C8: SICOR | D8: MATED-12842 | E8: MOURÃO PRÉ-MOLDADO DE CONCRETO, TIPO CALHA V, HT= 3,00 M | F8: UN | G8: =1/0.43 -> 2.3255814 | H8: =VLOOKUP(Tabela11[[#This Row],[CÓDIGO]],Tabela5[#All],5,0) -> 125.44 | I8: =Tabela11[[#This Row],[R$ UNITÁRIO]]*Tabela11[[#This Row],[QUANT.]] -> 291.72093
C9: SINAPI | D9: 34348 | E9: CONCERTINA CLIPADA (DUPLA) EM ACO GALVANIZADO DE ALTA RESISTENCIA, COM ESPIRAL DE 300 MM, D = 2,76 MM | F9: M | G9: 1.05 | H9: =VLOOKUP(Tabela11[[#This Row],[CÓDIGO]],Tabela5[#All],5,0) -> 20.79 | I9: =Tabela11[[#This Row],[R$ UNITÁRIO]]*Tabela11[[#This Row],[QUANT.]] -> 21.8295
A11: 2 | E11: PORTÃO DE ABRIR ESTRUTURADO EM TUBO E TELA, 2 FOLHAS - 3,00x2,50M | F11: UNID | I11: =SUBTOTAL(9,I12:I25) -> 3449.7411
C12: SUDECAP | D12: 551010 | E12: AUXILIAR DE SERRALHEIRO | F12: H | G12: 4.44 | H12: =VLOOKUP(Tabela11[[#This Row],[CÓDIGO]],Tabela5[#All],5,0) -> 17.5 | I12: =Tabela11[[#This Row],[R$ UNITÁRIO]]*Tabela11[[#This Row],[QUANT.]] -> 77.7
C13: SUDECAP | D13: 551086 | E13: SERRALHEIRO | F13: H | G13: 13 | H13: =VLOOKUP(Tabela11[[#This Row],[CÓDIGO]],Tabela5[#All],5,0) -> 24.71 | I13: =Tabela11[[#This Row],[R$ UNITÁRIO]]*Tabela11[[#This Row],[QUANT.]] -> 321.23
C14: SUDECAP | D14: 601115 | E14: FERRO REDONDO MECANICO SAE 1020 D= 1/2" | F14: KG | G14: 1.392 | H14: =VLOOKUP(Tabela11[[#This Row],[CÓDIGO]],Tabela5[#All],5,0) -> 8.3 | I14: =Tabela11[[#This Row],[R$ UNITÁRIO]]*Tabela11[[#This Row],[QUANT.]] -> 11.5536
C15: SUDECAP | D15: 601515 | E15: BARRA DE FERRO RETANGULAR, BARRA CHATA, 1" X 1/4" (L X E), 1,2265 KG/M | F15: KG | G15: 5.4984 | H15: =VLOOKUP(Tabela11[[#This Row],[CÓDIGO]],Tabela5[#All],5,0) -> 8.37 | I15: =Tabela11[[#This Row],[R$ UNITÁRIO]]*Tabela11[[#This Row],[QUANT.]] -> 46.021608
C16: SUDECAP | D16: 603035 | E16: TELA DE ARAME GALVANIZADA, QUADRANGULAR, FIO 2,77 MM (12 BWG), MALHA 5 X 5 CM, H = 2 M | F16: M2 | G16: 13.0848 | H16: =VLOOKUP(Tabela11[[#This Row],[CÓDIGO]],Tabela5[#All],5,0) -> 35.09 | I16: =Tabela11[[#This Row],[R$ UNITÁRIO]]*Tabela11[[#This Row],[QUANT.]] -> 459.14563
C17: SUDECAP | D17: 603516 | E17: ARAME GALVANIZADO BWG 16 (1,65MM) 60M/KG | F17: KG | G17: 1.0962 | H17: =VLOOKUP(Tabela11[[#This Row],[CÓDIGO]],Tabela5[#All],5,0) -> 21.18 | I17: =Tabela11[[#This Row],[R$ UNITÁRIO]]*Tabela11[[#This Row],[QUANT.]] -> 23.217516
C18: SICOR | D18: MATED-21604 | E18: CACHIMBO D= 1" | F18: UN | G18: 6 | H18: =VLOOKUP(Tabela11[[#This Row],[CÓDIGO]],Tabela5[#All],5,0) -> 14.04 | I18: =Tabela11[[#This Row],[R$ UNITÁRIO]]*Tabela11[[#This Row],[QUANT.]] -> 84.24
C19: SUDECAP | D19: 730307 | E19: TUBO ACO GALV. DIN 2440 E= 3,25 MM 1 1/2"C/COSTURA | F19: M | G19: 33.06 | H19: =VLOOKUP(Tabela11[[#This Row],[CÓDIGO]],Tabela5[#All],5,0) -> 53.27 | I19: =Tabela11[[#This Row],[R$ UNITÁRIO]]*Tabela11[[#This Row],[QUANT.]] -> 1761.1062
C20: SINAPI | D20: 34348 | E20: CONCERTINA CLIPADA (DUPLA) EM ACO GALVANIZADO DE ALTA RESISTENCIA, COM ESPIRAL DE 300 MM, D = 2,76 MM | F20: M | G20: 3 | H20: =VLOOKUP(Tabela11[[#This Row],[CÓDIGO]],Tabela5[#All],5,0) -> 20.79 | I20: =Tabela11[[#This Row],[R$ UNITÁRIO]]*Tabela11[[#This Row],[QUANT.]] -> 62.37
C21: COTAÇÃO | E21: TRAVA DE CADEADO PARA PORTÃO, Nº 5, 30 MM, EM FERRO, REF. DOVALE OU SIMILAR | F21: UN | G21: 1 | H21: =AVERAGE(36.9,37.4,29.9) -> 34.733333 | I21: =Tabela11[[#This Row],[R$ UNITÁRIO]]*Tabela11[[#This Row],[QUANT.]] -> 34.733333
C22: SUDECAP | D22: 403205 | E22: ESCAVACAO MANUAL H <= 1.5M M | F22: M3 | G22: 0.04 | H22: =VLOOKUP(Tabela11[[#This Row],[CÓDIGO]],Tabela5[#All],5,0) -> 52.68 | I22: =Tabela11[[#This Row],[R$ UNITÁRIO]]*Tabela11[[#This Row],[QUANT.]] -> 2.1072
C23: COPASA | D23: 65003753 | E23: CONCRETO ESTRUTURAL FCK 20 MPA, PREPARO EM BETONEIRA, INCLUSIVE LANÇAMENTO E ADENSAMENTO | F23: M³ | G23: 0.24 | H23: =VLOOKUP(Tabela11[[#This Row],[CÓDIGO]],Tabela5[#All],5,0) -> 967.4 | I23: =Tabela11[[#This Row],[R$ UNITÁRIO]]*Tabela11[[#This Row],[QUANT.]] -> 232.176
C24: COPASA | D24: 65000240 | E24: FORMA PLANA EM TABUA DE PINHO, P/ ESTRUTURAS | F24: M² | G24: 2.4 | H24: =VLOOKUP(Tabela11[[#This Row],[CÓDIGO]],Tabela5[#All],5,0) -> 75.17 | I24: =Tabela11[[#This Row],[R$ UNITÁRIO]]*Tabela11[[#This Row],[QUANT.]] -> 180.408
C25: SUDECAP | D25: 402210 | E25: ACO CA-50, D<= 12.7MM - CORTE,DOBRAMENTO,COLOCACAO | F25: KG | G25: 13.8 | H25: =VLOOKUP(Tabela11[[#This Row],[CÓDIGO]],Tabela5[#All],5,0) -> 11.14 | I25: =Tabela11[[#This Row],[R$ UNITÁRIO]]*Tabela11[[#This Row],[QUANT.]] -> 153.732
A27: 3 | E27: SERVIÇOS DE INSTALAÇÃO ELÉTRICA | F27: DIA | I27: =SUBTOTAL(9,I28:I29) -> 608
C28: SINAPI | D28: 88264 | E28: ELETRICISTA INDUSTRIAL COM ENCARGOS COMPLEMENTARES, CONSIDERANDO 8 HORAS/DIA | F28: H | G28: 8 | H28: =VLOOKUP(Tabela11[[#This Row],[CÓDIGO]],Tabela5[#All],5,0) -> 28.98 | I28: =Tabela11[[#This Row],[R$ UNITÁRIO]]*Tabela11[[#This Row],[QUANT.]] -> 231.84
C29: SINAPI | D29: 88247 | E29: AUXILIAR DE ELETRICISTA COM ENCARGOS COMPLEMENTARES, CONSIDERANDO 8 HORAS/DIA E 2 PROFISSIONAIS | F29: H | G29: 16 | H29: =VLOOKUP(Tabela11[[#This Row],[CÓDIGO]],Tabela5[#All],5,0) -> 23.51 | I29: =Tabela11[[#This Row],[R$ UNITÁRIO]]*Tabela11[[#This Row],[QUANT.]] -> 376.16
A31: 4 | E31: SERVIÇOS DE INSTALAÇÃO HIDRÁULICA | F31: DIA | I31: =SUBTOTAL(9,I32:I33) -> 403.2
C32: SINAPI | D32: 88267 | E32: ENCANADOR HIDRÁULICO COM ENCARGOS COMPLEMENTARES, CONSIDERANDO 8 HORAS/DIA | F32: H | G32: 8 | H32: =VLOOKUP(Tabela11[[#This Row],[CÓDIGO]],Tabela5[#All],5,0) -> 27.88 | I32: =Tabela11[[#This Row],[R$ UNITÁRIO]]*Tabela11[[#This Row],[QUANT.]] -> 223.04
C33: SINAPI | D33: 88248 | E33: AUXILIAR DE ENCANADOR COM ENCARGOS COMPLEMENTARES, CONSIDERANDO 8 HORAS/DIA. | F33: H | G33: 8 | H33: =VLOOKUP(Tabela11[[#This Row],[CÓDIGO]],Tabela5[#All],5,0) -> 22.52 | I33: =Tabela11[[#This Row],[R$ UNITÁRIO]]*Tabela11[[#This Row],[QUANT.]] -> 180.16
A35: 5 | E35: SERVIÇOS DE PEDREIRO E ACABAMENTO | F35: DIA | I35: =SUBTOTAL(9,I36:I37) -> 413.76
C36: SINAPI | D36: 88309 | E36: PEDREIRO COM ENCARGOS COMPLEMENTARES, CONSIDERANDO 8 HORAS/DIA | F36: H | G36: 8 | H36: =VLOOKUP(Tabela11[[#This Row],[CÓDIGO]],Tabela5[#All],5,0) -> 28.6 | I36: =Tabela11[[#This Row],[R$ UNITÁRIO]]*Tabela11[[#This Row],[QUANT.]] -> 228.8
C37: SINAPI | D37: 88242 | E37: AJUDANTE DE PEDREIRO COM ENCARGOS COMPLEMENTARES, CONSIDERANDO 8 HORAS/DIA. | F37: H | G37: 8 | H37: =VLOOKUP(Tabela11[[#This Row],[CÓDIGO]],Tabela5[#All],5,0) -> 23.12 | I37: =Tabela11[[#This Row],[R$ UNITÁRIO]]*Tabela11[[#This Row],[QUANT.]] -> 184.96
A39: 6 | E39: EXECUCAO DE DRENO VERTICAL COM PEDRISCO E MANTA GEOTÊXTIL, DIAMETRO 150 MM | F39: M | I39: =SUBTOTAL(9,I40:I43) -> 99.2797
C40: SINAPI | D40: 4720 | E40: PEDRA BRITADA N. 0, OU PEDRISCO (4,8 A 9,5 MM) POSTO PEDREIRA/FORNECEDOR, SEM FRETE | F40: M³ | G40: =ROUND(((PI()*0.2^2)/4)*1,2) -> 0.03 | H40: =VLOOKUP(Tabela11[[#This Row],[CÓDIGO]],Tabela5[#All],5,0) -> 146.53 | I40: =Tabela11[[#This Row],[R$ UNITÁRIO]]*Tabela11[[#This Row],[QUANT.]] -> 4.3959
C41: SICOR | D41: ED-29801 | E41: LOCACAO DE PERFURATRIZ PNEUMATICA DE PESO MEDIO, * 24 * KG, PARA ROCHA | F41: M³ | G41: =ROUND(((PI()*0.2^2)/4)*1,2) -> 0.03 | H41: =VLOOKUP(Tabela11[[#This Row],[CÓDIGO]],Tabela5[#All],5,0) -> 232.76 | I41: =Tabela11[[#This Row],[R$ UNITÁRIO]]*Tabela11[[#This Row],[QUANT.]] -> 6.9828
C42: SINAPI | D42: 88316 | E42: SERVENTE COM ENCARGOS COMPLEMENTARES | F42: H | G42: 4 | H42: =VLOOKUP(Tabela11[[#This Row],[CÓDIGO]],Tabela5[#All],5,0) -> 20.92 | I42: =Tabela11[[#This Row],[R$ UNITÁRIO]]*Tabela11[[#This Row],[QUANT.]] -> 83.68
C43: SINAPI | D43: 4011 | E43: GEOTEXTIL NAO TECIDO AGULHADO DE FILAMENTOS CONTINUOS 100% POLIESTER, RESITENCIA A TRACAO = 10 KN/M | F43: M² | G43: =ROUND(PI()*0.2*1,2) -> 0.63 | H43: =VLOOKUP(Tabela11[[#This Row],[CÓDIGO]],Tabela5[#All],5,0) -> 6.7 | I43: =Tabela11[[#This Row],[R$ UNITÁRIO]]*Tabela11[[#This Row],[QUANT.]] -> 4.221

Sheet LOTE 01-BDI
A1: IMPLANTAÇÃO DO RESERVATÓRIO ESTRELA DO SUL PLANILHA DE CÁLCULO DO BDI
A2: DISCRIMINAÇÃO DAS PARCELAS | B2: SIG. (1) | E2: INC.(5)
C3: ISS | D3: DIFERENCIADO
C4: 0.05 | D4: MATERIAL(3)
A5: CUSTO DIRETO | B5: CD | C5: 1 | D5: 1
A6: ADMINISTRAÇÃO CENTRAL | B6: AC | C6: 0.055 | D6: 0.027 | E6: CD
A7: LUCRO BRUTO | B7: L | C7: 0.075 | D7: 0.037 | E7: CD
A8: DESPESAS FINANCEIRAS | B8: DF | C8: 0.009 | D8: 0.009 | E8: CD
A9: SEGUROS, GARANTIAS E RISCO | C9: =SUM(C10:C11) -> 0.0225 | D9: =SUM(D10:D11) -> 0.0225 | E9: CD
A10: SEGUROS + GARANTIAS | B10: S | C10: 0.01 | D10: 0.01 | E10: CD
A11: RISCO(*) | B11: R | C11: 0.0125 | D11: 0.0125 | E11: CD
A12: TRIBUTOS | B12: I | C12: =SUM(C13:C15) -> 0.0615 | D12: =SUM(D13:D15) -> 0.0365 | E12: PV
A13: ISS | B13: ISS(2) | C13: =$C$4*50% -> 0.025 | D13: - | E13: PV
A14: PIS | B14: PIS | C14: 0.0065 | D14: 0.0065 | E14: PV
A15: COFINS | B15: COF | C15: 0.03 | D15: 0.03 | E15: PV
A16: CPRB | B16: INSS | C16: 0.027 | D16: 0.027 | E16: PV
A18: FÓRMULA DO BDI | C18: (1 + (AC + S + G + R)) x (1 + DF) x (1 + L)
C19: (1 - (I + CPRB))
A20: PARCELA DO NUMERADOR | C20: =(1+(C6+C9))*(1+C8)*(1+C7)-1 -> 0.16873731 | D20: =(1+(D6+D9))*(1+D8)*(1+D7)-1 -> 0.098126483
A21: PARCELA DO DENOMINADOR | C21: =(1-(C12+C16)) -> 0.9115 | D21: =(1-(D12+D16)) -> 0.9365
A22: BDI | C22: =(1+C20)/C21-1 -> 0.28221318 | D22: =(1+D20)/D21-1 -> 0.17258567
A23: OBSERVAÇÕES
A24: BDI (CONFORME ACÓRDÃO Nº 2622/13 e LEI Nº 13.161 DE 31/08/15) (1) SIGLA. (2) QUANTO AO ISS O TCU ORIENTA OBSERVAR A LEGISLAÇÃO DO MUNICÍPIO. NO REFERIDO ACÓRDÃO O TCU PARTIU DA PREMISSA DE INCIDÊNCIA DO ISS EM 50% DO PREÇO DE VENDA, MARIANA ADOTA ISS DE 5% INCIDENTE SOBRE OBRAS E SERVIÇOS DE ENGENHARIA. (3) BDI DIFERENCIADO A SER APLICADO EM CASOS DE FORNECIMENTO DE MATERIAIS E EQUIPAMENTOS. EX. CONJUNTO MOTOBOMBAS, TUBOS E CONEXÕES FOFO, QCM, QGBT, ETC. (4) BDI DIFERENCIADO A SER APLICADO PARA SERVIÇOS. (5) INCIDÊNCIA.

Sheet LOTE 02-ORÇAMENTO
A1: ITEM | B1: BASE | C1: CÓDIGO | D1: DESCRIÇÃO | E1: UNID. | F1: QUANT. | G1: UNITÁRIO SEM BDI | H1: UNITÁRIO COM BDI | I1: TOTAL | X1: BDI 1 | Y1: 0.2684
D2: RAP ESTRELA DO SUL | X2: BDI 2 | Y2: 0.2075
A3: 1 | D3: FORNECIMENTO E MONTAGEM DE TANQUE RESERVATÓRIO METÁLICO DE 1.000 M³
A4: 1.1 | B4: COTAÇÃO | C4: 1 | D4: FORNECIMENTO E MONTAGEM DE RESERVATÓRIO, COM CAPACIDADE DE ARMAZENAMENTO DE ÁGUA DE 1000 M³, A SER IMPLANTADO NO BAIRRO ESTRELA DO SUL, MODELO CILÍNDRICO APOIADO SOBRE BASE DE CONCRETO COM DIÂMETRO APROXIMADO DE 14,5 M, CONSTRUÍDO EM CHAPA METÁLICA DE AÇO CARBONO, CONSIDERANDO OS SEGUINTES ACESSÓRIOS INCLUSOS: ESCADA FIXA TIPO MARINHEIRO INTERNA E EXTERNA, SENDO A EXTERNA COM GUARDA-CORPO; BOCAL PARA INSPEÇÃO NA TAMPA SUPERIOR COM DIÂMETRO MÍNIMO DE 500 MM; CONEXÕES DE ENTRADA DE ÁGUA; CONEXÕES DE SAÍDA DE ÁGUA; DRENO PARA LIMPEZA; EXTRAVASOR; BOIA; SUPORTES COM ABRAÇADEIRAS PARA FIXAÇÃO DA TUBULAÇÃO; CORRIMÃO DE BORDA NO TETO COM 1,0 M DE ALTURA E SUPORTE DE PARA-RAIO E AINDA CONSIDERANDO ESTRUTURA TOTALMENTE REVESTIDA, CONFORME DESCRIÇÃO COMPLEMENTAR CONTIDA NO TERMO DE REFERÊNCIA, ANEXO DO EDITAL | E4: UNID | F4: 1 | G4: ='LOTE 02-MAPA_DE_COTAÇÕES'!F2 -> 926957 | H4: =Tabela36[[#This Row],[UNITÁRIO SEM BDI]] -> 926957 | I4: =ROUND(H4*F4,2) -> 926957
H5: TOTAL | I5: =SUBTOTAL(9,I3:I4) -> 926957 | W5: =SUM(W2:W4) -> 0 | Z5: =SUM(Z3:Z4) -> 0 | AB5: =SUM(AB3:AB4) -> 0
W6: =I5-W5 -> 926957

Sheet LOTE 02-CRONO FÍSICO-FINANCEIRO
A1: Meta | B1: Descrição | C1: Valor | D1: % | E1: Mês 1 | F1: Mês 2 | G1: Mês 3 | H1: Mês 4 | I1: Mês 5
A2: 1 | B2: FORNECIMENTO E MONTAGEM DE TANQUE RESERVATÓRIO METÁLICO DE 1.000 M³ - RAP 2 | C2: ='LOTE 02-ORÇAMENTO'!I5 -> 926957 | D2: =C2/$C$12 -> 1 | G2: =C2*40% -> 370782.8 | H2: =C2*60% -> 556174.2
E3: =E2/$C$2 -> 0 | F3: =F2/$C$2 -> 0 | G3: =G2/$C$2 -> 0.4 | H3: =H2/$C$2 -> 0.6 | I3: =I2/$C$2 -> 0
B12: TOTAL SIMPLES | C12: =SUM(C2:C11) -> 926957 | D12: =SUM(D2:D11) -> 1 | E12: =SUM(E2) -> 0 | F12: =SUM(F2) -> 0 | G12: =SUM(G2) -> 370782.8 | H12: =SUM(H2) -> 556174.2 | I12: =SUM(I2) -> 0
B13: % SIMPLES | E13: =($D$2*E3) -> 0 | F13: =($D$2*F3) -> 0 | G13: =($D$2*G3) -> 0.4 | H13: =($D$2*H3) -> 0.6 | I13: =($D$2*I3) -> 0
B14: TOTAL ACUMULADO | E14: =E12 -> 0 | F14: =F12+E14 -> 0 | G14: =G12+F14 -> 370782.8 | H14: =H12+G14 -> 926957
B15: % ACUMULADO | E15: =E13 -> 0 | F15: =F13+E15 -> 0 | G15: =G13+F15 -> 0.4 | H15: =H13+G15 -> 1

Sheet LOTE 02-MAPA_DE_COTAÇÕES
A1: ID | B1: EMPRESA | ITEM | C1: CNPJ | D1: CONTATO | E1: DATA | F1: VALOR
A2: 1 | B2: FORNECIMENTO E MONTAGEM DE RESERVATÓRIO, COM CAPACIDADE DE ARMAZENAMENTO DE ÁGUA DE 1000 M³, ..., CONFORME DESCRIÇÃO COMPLEMENTAR CONTIDA NO TERMO DE REFERÊNCIA, ANEXO DO EDITAL | F2: =MEDIAN(F3:F5) -> 926957
A3: 1 | B3: FORTMETAL METALURGICA LTDA | C3: 04.229.520/0001-21 | D3: Ubirajara A Santos tel. 31 9 9984-9061 | E3: 46064 | F3: 890000
A4: 2 | B4: METALÚRGICA RPL LTDA | C4: 02.899.143/0001-02 | D4: Proposta nº 0297/26 tamiris@rplreservatorios.com.br | E4: 46072 | F4: 988923.6
A5: 3 | B5: DIPAWA RESERVATÓRIOS METÁLICOS LTDA | C5: 55.456.602/0001-40 | D5: Proposta nº 17874 Cássia Nazaré de Souza 14 3404-3844 | E5: 46071 | F5: 926957

Sheet CURVA_ABC_APOIO
A1: ITEM | B1: CÓDIGO | C1: DESCRIÇÃO | D1: UNID. | E1: QUANT. | F1: UNITÁRIO COM BDI | G1: CUSTO TOTAL | H1: % CUSTO TOTAL | I1: % ACUMULADA | J1: CURVA ABC
A2: 1 | C2: MOBILIZAÇÃO E SERVIÇOS DE APOIO | G2: 152005.48
A3: 1.1 | C3: MOBILIZAÇÃO E DESMOBILIZAÇÃO | G3: 6787.8
A4: 1.1.1 | B4: 100947 | C4: TRANSPORTE COM CAMINHÃO CARROCERIA 9T, EM VIA URBANA PAVIMENTADA, DMT ATÉ 30KM | D4: TxKM | E4: 540 | F4: 2.76 | G4: 1490.4
A5: 1.1.2 | B5: 100948 | C5: TRANSPORTE COM CAMINHÃO CARROCERIA 9T, EM VIA URBANA PAVIMENTADA, ADICIONAL PARA DMT EXCEDENTE A 30 KM | D5: TxKM | E5: 4860 | F5: 1.09 | G5: 5297.4
A6: 1.2 | C6: SERVIÇOS DE APOIO | G6: 145217.68
A7: 1.2.1 | B7: 10777 | C7: LOCACAO DE CONTAINER 2,30 X 4,30 M, ALT. 2,50 M, PARA SANITARIO, COM 3 BACIAS, 4 CHUVEIROS, 1 LAVATORIO E 1 MICTORIO | D7: MÊS | E7: 7 | F7: 1483.35 | G7: 10383.45
A8: 1.2.2 | B8: 10775 | C8: LOCACAO DE CONTAINER 2,30 X 6,00 M, ALT. 2,50 M, COM 1 SANITARIO, PARA ESCRITORIO, COMPLETO, SEM DIVISORIAS INTERNAS | D8: MÊS | E8: 7 | F8: 1306.45 | G8: 9145.15
A9: 1.2.3 | B9: 10776 | C9: LOCACAO DE CONTAINER 2,30 X 6,00 M, ALT. 2,50 M, PARA ALMOXARIFADO, SEM DIVISORIAS INTERNAS E SEM SANITARIO | D9: MÊS | E9: 7 | F9: 1020.65 | G9: 7144.55
A10: 1.2.4 | B10: 65002555 | C10: GRUPO GERADOR DE ENERGIA ELETRICA, COM MOTOR A GASOLINA, POTENCIA DE 5KVA - HORA PRODUTIVA | D10: CHP | E10: 1344 | F10: 10.85 | G10: 14582.4
A11: 1.2.5 | B11: 65002556 | C11: GRUPO GERADOR DE ENERGIA ELETRICA, COM MOTOR A GASOLINA, POTENCIA DE 5KVA - HORA IMPRODUTIVA | D11: CHI | E11: 2688 | F11: 0.81 | G11: 2177.28
A12: 1.2.6 | B12: 37524 | C12: TELA PLÁSTICA LARANJA, TIPO TAPUME PARA SINALIZAÇÃO, MALHA RETANGULAR, ROLO 1,20 X 50,00 M (L X C) | D12: M | E12: 270 | F12: 2.35 | G12: 634.5
A13: 1.2.7 | B13: 65000010 | C13: SINALIZAÇÃO POR MEIO DE CONES, FORNECIMENTO E MOVIMENTAÇÃO | D13: UNID | E13: 600 | F13: 1.44 | G13: 864
A14: 1.2.8 | B14: ED-50155 | C14: LOCAÇÃO DE BANHEIRO QUÍMICO, DIMENSÕES (110X120X230)CM, LINHA PADRÃO, CONTENDO UMA (1) PIA/HIGIENIZADOR DE MÃOS, INCLUSIVE MANUTENÇÃO E MOBILIZAÇÃO/DESMOBILIZAÇÃO, CONSIDERANDO 2 UNIDADES | D14: MÊS | E14: 14 | F14: 1141.56 | G14: 15981.84
A15: 1.2.9 | B15: 430103 | C15: TOPOGRAFIA - EQUIPE DE TOPOGRAFIA - OBRA | D15: MÊS | E15: 2 | F15: 20866.62 | G15: 41733.24
A16: 1.2.10 | B16: 450106 | C16: VIAGEM DE CAMINHÃO PIPA, CAPACIDADE DE 6000 L, INCLUSIVE ÁGUA E MÃO DE OBRA, TEMPO DE PERMANÊNCIA NA OBRA DE ATÉ 2 HORAS | D16: VG | E16: 42 | F16: 474.52 | G16: 19929.84
A17: 1.2.11 | B17: 65001001 | C17: VEICULO UTILITÁRIO LEVE, TIPO PICK-UP, COM CAPACIDADE DE CARGA DE 700 KG, CONSIDERANDO DISPONIBILIDADE E COMBUSTÍVEL | D17: MÊS | E17: 7 | F17: 3234.49 | G17: 22641.43
A18: 2 | C18: ADMINISTRAÇÃO LOCAL | G18: 405746.32
A19: 2.1. | C19: ADMINISTRAÇÃO LOCAL DA OBRA | G19: 405746.32
A20: 2.1.1 | B20: 90778 | C20: ENGENHEIRO DE OBRA, NÍVEL PLENO, COM ENCARGOS SOCIAIS (4 H/DIA X 5,5 DIAS/SEM X 4 SEM/MÊS X 7 MESES) | D20: H | E20: 1232 | F20: 134.99 | G20: 166307.68
A21: 2.1.2 | B21: 90776 | C21: ENCARREGADO GERAL, COM ENCARGOS SOCIAIS (1 ENCARREGADO X 8 H/DIA X 5,5 DIAS/SEM X 4 SEM/MÊS X 7 MESES) | D21: H | E21: 1232 | F21: 61.31 | G21: 75533.92
A22: 2.1.3 | B22: 40943 | C22: TECNICO EM SEGURANCA DO TRABALHO (4 H/DIA X 5,5 DIAS/SEM X 4 SEM/MÊS X 7 MESES) | D22: H | E22: 616 | F22: 39.05 | G22: 24054.8
A23: 2.1.4 | B23: 551096 | C23: VIGIA NOTURNO COM ENCARGOS COMPLEMENTARES (2 VIGIAS X 12 H/DIA X 7 DIAS/SEM X 4 SEM/MÊS X 7 MESES) | D23: H | E23: 4704 | F23: 29.73 | G23: 139849.92
A24: 3 | C24: IDENTIFICAÇÃO DA OBRA | G24: 1524.16
A25: 3.1 | B25: ED-28427 | C25: FORNECIMENTO E COLOCAÇÃO DE PLACA DE OBRA EM CHAPA GALVANIZADA #26, ESP. 0,45MM, DIMENSÃO 3x1,5 M, PLOTADA COM ADESIVO VINÍLICO, AFIXADA COM REBITES 4,8x40MM, EM ESTRUTURA METÁLICA DE METALON 20x20MM, ESP. 1,25MM, INCLUSIVE SUPORTE EM EUCALIPTO AUTOCLAVADO PINTADO COM TINTA PVA DUAS (2) DEMÃOS | D25: UNID | E25: 1 | F25: 1524.16 | G25: 1524.16
A26: 4 | C26: SUBSISTEMA NOSSA SENHORA APARECIDA | G26: 2487869.9
A27: 4.1 | C27: REMOÇÕES E RECOMPOSIÇÕES | G27: 88155.765
A28: 4.1.1 | C28: REMOÇÕES | G28: 32038.445
A29: 4.1.1.1 | B29: 97636 | C29: DEMOLIÇÃO PARCIAL DE PAVIMENTO ASFÁLTICO, DE FORMA MECANIZADA, SEM REAPROVEITAMENTO | D29: M² | E29: 292.87 | F29: 27.19 | G29: 7963.1353
A30: 4.1.1.2 | B30: 100982 | C30: CARGA, MANOBRA E DESCARGA DE ENTULHO EM CAMINHÃO BASCULANTE 10 M³ - CARGA COM ESCAVADEIRA HIDRÁULICA (CAÇAMBA DE 0,80 M³ / 111 HP) E DESCARGA LIVRE (UNIDADE: M3) | D30: M³ | E30: 620.74 | F30: 11.14 | G30: 6915.0436
A31: 4.1.1.3 | B31: 95875 | C31: TRANSPORTE COM CAMINHÃO BASCULANTE DE 10 M³, EM VIA URBANA PAVIMENTADA, DMT ATÉ 30 KM (UNIDADE: M3XKM) | D31: M³xKM | E31: 5276.26 | F31: 3.05 | G31: 16092.593
A32: 4.1.1.4 | B32: 100574 | C32: ESPALHAMENTO DE MATERIAL COM TRATOR DE ESTEIRAS | D32: M³ | E32: 620.74 | F32: 1.72 | G32: 1067.6728
A33: 4.1.2 | C33: RECOMPOSIÇÕES | G33: 56117.32
A34: 4.1.2.1 | B34: 65000456 | C34: PAVIMENTO ASFALTICO EM CBUQ, FAIXA "C", INCLUSIVE BASE ESPESSURA 20 CM E CAPA DE 5 CM, PARA FAIXA DE LARGURA ATE 3,50 M | D34: M2 | E34: 172 | F34: 200.81 | G34: 34539.32
A35: 4.1.2.2 | B35: 65000486 | C35: RECOMPOSICAO DE PAVIMENTO EM PRE-MOLDADO DE CONCRETO, COM REAPROVEITAMENTO DO MATERIAL DEMOLIDO, INCLUSIVE BASE ESPESSURA 20 CM | D35: M2 | E35: 200 | F35: 107.89 | G35: 21578
A36: 4.2 | C36: MOVIMENTAÇÃO DE TERRA | G36: 174072.54
A37: 4.2.1 | C37: CORTE E ATERRO | G37: 25691.551
A38: 4.2.1.1 | B38: 101115 | C38: ESCAVAÇÃO HORIZONTAL EM SOLO DE 1A CATEGORIA COM TRATOR DE ESTEIRAS (150HP/LÂMINA: 3,18M3) | D38: M³ | E38: 4202.85 | F38: 4.65 | G38: 19543.253
A39: 4.2.1.2 | B39: ED-51098 | C39: COMPACTAÇÃO MECÂNICA DE ATERRO COM ROLO VIBRATÓRIO A 95% DO PROCTOR NORMAL, INCLUSIVE ESPALHAMENTO | D39: M³ | E39: 1166.66 | F39: 5.27 | G39: 6148.2982
A40: 4.2.2 | C40: BOTA FORA | G40: 148380.99
A41: 4.2.2.1 | B41: 100980 | C41: CARGA, MANOBRA E DESCARGA DE SOLOS E MATERIAIS GRANULARES EM CAMINHÃO BASCULANTE 18 M³ - CARGA COM ESCAVADEIRA HIDRÁULICA (CAÇAMBA DE 1,20 M³ / 155 HP) E DESCARGA LIVRE (UNIDADE: M3) | D41: M³ | E41: 4167.42 | F41: 7.96 | G41: 33172.663
A42: 4.2.2.2 | B42: 95875 | C42: TRANSPORTE COM CAMINHÃO BASCULANTE DE 10 M³, EM VIA URBANA PAVIMENTADA, DMT ATÉ 30 KM (UNIDADE: M3XKM) | D42: M³xKM | E42: 35423.07 | F42: 3.05 | G42: 108040.36
A43: 4.2.2.3 | B43: 100574 | C43: ESPALHAMENTO DE MATERIAL COM TRATOR DE ESTEIRAS | D43: M³ | E43: 4167.42 | F43: 1.72 | G43: 7167.9624
A44: 4.3 | C44: SANEAMENTO | G44: 471218.34
A45: 4.3.1 | C45: DISTRIBUIÇÃO | G45: 74233.135
A46: 4.3.1.1 | B46: 97134 | C46: ASSENTAMENTO DE TUBO PVC DEFOFO, PARA REDE DE ÁGUA, DN 150 MM, JUNTA ELÁSTICA INTEGRADA, INSTALADO EM LOCAL COM NÍVEL BAIXO DE INTERFERÊNCIAS | D46: M | E46: 351 | F46: 4.52 | G46: 1586.52
A47: 4.3.1.2 | B47: 9828 | C47: TUBO PVC DEFOFO, JEI, 1 MPA, DN 150 MM, CONFORME NBR 7665, ITEM 01 | D47: M | E47: 351 | F47: 142.58 | G47: 50045.58
A48: 4.3.1.3 | C48: CURVA 45º FOFO, COM FLANGES PN 10, DIAM. 150MM, REF. C45FF10, ITEM 02 | D48: UNID | E48: 1 | F48: 725.65 | G48: 725.65
A49: 4.3.1.4 | C49: VÁLVULA DE GAVETA COM FLANGES COM CUNHA DE BORRACHA, CORPO CURTO, PN10, DN 150MM, REF. EURO 23 R23FV10, ITEM 03 | D49: UNID | E49: 1 | F49: 2173.5 | G49: 2173.5
A50: 4.3.1.5 | C50: TUBO FOFO, COM FLANGES, PN10, L = 2,45 M, DN 150 MM, REF. TFL10, ITEM 04 | D50: UNID | E50: 1 | F50: 5507.35 | G50: 5507.35
A51: 4.3.1.6 | C51: TUBO FOFO, FLANGE E PONTA, PN10, L= 4,70 M, DN 150 MM, REF. TFP10, ITEM 05 | D51: UNID | E51: 1 | F51: 7035.61 | G51: 7035.61
A52: 4.3.1.7 | C52: CURVA 45º FOFO, COM BOLSAS, JGS, PN 10, DN 150 MM, REF. C45JGS ITEM 07 | D52: UNID | E52: 1 | F52: 454.64 | G52: 454.64
A53: 4.3.1.8 | C53: HIDROMETRO WOLTMANN, FLANGEADO, DN 150 MM, RELOJOARIA PLANA, TURBINA HORIZONTAL, AXIAL, ITEM 08 | D53: UNID | E53: 1 | F53: 5009.6 | G53: 5009.6
A54: 4.3.1.9 | B54: 35000202 | C54: PARAFUSO COM PORCA PARA FLANGE DN16x80, CONFORME NBR7675 | D54: UNID | E54: 40 | F54: 7.91 | G54: 316.4
A55: 4.3.1.10 | B55: 25003568 | C55: ARRUELA DE BORRACHA PARA FLANGE DN 150 MM | D55: UNID | E55: 5 | F55: 6.3 | G55: 31.5
A56: 4.3.1.11 | B56: 65000403 | C56: MONTAGENS ESPECIAIS EM FERRO FUNDIDO | D56: KG | E56: 258.5 | F56: 5.21 | G56: 1346.785
A57: 4.3.2 | C57: RESERVATÓRIO 1 COM CAPACIDADE DE 20 M³ | G57: 44166.315
A58: 4.3.2.1 | C58: TOCO FOFO, COM FLANGES, PN10, L = 0,25 M, DN 80 MM, REF. TOF10, ITEM 01 | D58: UNID | E58: 1 | F58: 499.84 | G58: 499.84
A59: 4.3.2.2 | C59: CURVA 90° FOFO, COM FLANGES, PN10, DN 80 MM, REF. C90FF10, ITEM 02 | D59: UNID | E59: 2 | F59: 699.77 | G59: 1399.54
A60: 4.3.2.3 | C60: VÁLVULA DE GAVETA COM FLANGES COM CUNHA DE BORRACHA, CORPO CURTO, PN10, DN 80MM, REF. EURO 23 R23FV10, ITEM 03 | D60: UNID | E60: 1 | F60: 1205.31 | G60: 1205.31
A61: 4.3.2.4 | C61: RESERVATÓRIO METÁLICO, EM AÇO CARBONO, CILÍNDRICO VERTICAL, APOIADO, CAP. 20M³, ITEM 04 | D61: UNID | E61: 1 | F61: 35717.85 | G61: 35717.85
A62: 4.3.2.5 | C62: FLANGE DE 4 FUROS, EM AÇO CARBONO LISO, ROSCA BSP INTERNA, DN 3", ANSI B16.5 150 LBS, ITEM 06 | D62: UNID | E62: 1 | F62: 221.52 | G62: 221.52
A63: 4.3.2.6 | B63: 4182 | C63: NIPLE DUPLO, FERRO GALVANIZADO, ROSCA BSP, DN 80 MM, CONFORME NBR6943, ITEM 07 | D63: UNID | E63: 1 | F63: 110.94 | G63: 110.94
A64: 4.3.2.7 | B64: 97450 | C64: LUVA COM REDUÇÃO, EM AÇO, CONEXÃO SOLDADA, DN 80 MM X 65 MM (3" X 2 1/2"), INSTALADO EM PRUMADAS - FORNECIMENTO E INSTALAÇÃO, ITEM 08 | D64: UNID | E64: 1 | F64: 382.35 | G64: 382.35
A65: 4.3.2.8 | C65: TUBO FOFO, COM FLANGES, PN10, L = 2,10 M, DN 80 MM, REF. TFL10, ITEM 09 | D65: UNID | E65: 1 | F65: 4030.39 | G65: 4030.39
A66: 4.3.2.9 | B66: 35000202 | C66: PARAFUSO COM PORCA PARA FLANGE DN16x80, CONFORME NBR7675 | D66: UNID | E66: 24 | F66: 7.91 | G66: 189.84
A67: 4.3.2.10 | B67: 25003732 | C67: ARRUELA DE BORRACHA PARA FLANGE DN 80 MM | D67: UNID | E67: 3 | F67: 3.06 | G67: 9.18
A68: 4.3.2.11 | B68: 65000403 | C68: MONTAGENS ESPECIAIS EM FERRO FUNDIDO | D68: KG | E68: 76.69 | F68: 5.21 | G68: 399.5549
A69: 4.3.3 | C69: POÇO ARTESIANO E BARRILETE | G69: 48467.767
A70: 4.3.3.1 | B70: 92349 | C70: LUVA, FERRO GALVANIZADO, ROSCA BSP, DN 80 MM, CONFORME NBR 6943, ITEM 01 | D70: UNID | E70: 13 | F70: 166.35 | G70: 2162.55
A71: 4.3.3.2 | B71: 92343 | C71: TUBO, FERRO GALVANIZADO, COM COSTURA, CLASSE MÉDIA, DN 80 MM, CONFORME NBR 6943, ITEM 02 | D71: M | E71: 81.66 | F71: 217.92 | G71: 17795.347
A72: 4.3.3.3 | B72: 1185 | C72: CAP PVC JS DN 15 MM, CONFORME NBR 5648, ITEM 03 | D72: UNID | E72: 2 | F72: 1.71 | G72: 3.42
A73: 4.3.3.4 | B73: 9867 | C73: TUBO PVC SOLDAVEL DN 20MM, CONFORME NBR 5648, ITEM 04 | D73: M | E73: 81.66 | F73: 5.06 | G73: 413.1996
A74: 4.3.3.5 | B74: 92343 | C74: TUBO, FERRO GALVANIZADO, COM COSTURA, CLASSE MÉDIA, DN 80 MM, CONFORME NBR 6943, ITEM 05 | D74: M | E74: 1 | F74: 217.92 | G74: 217.92
A75: 4.3.3.6 | B75: MATED-13036 | C75: ABRAÇADEIRA CHAPA 12,5 X 75 X 260 MM, EM AÇO ASTM-A 36, ITEM 06 | D75: UNID | E75: 2 | F75: 12.35 | G75: 24.7
A76: 4.3.3.7 | B76: 65001108 | C76: TAMPA EM CHAPA DE 6 MM X Ø210, EM AÇO ASTM-A 36 PARA TUBO CAMISA DN 150, ITEM 08 | D76: UNID | E76: 1 | F76: 117.74 | G76: 117.74
A77: 4.3.3.8 | B77: 35000202 | C77: PARAFUSO COM PORCA PARA FLANGE DN16x80, CONFORME NBR7675 | D77: UNID | E77: 4 | F77: 7.91 | G77: 31.64
A78: 4.3.3.9 | B78: 105207 | C78: CURVA 90º, FERRO GALVANIZADO, MF, ROSCA BSP, DN 80 MM, CONFORME NBR6943, ITEM 10 | D78: UNID | E78: 1 | F78: 417.54 | G78: 417.54
A79: 4.3.3.10 | B79: 6310 | C79: TÊ REDUÇÃO, FERRO GALVANIZADO, ROSCA BSP, DN 80 x 25 MM, CONFORME NBR 6943, ITEM 11 | D79: UNID | E79: 1 | F79: 248.25 | G79: 248.25
A80: 4.3.3.11 | B80: 4182 | C80: NIPLE DUPLO, FERRO GALVANIZADO, ROSCA BSP, DN 80 MM, CONFORME NBR6943, ITEM 12 | D80: UNID | E80: 5 | F80: 110.94 | G80: 554.7
A81: 4.3.3.12 | B81: 9890 | C81: UNIÃO COM ACENTO PLANO, FERRO GALVANIZADO, ROSCA BSP, DN 80 MM, CONFORME NBR 6943, ITEM 13 | D81: UNID | E81: 1 | F81: 330.95 | G81: 330.95
A82: 4.3.3.13 | B82: 4179 | C82: NIPLE DUPLO, FERRO GALVANIZADO, ROSCA BSP, DN 25 MM, CONFORME NBR6943, ITEM 12 | D82: UNID | E82: 2 | F82: 14.65 | G82: 29.3
A83: 4.3.3.14 | C83: VENTOSA SIMPLES EM FERRO FUNDIDO, VSCR25, COM ROSCA, DIAM. 1", ITEM 15 | D83: UNID | E83: 1 | F83: 922.73 | G83: 922.73
A84: 4.3.3.15 | B84: 6019 | C84: REGISTRO GAVETA ROSCA BRONZE 1", ITEM 16 | D84: UNID | E84: 1 | F84: 95.44 | G84: 95.44
A85: 4.3.3.16 | B85: MATED-11545 | C85: VALVULA DE RETENÇÃO, PORTINHOLA SIMPLES, ROSCA BSP, DIAM. 3", ITEM 17 | D85: UNID | E85: 1 | F85: 665.07 | G85: 665.07
A86: 4.3.3.17 | B86: 6012 | C86: REGISTRO GAVETA ROSCA BRONZE 3", ITEM 18 | D86: UNID | E86: 2 | F86: 574.33 | G86: 1148.66
A87: 4.3.3.18 | B87: 6322 | C87: TÊ, FERRO GALVANIZADO, ROSCA BSP, DN 80 MM, CONFORME NBR 6943, ITEM 19 | D87: UNID | E87: 1 | F87: 213.86 | G87: 213.86
A88: 4.3.3.19 | B88: 4182 | C88: NIPLE DUPLO, FERRO GALVANIZADO, ROSCA BSP, DN 80 MM, CONFORME NBR6943, ITEM 20 | D88: UNID | E88: 1 | F88: 110.94 | G88: 110.94
A89: 4.3.3.20 | C89: FLANGE DE 4 FUROS, EM AÇO CARBONO LISO, ROSCA BSP INTERNA, DN 3", ANSI B16.5 150 LBS, ITEM 21 | D89: UNID | E89: 1 | F89: 221.52 | G89: 221.52
A90: 4.3.3.21 | C90: CONJUNTO MOTOBOMBA SUBMERSÍVEL PARA POÇO TUBULAR PROFUNDO, PARA O PONTO DE OPERAÇÃO Q = 43,00 M³/H E Hman = 91,00 M, REF. LEÃO S40-08 600, 20CV, 220 V, CÓD. 87520824-00 OU SIMILAR | D90: UNID | E90: 1 | F90: 21855.75 | G90: 21855.75
A91: 4.3.3.22 | B91: 65001085 | C91: MONTAGEM E INSTALAÇÃO DE POÇO TUBULAR PROFUNDO, DIÂMETRO DA TUBULAÇÃO DE EXTRAÇÃO DE 3", PROFUNDIDADE DE INSTALAÇÃO DA BOMBA ENTRE 60 M E 120 M | D91: UNID | E91: 1 | F91: 886.54 | G91: 886.54
A92: 4.3.4 | C92: CAIXA DE SAÍDA DO RECALQUE DA EEAT | G92: 8321.95
A93: 4.3.4.1 | B93: 1777 | C93: CURVA FÊMEA 45º, FERRO GALVANIZADO, ROSCA BSP, DN 40 MM, CONFORME NBR 6943, ITEM 01 | D93: UNID | E93: 2 | F93: 104.82 | G93: 209.64
A94: 4.3.4.2 | B94: 3927 | C94: LUVA DE REDUÇÃO, FERRO GALVANIZADO, ROSCA BSP, DN 65 x 40 MM, CONFORME NBR 6943, ITEM 02 | D94: UNID | E94: 1 | F94: 86.73 | G94: 86.73
A95: 4.3.4.3 | B95: 4202 | C95: NIPLE DUPLOS DE REDUÇÃO, FERRO GALVANIZADO, ROSCA BSP, DN 80 x 65 MM, CONFORME NBR 6943, ITEM 03 | D95: UNID | E95: 1 | F95: 172.52 | G95: 172.52
A96: 4.3.4.4 | B96: 3934 | C96: LUVA DE REDUÇÃO, FERRO GALVANIZADO, ROSCA BSP, DN 100 x 80 MM, CONFORME NBR 6943, ITEM 04 | D96: UNID | E96: 1 | F96: 228.17 | G96: 228.17
A97: 4.3.4.5 | B97: 4183 | C97: NIPLE DUPLO, FERRO GALVANIZADO, ROSCA BSP, DN 100 MM, CONFORME NBR 6943, ITEM 05 | D97: UNID | E97: 2 | F97: 178.61 | G97: 357.22
A98: 4.3.4.6 | C98: FLANGE DE 8 FUROS, EM AÇO CARBONO LISO, ROSCA BSP INTERNA, DN 1 1/2", ANSI B16.5 150 LBS, ITEM 06 | D98: UNID | E98: 1 | F98: 110.73 | G98: 110.73
A99: 4.3.4.7 | C99: EXTREMIDADE FOFO, FLANGE E BOLSA, PN10, DN 100 MM, REF. EFJGS10, ITEM 07 | D99: UNID | E99: 1 | F99: 380.5 | G99: 380.5
A100: 4.3.4.8 | C100: TÊ FOFO, COM FLANGES, PN10, DN 100 MM, REF. TFF10, ITEM 09 | D100: UNID | E100: 1 | F100: 687.04 | G100: 687.04
...

Sheet CURVA_ABC
A1: ITEM | B1: CÓDIGO | C1: DESCRIÇÃO | D1: UNID. | E1: QUANT. | F1: UNITÁRIO COM BDI | G1: CUSTO TOTAL | H1: CUSTO TOTAL ACUMULADO | I1: % ACUMULADO | J1: ID
A2: 4.7.14.3.1 | C2: FORNECIMENTO E MONTAGEM DE RESERVATÓRIO, COM CAPACIDADE DE ARMAZENAMENTO DE ÁGUA DE 1000 M³, A SER IMPLANTADO NO BAIRRO NOSSA SENHORA APARECIDA, MODELO CILÍNDRICO APOIADO SOBRE BASE DE CONCRETO COM DIÂMETRO APROXIMADO DE 13,0 M, CONSTRUÍDO EM CHAPA METÁLICA DE AÇO CARBONO, CONSIDERANDO OS SEGUINTES ACESSÓRIOS INCLUSOS: ESCADA FIXA TIPO MARINHEIRO INTERNA E EXTERNA, SENDO A EXTERNA COM GUARDA-CORPO; BOCAL PARA INSPEÇÃO NA TAMPA SUPERIOR COM DIÂMETRO MÍNIMO DE 500 MM; CONEXÕES DE ENTRADA DE ÁGUA; CONEXÕES DE SAÍDA DE ÁGUA; DRENO PARA LIMPEZA; EXTRAVASOR; BOIA; SUPORTES COM ABRAÇADEIRAS PARA FIXAÇÃO DA TUBULAÇÃO; CORRIMÃO DE BORDA NO TETO COM 1,0 M DE ALTURA E SUPORTE DE PARA-RAIO E AINDA CONSIDERANDO ESTRUTURA TOTALMENTE REVESTIDA, CONFORME DESCRIÇÃO COMPLEMENTAR CONTIDA NO TERMO DE REFERÊNCIA, ANEXO DO EDITAL | D2: UNID | E2: 1 | F2: 948763.2 | G2: 948763.2 | H2: =SUM($G$2:G2) -> 948763.2 | I2: =Tabela2[[#This Row],[CUSTO TOTAL ACUMULADO]]/$H$449 -> 0.30592268 | J2: 1
A3: 2.1.1 | B3: 90778 | C3: ENGENHEIRO DE OBRA, NÍVEL PLENO, COM ENCARGOS SOCIAIS (4 H/DIA X 5,5 DIAS/SEM X 4 SEM/MÊS X 7 MESES) | D3: H | E3: 1232 | F3: 134.99 | G3: 166307.68 | H3: =SUM($G$2:G3) -> 1115070.9 | I3: =Tabela2[[#This Row],[CUSTO TOTAL ACUMULADO]]/$H$449 -> 0.35954753 | J3: 2
A4: 4.11.2.1 | C4: QCM-1 PAINEL DE COMANDO COM SISTEMA ELETRÔNICO : ARMÁRIO EM CHAPA DE AÇO PARA INSTALAÇÃO ABRIGADA PARA ACIONAMENTO DO CONJUNTO MOTO BOMBA,COM PARTIDA , INVERSOR , SINALIZADOR , CHAVE SELETORA , CONTATOR AUXILIAR , VENTOINHA , FILTRO ,GRADE ,CONTATOR , PARA 2 MOTORES TRIFASICOS DE 1,6 KW - 220V | D4: UNID | E4: 1 | F4: 143304.89 | G4: 143304.89 | H4: =SUM($G$2:G4) -> 1258375.8 | I4: =Tabela2[[#This Row],[CUSTO TOTAL ACUMULADO]]/$H$449 -> 0.40575528 | J4: 3
A5: 2.1.4 | B5: 551096 | C5: VIGIA NOTURNO COM ENCARGOS COMPLEMENTARES (2 VIGIAS X 12 H/DIA X 7 DIAS/SEM X 4 SEM/MÊS X 7 MESES) | D5: H | E5: 4704 | F5: 29.73 | G5: 139849.92 | H5: =SUM($G$2:G5) -> 1398225.7 | I5: =Tabela2[[#This Row],[CUSTO TOTAL ACUMULADO]]/$H$449 -> 0.450849 | J5: 4
A6: 4.2.2.2 | B6: 95875 | C6: TRANSPORTE COM CAMINHÃO BASCULANTE DE 10 M³, EM VIA URBANA PAVIMENTADA, DMT ATÉ 30 KM (UNIDADE: M3XKM) | D6: M³xKM | E6: 35423.07 | F6: 3.05 | G6: 108040.36 | H6: =SUM($G$2:G6) -> 1506266.1 | I6: =Tabela2[[#This Row],[CUSTO TOTAL ACUMULADO]]/$H$449 -> 0.48568593 | J6: 5
A7: 4.3.6.28 | C7: CONJUNTO MOTOBOMBA, CENTRIFUGA, HORIZONTAL, PARA O PONTO DE OPERAÇÃO Q = 42,72 M³/H E Hman = 115,00 M, DIÂM. SUCÇÃO 2 1/2', DIÂM. RECALQUE 1 1/2', REF. SCHENEIDER, MODELO 065-040-250, F/MANC, 40 CV, DIÂM. DO ROTOR 246 MM, 60HZ, 220 V OU MODELO SIMILAR DE OUTRO FABRICANTE | D7: UNID | E7: 2 | F7: 39243.75 | G7: 78487.5 | H7: =SUM($G$2:G7) -> 1584753.6 | I7: =Tabela2[[#This Row],[CUSTO TOTAL ACUMULADO]]/$H$449 -> 0.51099373 | J7: 6
A8: 2.1.2 | B8: 90776 | C8: ENCARREGADO GERAL, COM ENCARGOS SOCIAIS (1 ENCARREGADO X 8 H/DIA X 5,5 DIAS/SEM X 4 SEM/MÊS X 7 MESES) | D8: H | E8: 1232 | F8: 61.31 | G8: 75533.92 | H8: =SUM($G$2:G8) -> 1660287.5 | I8: =Tabela2[[#This Row],[CUSTO TOTAL ACUMULADO]]/$H$449 -> 0.53534916 | J8: 7
A9: 4.11.3.1 | C9: QCM-2 PAINEL DE COMANDO COM SISTEMA ELETRÔNICO : ARMÁRIO EM CHAPA DE AÇO PARA INSTALAÇÃO ABRIGADA PARA ACIONAMENTO DO CONJUNTO MOTO BOMBA,COM PARTIDA , INVERSOR , SINALIZADOR , CHAVE SELETORA , CONTATOR AUXILIAR , VENTOINHA , FILTRO ,GRADE ,CONTATOR , PARA 2 MOTORES TRIFASICOS DE 1,6 KW - 220V | D9: UNID | E9: 1 | F9: 70115.9 | G9: 70115.9 | H9: =SUM($G$2:G9) -> 1730403.4 | I9: =Tabela2[[#This Row],[CUSTO TOTAL ACUMULADO]]/$H$449 -> 0.55795759 | J9: 8
A10: 4.7.14.1.3 | B10: 95875 | C10: TRANSPORTE COM CAMINHÃO BASCULANTE DE 10 M³, EM VIA URBANA PAVIMENTADA, DMT ATÉ 30 KM (UNIDADE: M3XKM) | D10: M³XKM | E10: 22022 | F10: 3.05 | G10: 67167.1 | H10: =SUM($G$2:G10) -> 1797570.5 | I10: =Tabela2[[#This Row],[CUSTO TOTAL ACUMULADO]]/$H$449 -> 0.5796152 | J10: 9
A11: 4.7.14.2.10 | B11: ED-48298 | C11: CORTE, DOBRA E MONTAGEM DE AÇO CA-50/60, INCLUSIVE ESPAÇADOR | D11: KG | E11: 4357.5 | F11: 14.43 | G11: 62878.725 | H11: =SUM($G$2:G11) -> 1860449.2 | I11: =Tabela2[[#This Row],[CUSTO TOTAL ACUMULADO]]/$H$449 -> 0.59989004 | J11: 10
A12: 4.3.1.2 | B12: 9828 | C12: TUBO PVC DEFOFO, JEI, 1 MPA, DN 150 MM, CONFORME NBR 7665, ITEM 01 | D12: M | E12: 351 | F12: 142.58 | G12: 50045.58 | H12: =SUM($G$2:G12) -> 1910494.8 | I12: =Tabela2[[#This Row],[CUSTO TOTAL ACUMULADO]]/$H$449 -> 0.61602692 | J12: 11
A13: 4.7.14.2.9 | B13: ED-49630 | C13: FORNECIMENTO DE CONCRETO ESTRUTURAL, USINADO, COM FCK 25MPA, INCLUSIVE LANÇAMENTO, ADENSAMENTO E ACABAMENTO | D13: M³ | E13: 52.6 | F13: 929.31 | G13: 48881.706 | H13: =SUM($G$2:G13) -> 1959376.5 | I13: =Tabela2[[#This Row],[CUSTO TOTAL ACUMULADO]]/$H$449 -> 0.63178852 | J13: 12
A14: 4.15.1.1 | B14: 65003863 | C14: AS BUILT | D14: UNID | E14: 25 | F14: 1743.21 | G14: 43580.25 | H14: =SUM($G$2:G14) -> 2002956.7 | I14: =Tabela2[[#This Row],[CUSTO TOTAL ACUMULADO]]/$H$449 -> 0.64584069 | J14: 13
A15: 1.2.9 | B15: 430103 | C15: TOPOGRAFIA - EQUIPE DE TOPOGRAFIA - OBRA | D15: MÊS | E15: 2 | F15: 20866.62 | G15: 41733.24 | H15: =SUM($G$2:G15) -> 2044690 | I15: =Tabela2[[#This Row],[CUSTO TOTAL ACUMULADO]]/$H$449 -> 0.65929731 | J15: 14
A16: 4.9.1.2 | B16: 2 | C16: MURO DE VEDAÇAO DE CONCRETO PREMOLDADO TIPO CALHA V, ALTURA LIVRE 2,5 M, INCLUINDO SAPATA EM CONCRETO DE 30CM X 50CM | D16: M | E16: 60 | F16: 654.63 | G16: 39277.8 | H16: =SUM($G$2:G16) -> 2083967.8 | I16: =Tabela2[[#This Row],[CUSTO TOTAL ACUMULADO]]/$H$449 -> 0.67196219 | J16: 15
A17: 4.3.2.4 | C17: RESERVATÓRIO METÁLICO, EM AÇO CARBONO, CILÍNDRICO VERTICAL, APOIADO, CAP. 20M³, ITEM 04 | D17: UNID | E17: 1 | F17: 35717.85 | G17: 35717.85 | H17: =SUM($G$2:G17) -> 2119685.6 | I17: =Tabela2[[#This Row],[CUSTO TOTAL ACUMULADO]]/$H$449 -> 0.68347918 | J17: 16
A18: 4.1.2.1 | B18: 65000456 | C18: PAVIMENTO ASFALTICO EM CBUQ, FAIXA "C", INCLUSIVE BASE ESPESSURA 20 CM E CAPA DE 5 CM, PARA FAIXA DE LARGURA ATE 3,50 M | D18: M2 | E18: 172 | F18: 200.81 | G18: 34539.32 | H18: =SUM($G$2:G18) -> 2154224.9 | I18: =Tabela2[[#This Row],[CUSTO TOTAL ACUMULADO]]/$H$449 -> 0.69461617 | J18: 17
A19: 4.2.2.1 | B19: 100980 | C19: CARGA, MANOBRA E DESCARGA DE SOLOS E MATERIAIS GRANULARES EM CAMINHÃO BASCULANTE 18 M³ - CARGA COM ESCAVADEIRA HIDRÁULICA (CAÇAMBA DE 1,20 M³ / 155 HP) E DESCARGA LIVRE (UNIDADE: M3) | D19: M³ | E19: 4167.42 | F19: 7.96 | G19: 33172.663 | H19: =SUM($G$2:G19) -> 2187397.6 | I19: =Tabela2[[#This Row],[CUSTO TOTAL ACUMULADO]]/$H$449 -> 0.70531248 | J19: 18
A20: 4.7.14.1.1 | B20: 101125 | C20: ESCAVAÇÃO HORIZONTAL, INCLUINDO CARGA E DESCARGA EM SOLO DE 1A CATEGORIA COM TRATOR DE ESTEIRAS (150HP/LÂMINA: 3,18M3) | D20: M³ | E20: 1728 | F20: 18.01 | G20: 31121.28 | H20: =SUM($G$2:G20) -> 2218518.9 | I20: =Tabela2[[#This Row],[CUSTO TOTAL ACUMULADO]]/$H$449 -> 0.71534734 | J20: 19
A21: 4.3.5.7 | B21: 25040775 | C21: TUBO PVC-O DEFOFO, ADUÇÃO, REF. AMANCO BIAX OU SIMILAR, PN 16, DN 100 MM | D21: M | E21: 520 | F21: 53.73 | G21: 27939.6 | H21: =SUM($G$2:G21) -> 2246458.5 | I21: =Tabela2[[#This Row],[CUSTO TOTAL ACUMULADO]]/$H$449 -> 0.72435629 | J21: 20
A22: 2.1.3 | B22: 40943 | C22: TECNICO EM SEGURANCA DO TRABALHO (4 H/DIA X 5,5 DIAS/SEM X 4 SEM/MÊS X 7 MESES) | D22: H | E22: 616 | F22: 39.05 | G22: 24054.8 | H22: =SUM($G$2:G22) -> 2270513.3 | I22: =Tabela2[[#This Row],[CUSTO TOTAL ACUMULADO]]/$H$449 -> 0.73211261 | J22: 21
A23: 4.3.12.4 | B23: 307731 | C23: APARELHO DE APOIO DE NEOPRENE FRETADO PARA ESTRUTURAS MOLDADAS NO LOCAL - FORNECIMENTO E INSTALAÇÃO | D23: DM³ | E23: 134.4 | F23: 172.41 | G23: 23171.904 | H23: =SUM($G$2:G23) -> 2293685.2 | I23: =Tabela2[[#This Row],[CUSTO TOTAL ACUMULADO]]/$H$449 -> 0.73958424 | J23: 22
A24: 1.2.11 | B24: 65001001 | C24: VEICULO UTILITÁRIO LEVE, TIPO PICK-UP, COM CAPACIDADE DE CARGA DE 700 KG, CONSIDERANDO DISPONIBILIDADE E COMBUSTÍVEL | D24: MÊS | E24: 7 | F24: 3234.49 | G24: 22641.43 | H24: =SUM($G$2:G24) -> 2316326.6 | I24: =Tabela2[[#This Row],[CUSTO TOTAL ACUMULADO]]/$H$449 -> 0.74688483 | J24: 23
A25: 4.3.3.21 | C25: CONJUNTO MOTOBOMBA SUBMERSÍVEL PARA POÇO TUBULAR PROFUNDO, PARA O PONTO DE OPERAÇÃO Q = 43,00 M³/H E Hman = 91,00 M, REF. LEÃO S40-08 600, 20CV, 220 V, CÓD. 87520824-00 OU SIMILAR | D25: UNID | E25: 1 | F25: 21855.75 | G25: 21855.75 | H25: =SUM($G$2:G25) -> 2338182.4 | I25: =Tabela2[[#This Row],[CUSTO TOTAL ACUMULADO]]/$H$449 -> 0.75393207 | J25: 24
A26: 4.1.2.2 | B26: 65000486 | C26: RECOMPOSICAO DE PAVIMENTO EM PRE-MOLDADO DE CONCRETO, COM REAPROVEITAMENTO DO MATERIAL DEMOLIDO, INCLUSIVE BASE ESPESSURA 20 CM | D26: M2 | E26: 200 | F26: 107.89 | G26: 21578 | H26: =SUM($G$2:G26) -> 2359760.4 | I26: =Tabela2[[#This Row],[CUSTO TOTAL ACUMULADO]]/$H$449 -> 0.76088976 | J26: 25
A27: 1.2.10 | B27: 450106 | C27: VIAGEM DE CAMINHÃO PIPA, CAPACIDADE DE 6000 L, INCLUSIVE ÁGUA E MÃO DE OBRA, TEMPO DE PERMANÊNCIA NA OBRA DE ATÉ 2 HORAS | D27: VG | E27: 42 | F27: 474.52 | G27: 19929.84 | H27: =SUM($G$2:G27) -> 2379690.2 | I27: =Tabela2[[#This Row],[CUSTO TOTAL ACUMULADO]]/$H$449 -> 0.76731601 | J27: 26
A28: 4.2.1.1 | B28: 101115 | C28: ESCAVAÇÃO HORIZONTAL EM SOLO DE 1A CATEGORIA COM TRATOR DE ESTEIRAS (150HP/LÂMINA: 3,18M3) | D28: M³ | E28: 4202.85 | F28: 4.65 | G28: 19543.253 | H28: =SUM($G$2:G28) -> 2399233.5 | I28: =Tabela2[[#This Row],[CUSTO TOTAL ACUMULADO]]/$H$449 -> 0.77361761 | J28: 27
A29: 4.9.1.1 | B29: 1 | C29: CERCA DE ALAMBRADO, COM TELA DE ARAME GALVANIZADO, COM MOURÕES COM PONTA VIRADA 45 GRAUS, SEÇÃO T, COM 21 FUROS, FABRICADO EM CONCRETO ARMADO VIBRADO, L= 2,80 +/- 0,06 M, CONFORME PROJETO P-COPASA 126/-, COM CONCERTINA EPIRAL 300 MM | D29: M | E29: 75 | F29: 259.48 | G29: 19461 | H29: =SUM($G$2:G29) -> 2418694.5 | I29: =Tabela2[[#This Row],[CUSTO TOTAL ACUMULADO]]/$H$449 -> 0.77989269 | J29: 28
A30: 4.3.13.5 | B30: 93382 | C30: REATERRO MANUAL DE VALAS, COM COMPACTADOR DE SOLOS DE PERCUSSÃO | D30: M³ | E30: 614.02 | F30: 30.11 | G30: 18488.142 | H30: =SUM($G$2:G30) -> 2437182.6 | I30: =Tabela2[[#This Row],[CUSTO TOTAL ACUMULADO]]/$H$449 -> 0.78585407 | J30: 29
A31: 4.3.3.2 | B31: 92343 | C31: TUBO, FERRO GALVANIZADO, COM COSTURA, CLASSE MÉDIA, DN 80 MM, CONFORME NBR 6943, ITEM 02 | D31: M | E31: 81.66 | F31: 217.92 | G31: 17795.347 | H31: =SUM($G$2:G31) -> 2454978 | I31: =Tabela2[[#This Row],[CUSTO TOTAL ACUMULADO]]/$H$449 -> 0.79159207 | J31: 30
A32: 4.1.1.3 | B32: 95875 | C32: TRANSPORTE COM CAMINHÃO BASCULANTE DE 10 M³, EM VIA URBANA PAVIMENTADA, DMT ATÉ 30 KM (UNIDADE: M3XKM) | D32: M³xKM | E32: 5276.26 | F32: 3.05 | G32: 16092.593 | H32: =SUM($G$2:G32) -> 2471070.5 | I32: =Tabela2[[#This Row],[CUSTO TOTAL ACUMULADO]]/$H$449 -> 0.79678102 | J32: 31
A33: 1.2.8 | B33: ED-50155 | C33: LOCAÇÃO DE BANHEIRO QUÍMICO, DIMENSÕES (110X120X230)CM, LINHA PADRÃO, CONTENDO UMA (1) PIA/HIGIENIZADOR DE MÃOS, INCLUSIVE MANUTENÇÃO E MOBILIZAÇÃO/DESMOBILIZAÇÃO, CONSIDERANDO 2 UNIDADES | D33: MÊS | E33: 14 | F33: 1141.56 | G33: 15981.84 | H33: =SUM($G$2:G33) -> 2487052.4 | I33: =Tabela2[[#This Row],[CUSTO TOTAL ACUMULADO]]/$H$449 -> 0.80193427 | J33: 32
A34: 1.2.4 | B34: 65002555 | C34: GRUPO GERADOR DE ENERGIA ELETRICA, COM MOTOR A GASOLINA, POTENCIA DE 5KVA - HORA PRODUTIVA | D34: CHP | E34: 1344 | F34: 10.85 | G34: 14582.4 | H34: =SUM($G$2:G34) -> 2501634.8 | I34: =Tabela2[[#This Row],[CUSTO TOTAL ACUMULADO]]/$H$449 -> 0.80663627 | J34: 33
A35: 4.3.9.8 | B35: 25033674 | C35: VALVULA REDUTORA DE PRESSÃO, FOFO, PN 10, DN 100 MM, ITEM 07 | D35: UNID | E35: 2 | F35: 6847.64 | G35: 13695.28 | H35: =SUM($G$2:G35) -> 2515330.1 | I35: =Tabela2[[#This Row],[CUSTO TOTAL ACUMULADO]]/$H$449 -> 0.81105222 | J35: 34
A36: 4.4.3.8 | B36: 4 | C36: SERVIÇOS DE INSTALAÇÃO ELÉTRICA | D36: DIA | E36: 20 | F36: 682.39 | G36: 13647.8 | H36: =SUM($G$2:G36) -> 2528977.9 | I36: =Tabela2[[#This Row],[CUSTO TOTAL ACUMULADO]]/$H$449 -> 0.81545287 | J36: 35
A37: 4.13.1.2 | B37: 92398 | C37: EXECUÇÃO DE PAVIMENTO EM PISO INTERTRAVADO, COM BLOCO RETANGULAR COR NATURAL DE 20 X 10 CM, ESPESSURA 8 CM | D37: M² | E37: 112 | F37: 109.8 | G37: 12297.6 | H37: =SUM($G$2:G37) -> 2541275.5 | I37: =Tabela2[[#This Row],[CUSTO TOTAL ACUMULADO]]/$H$449 -> 0.81941815 | J37: 36
A38: 1.2.1 | B38: 10777 | C38: LOCACAO DE CONTAINER 2,30 X 4,30 M, ALT. 2,50 M, PARA SANITARIO, COM 3 BACIAS, 4 CHUVEIROS, 1 LAVATORIO E 1 MICTORIO | D38: MÊS | E38: 7 | F38: 1483.35 | G38: 10383.45 | H38: =SUM($G$2:G38) -> 2551658.9 | I38: =Tabela2[[#This Row],[CUSTO TOTAL ACUMULADO]]/$H$449 -> 0.82276623 | J38: 37
A39: 4.15.2.1 | B39: 7 | C39: PRÉ-OPERAÇÃO DO SISTEMA DE CAPTAÇÃO, RECALQUE E TRATAMENTO DE ÁGUA, INCLUINDO TREINAMENTO DE EQUIPE DO SAAE | D39: DIA | E39: 10 | F39: 1021.72 | G39: 10217.2 | H39: =SUM($G$2:G39) -> 2561876.1 | I39: =Tabela2[[#This Row],[CUSTO TOTAL ACUMULADO]]/$H$449 -> 0.8260607 | J39: 38
A40: 4.7.9.3 | B40: ED-48298 | C40: CORTE, DOBRA E MONTAGEM DE AÇO CA-50/60, INCLUSIVE ESPAÇADOR | D40: KG | E40: 698.36 | F40: 14.43 | G40: 10077.335 | H40: =SUM($G$2:G40) -> 2571953.5 | I40: =Tabela2[[#This Row],[CUSTO TOTAL ACUMULADO]]/$H$449 -> 0.82931008 | J40: 39
A41: 1.2.2 | B41: 10775 | C41: LOCACAO DE CONTAINER 2,30 X 6,00 M, ALT. 2,50 M, COM 1 SANITARIO, PARA ESCRITORIO, COMPLETO, SEM DIVISORIAS INTERNAS | D41: MÊS | E41: 7 | F41: 1306.45 | G41: 9145.15 | H41: =SUM($G$2:G41) -> 2581098.6 | I41: =Tabela2[[#This Row],[CUSTO TOTAL ACUMULADO]]/$H$449 -> 0.83225887 | J41: 40
A42: 4.4.6.1 | B42: ED-20588 | C42: ENTRADA DE ENERGIA AÉREA, TIPO C8, PADRÃO CEMIG, CARGA INSTALADA DE 57,2KVA ATÉ 75KVA, TRIFÁSICO, COM SAÍDA SUBTERRÂNEA, INCLUSIVE POSTE, CAIXA PARA MEDIDOR, DISJUNTOR, BARRAMENTO, ATERRAMENTO E ACESSÓRIOS | D42: UNID | E42: 1 | F42: 8428.49 | G42: 8428.49 | H42: =SUM($G$2:G42) -> 2589527.1 | I42: =Tabela2[[#This Row],[CUSTO TOTAL ACUMULADO]]/$H$449 -> 0.83497658 | J42: 41
A43: 4.3.13.3 | B43: 195101 | C43: ESTRUTURA DE ESCORAMENTO - ESTRUTURA DE ESCORAMENTO TIPO PONTALETEAMENTO | D43: M² | E43: 650 | F43: 12.72 | G43: 8268 | H43: =SUM($G$2:G43) -> 2597795.1 | I43: =Tabela2[[#This Row],[CUSTO TOTAL ACUMULADO]]/$H$449 -> 0.83764255 | J43: 42
A44: 4.7.9.7 | B44: ED-49808 | C44: FORNECIMENTO DE CONCRETO ESTRUTURAL, USINADO BOMBEADO, COM FCK 40MPA, INCLUSIVE LANÇAMENTO, ADENSAMENTO E ACABAMENTO (FUNDAÇÃO) | D44: M³ | E44: 8.33 | F44: 990.69 | G44: 8252.4477 | H44: =SUM($G$2:G44) -> 2606047.5 | I44: =Tabela2[[#This Row],[CUSTO TOTAL ACUMULADO]]/$H$449 -> 0.8403035 | J44: 43
A45: 4.1.1.1 | B45: 97636 | C45: DEMOLIÇÃO PARCIAL DE PAVIMENTO ASFÁLTICO, DE FORMA MECANIZADA, SEM REAPROVEITAMENTO | D45: M² | E45: 292.87 | F45: 27.19 | G45: 7963.1353 | H45: =SUM($G$2:G45) -> 2614010.7 | I45: =Tabela2[[#This Row],[CUSTO TOTAL ACUMULADO]]/$H$449 -> 0.84287116 | J45: 44
A46: 4.9.1.3 | B46: 3 | C46: PORTÃO DE ABRIR ESTRUTURADO EM TUBO DE AÇO GALVANIZADO E TELA GALVANIZADA, FIO 2,77 MM (12 BWG), MALHA 5 x 5 CM, 2 FLOLHAS , DIMENSÕES 3,00 x 2,50 M, CONFORME PROJETO | D46: UNID | E46: 2 | F46: 3944.74 | G46: 7889.48 | H46: =SUM($G$2:G46) -> 2621900.2 | I46: =Tabela2[[#This Row],[CUSTO TOTAL ACUMULADO]]/$H$449 -> 0.84541507 | J46: 45
A47: 4.3.5.5 | C47: TUBO FOFO, COM FLANGES, PN10, L = 5,80 M, DN 100 MM, REF. TFL10, ITEM 06 | D47: UNID | E47: 1 | F47: 7583.48 | G47: 7583.48 | H47: =SUM($G$2:G47) -> 2629483.6 | I47: =Tabela2[[#This Row],[CUSTO TOTAL ACUMULADO]]/$H$449 -> 0.84786032 | J47: 46
A48: 4.11.1.1 | C48: QUADRO DE DISTRIBUICAO MONTADO EM CAIXA EM CHAPA DE AÇO MONOBLOCO, PARA 40 MÓDULOS, GRAU DE PROTEÇÃO IP-44, PINTURA EPÓXI-POLIÉSTER, PORTA ARTICULADA COM TRINCO YALE + CADEADO, ESPELHO INTERNO EM ACRÍLICO, TRILHOS DIN P/SUPORTE DE DISJUNTORES COM BARRAMENTO TRIFÁSICO + NEUTRO + PE E PROTEÇÃO GERAL - CONFORME A ABNT NBR IEC 60439-1 | D48: UNID | E48: 1 | F48: 7418.88 | G48: 7418.88 | H48: =SUM($G$2:G48) -> 2636902.5 | I48: =Tabela2[[#This Row],[CUSTO TOTAL ACUMULADO]]/$H$449 -> 0.85025249 | J48: 47
A49: 4.2.2.3 | B49: 100574 | C49: ESPALHAMENTO DE MATERIAL COM TRATOR DE ESTEIRAS | D49: M³ | E49: 4167.42 | F49: 1.72 | G49: 7167.9624 | H49: =SUM($G$2:G49) -> 2644070.5 | I49: =Tabela2[[#This Row],[CUSTO TOTAL ACUMULADO]]/$H$449 -> 0.85256375 | J49: 48
A50: 1.2.3 | B50: 10776 | C50: LOCACAO DE CONTAINER 2,30 X 6,00 M, ALT. 2,50 M, PARA ALMOXARIFADO, SEM DIVISORIAS INTERNAS E SEM SANITARIO | D50: MÊS | E50: 7 | F50: 1020.65 | G50: 7144.55 | H50: =SUM($G$2:G50) -> 2651215 | I50: =Tabela2[[#This Row],[CUSTO TOTAL ACUMULADO]]/$H$449 -> 0.85486747 | J50: 49
A51: 4.3.1.6 | C51: TUBO FOFO, FLANGE E PONTA, PN10, L= 4,70 M, DN 150 MM, REF. TFP10, ITEM 05 | D51: UNID | E51: 1 | F51: 7035.61 | G51: 7035.61 | H51: =SUM($G$2:G51) -> 2658250.6 | I51: =Tabela2[[#This Row],[CUSTO TOTAL ACUMULADO]]/$H$449 -> 0.85713606 | J51: 50
A52: 4.3.7.5 | C52: TUBO FOFO, FLANGE E PONTA, PN10, L= 4,80 M, DN 150 MM, REF. TFP10, ITEM 06, CAIXA 02 | D52: UNID | E52: 1 | F52: 7035.61 | G52: 7035.61 | H52: =SUM($G$2:G52) -> 2665286.2 | I52: =Tabela2[[#This Row],[CUSTO TOTAL ACUMULADO]]/$H$449 -> 0.85940464 | J52: 51
A53: 4.1.1.2 | B53: 100982 | C53: CARGA, MANOBRA E DESCARGA DE ENTULHO EM CAMINHÃO BASCULANTE 10 M³ - CARGA COM ESCAVADEIRA HIDRÁULICA (CAÇAMBA DE 0,80 M³ / 111 HP) E DESCARGA LIVRE (UNIDADE: M3) | D53: M³ | E53: 620.74 | F53: 11.14 | G53: 6915.0436 | H53: =SUM($G$2:G53) -> 2672201.3 | I53: =Tabela2[[#This Row],[CUSTO TOTAL ACUMULADO]]/$H$449 -> 0.86163436 | J53: 52
A54: 4.3.10.4 | B54: 9828 | C54: TUBO PVC DEFOFO, JEI, 1 MPA, DN 150 MM, CONFORME NBR 7665 | D54: M | E54: 48 | F54: 142.58 | G54: 6843.84 | H54: =SUM($G$2:G54) -> 2679045.1 | I54: =Tabela2[[#This Row],[CUSTO TOTAL ACUMULADO]]/$H$449 -> 0.86384111 | J54: 53
A55: 4.5.5.7 | B55: 4 | C55: SERVIÇOS DE INSTALAÇÃO ELÉTRICA | D55: DIA | E55: 10 | F55: 682.39 | G55: 6823.9 | H55: =SUM($G$2:G55) -> 2685869 | I55: =Tabela2[[#This Row],[CUSTO TOTAL ACUMULADO]]/$H$449 -> 0.86604143 | J55: 54
A56: 4.7.14.1.4 | B56: 65000176 | C56: ESPALHAMENTO DE MATERIAL DE 1A. CATEGORIA COM TRATOR DE ESTEIRA COM 153HP | D56: M³ | E56: 1694 | F56: 3.99 | G56: 6759.06 | H56: =SUM($G$2:G56) -> 2692628.1 | I56: =Tabela2[[#This Row],[CUSTO TOTAL ACUMULADO]]/$H$449 -> 0.86822085 | J56: 55
A57: 4.3.9.1 | C57: TUBO FOFO, FLANGE E BOLSA, PN10, L= 1,50 M, DN 150 MM, REF. TFB10, ITEM 01 | D57: UNID | E57: 2 | F57: 3344 | G57: 6688 | H57: =SUM($G$2:G57) -> 2699316.1 | I57: =Tabela2[[#This Row],[CUSTO TOTAL ACUMULADO]]/$H$449 -> 0.87037735 | J57: 56
A58: 4.7.13.3 | B58: ED-48298 | C58: CORTE, DOBRA E MONTAGEM DE AÇO CA-50/60, INCLUSIVE ESPAÇADOR | D58: KG | E58: 453.37 | F58: 14.43 | G58: 6542.1291 | H58: =SUM($G$2:G58) -> 2705858.2 | I58: =Tabela2[[#This Row],[CUSTO TOTAL ACUMULADO]]/$H$449 -> 0.87248682 | J58: 57
A59: 4.10.4.2 | B59: 103334 | C59: ALVENARIA DE VEDAÇÃO DE BLOCOS CERÂMICOS FURADOS NA HORIZONTAL DE 14X9X19 CM (ESPESSURA 14 CM, BLOCO DEITADO) E ARGAMASSA DE ASSENTAMENTO COM PREPARO EM BETONEIRA | D59: M² | E59: 39.18 | F59: 166.64 | G59: 6528.9552 | H59: =SUM($G$2:G59) -> 2712387.2 | I59: =Tabela2[[#This Row],[CUSTO TOTAL ACUMULADO]]/$H$449 -> 0.87459204 | J59: 58
A60: 4.2.1.2 | B60: ED-51098 | C60: COMPACTAÇÃO MECÂNICA DE ATERRO COM ROLO VIBRATÓRIO A 95% DO PROCTOR NORMAL, INCLUSIVE ESPALHAMENTO | D60: M³ | E60: 1166.66 | F60: 5.27 | G60: 6148.2982 | H60: =SUM($G$2:G60) -> 2718535.5 | I60: =Tabela2[[#This Row],[CUSTO TOTAL ACUMULADO]]/$H$449 -> 0.87657452 | J60: 59
A61: 4.7.9.4 | B61: ED-8571 | C61: FÔRMA E DESFORMA PARA VIGA-CINTA/BLOCO COM COMPENSADO PLASTIFICADO, ESP. 12MM, REAPROVEITAMENTO (3X) (FUNDAÇÃO) | D61: M² | E61: 70.39 | F61: 85 | G61: 5983.15 | H61: =SUM($G$2:G61) -> 2724518.6 | I61: =Tabela2[[#This Row],[CUSTO TOTAL ACUMULADO]]/$H$449 -> 0.87850375 | J61: 60
A62: 4.13.3.1 | B62: ED-50437 | C62: FORNECIMENTO E PLANTIO DE GRAMA ESMERALDA EM PLACAS, INCLUSIVE TERRA VEGETAL E CONSERVAÇÃO POR TRINTA (30) DIAS | D62: M² | E62: 150 | F62: 39.87 | G62: 5980.5 | H62: =SUM($G$2:G62) -> 2730499.1 | I62: =Tabela2[[#This Row],[CUSTO TOTAL ACUMULADO]]/$H$449 -> 0.88043212 | J62: 61
A63: 4.13.2.1 | B63: 94274 | C63: ASSENTAMENTO DE GUIA (MEIO-FIO) EM TRECHO CURVO, CONFECCIONADA EM CONCRETO PRÉ-FABRICADO, DIMENSÕES 100X15X13X30 CM (COMPRIMENTO X BASE INFERIOR X BASE SUPERIOR X ALTURA) | D63: M | E63: 70 | F63: 82.15 | G63: 5750.5 | H63: =SUM($G$2:G63) -> 2736249.6 | I63: =Tabela2[[#This Row],[CUSTO TOTAL ACUMULADO]]/$H$449 -> 0.88228633 | J63: 62
A64: 4.3.9.6 | C64: VÁLVULA DE GAVETA COM FLANGES COM CUNHA DE BORRACHA, CORPO CURTO, PN10, DN 100MM, REF. EURO 23 R23FV10, ITEM 05 | D64: UNID | E64: 4 | F64: 1399.45 | G64: 5597.8 | H64: =SUM($G$2:G64) -> 2741847.4 | I64: =Tabela2[[#This Row],[CUSTO TOTAL ACUMULADO]]/$H$449 -> 0.88409131 | J64: 63
A65: 4.3.1.5 | C65: TUBO FOFO, COM FLANGES, PN10, L = 2,45 M, DN 150 MM, REF. TFL10, ITEM 04 | D65: UNID | E65: 1 | F65: 5507.35 | G65: 5507.35 | H65: =SUM($G$2:G65) -> 2747354.8 | I65: =Tabela2[[#This Row],[CUSTO TOTAL ACUMULADO]]/$H$449 -> 0.88586712 | J65: 64
A66: 4.5.2.1 | B66: MATED-12009 | C66: FIXADOR UNIVERSAL LATÃO ESTANHADO P/ CABOS 16 A 70 MM2, MARCA DE REF. TERMOTÉCNICA OU EQUIVALENTE | D66: UNID | E66: 120 | F66: 45.49 | G66: 5458.8 | H66: =SUM($G$2:G66) -> 2752813.6 | I66: =Tabela2[[#This Row],[CUSTO TOTAL ACUMULADO]]/$H$449 -> 0.88762727 | J66: 65
A67: 4.5.1.2 | B67: ED-13940 | C67: CABO DE COBRE NU #35MM2 - 7 FIOSX2,50MM, PARA ELEMENTOS DE CAPTAÇÃO/ ANEL DE CINTAMENTO/ DESCIDA (SPDA), INCLUSIVE SUPORTE E ISOLADOR | D67: M | E67: 86 | F67: 63.19 | G67: 5434.34 | H67: =SUM($G$2:G67) -> 2758247.9 | I67: =Tabela2[[#This Row],[CUSTO TOTAL ACUMULADO]]/$H$449 -> 0.88937954 | J67: 66
A68: 4.3.13.1 | B68: 4805757 | C68: ESCAVAÇÃO MECÂNICA DE VALA EM MATERIAL DE 1ª CATEGORIA | D68: M³ | E68: 653.25 | F68: 8.28 | G68: 5408.91 | H68: =SUM($G$2:G68) -> 2763656.8 | I68: =Tabela2[[#This Row],[CUSTO TOTAL ACUMULADO]]/$H$449 -> 0.89112361 | J68: 67
A69: 1.1.2 | B69: 100948 | C69: TRANSPORTE COM CAMINHÃO CARROCERIA 9T, EM VIA URBANA PAVIMENTADA, ADICIONAL PARA DMT EXCEDENTE A 30 KM | D69: TxKM | E69: 4860 | F69: 1.09 | G69: 5297.4 | H69: =SUM($G$2:G69) -> 2768954.2 | I69: =Tabela2[[#This Row],[CUSTO TOTAL ACUMULADO]]/$H$449 -> 0.89283172 | J69: 68
A70: 4.3.13.6 | B70: 2003767 | C70: LASTRO DE AREIA COMERCIAL - ESPALHAMENTO MANUAL | D70: M³ | E70: 26.13 | F70: 196.03 | G70: 5122.2639 | H70: =SUM($G$2:G70) -> 2774076.5 | I70: =Tabela2[[#This Row],[CUSTO TOTAL ACUMULADO]]/$H$449 -> 0.89448337 | J70: 69
A71: 4.3.1.8 | C71: HIDROMETRO WOLTMANN, FLANGEADO, DN 150 MM, RELOJOARIA PLANA, TURBINA HORIZONTAL, AXIAL, ITEM 08 | D71: UNID | E71: 1 | F71: 5009.6 | G71: 5009.6 | H71: =SUM($G$2:G71) -> 2779086.1 | I71: =Tabela2[[#This Row],[CUSTO TOTAL ACUMULADO]]/$H$449 -> 0.89609868 | J71: 70
A72: 4.7.14.2.7 | B72: 94963 | C72: CAMADA DE REGULARIZAÇÃO EM CONCRETO FCK = 15 MPA, TRAÇO 1:3,4:3,5 (CIMENTO / AREIA MÉDIA / BRITA 1) - PREPARO MECÂNICO COM BETONEIRA 400 L. | D72: M³ | E72: 8.35 | F72: 589.12 | G72: 4919.152 | H72: =SUM($G$2:G72) -> 2784005.2 | I72: =Tabela2[[#This Row],[CUSTO TOTAL ACUMULADO]]/$H$449 -> 0.89768483 | J72: 71
A73: 4.3.6.29 | B73: 65002365 | C73: INSTALAÇÃO DE CONJUNTO MOTOBOMBA COM POTÊNCIA ACIMA DE 25CV ATÉ 60CV | D73: UNID | E73: 2 | F73: 2399.81 | G73: 4799.62 | H73: =SUM($G$2:G73) -> 2788804.9 | I73: =Tabela2[[#This Row],[CUSTO TOTAL ACUMULADO]]/$H$449 -> 0.89923244 | J73: 72
A74: 4.4.4.4 | B74: 65004016 | C74: CABO DE POTÊNCIA ISOL. 0,6/1 KV, CONDUTOR FORMADO POR FIOS DE COBRE ELETROLÍTICO NU, TEMPERA MOLE, ENCORDOAMENTO CLASSE 5, ISOLAÇAO EM COMPOSTO FIXO EM CAMADA DE BORRACHA EM HEPR,ENCHIMENTO EM COMPOSTO TERMOPLASTICO DE PVC FLEXÍVEL SEM CHUMBO;COBERTURA DE COMPOSTO TERMOPLÁSTICO EM PVC SEM CHUMBO RESISTENTE A CHAMA;TEMPERATURA EM REGIME CONTÍNUO 90ºC,130ºC EM SOBRECARGA E 250º EM CURTO CIRCUITO;COM VEIAS NAS CORES BRANCA,PRETA,VERMELHA E VERDE OU NUMERADAS;ISOLAÇÃO EXTERNA NA COR PRETA. (1 CABO, 10 VIAS, BITOLA DE 1,0MM²) 1X10#1,0MM² | D74: M | E74: 94 | F74: 50.25 | G74: 4723.5 | H74: =SUM($G$2:G74) -> 2793528.4 | I74: =Tabela2[[#This Row],[CUSTO TOTAL ACUMULADO]]/$H$449 -> 0.9007555 | J74: 73
A75: 4.3.7.10 | B75: 9826 | C75: TUBO PVC DEFOFO, JEI, 1 MPA, DN 250 MM, CONFORME NBR 7665 | D75: M | E75: 12 | F75: 386.43 | G75: 4637.16 | H75: =SUM($G$2:G75) -> 2798165.5 | I75: =Tabela2[[#This Row],[CUSTO TOTAL ACUMULADO]]/$H$449 -> 0.90225072 | J75: 74
A76: 4.7.14.2.8 | B76: 65000240 | C76: FORMA PLANA TABUA DE PINHO - ESTRUTURAS | D76: M² | E76: 53.1 | F76: 82.86 | G76: 4399.866 | H76: =SUM($G$2:G76) -> 2802565.4 | I76: =Tabela2[[#This Row],[CUSTO TOTAL ACUMULADO]]/$H$449 -> 0.90366943 | J76: 75
A77: 4.3.9.14 | B77: 65000403 | C77: MONTAGENS ESPECIAIS EM FERRO FUNDIDO | D77: KG | E77: 831.8 | F77: 5.21 | G77: 4333.678 | H77: =SUM($G$2:G77) -> 2806899.1 | I77: =Tabela2[[#This Row],[CUSTO TOTAL ACUMULADO]]/$H$449 -> 0.9050668 | J77: 76
A78: 4.3.13.8 | B78: 95875 | C78: TRANSPORTE COM CAMINHÃO BASCULANTE DE 10 M³, EM VIA URBANA PAVIMENTADA, DMT ATÉ 30 KM (UNIDADE: M3XKM) | D78: M³xKM | E78: 1419.31 | F78: 3.05 | G78: 4328.8955 | H78: =SUM($G$2:G78) -> 2811228 | I78: =Tabela2[[#This Row],[CUSTO TOTAL ACUMULADO]]/$H$449 -> 0.90646262 | J78: 77
A79: 4.7.13.7 | B79: ED-49808 | C79: FORNECIMENTO DE CONCRETO ESTRUTURAL, USINADO BOMBEADO, COM FCK 40MPA, INCLUSIVE LANÇAMENTO, ADENSAMENTO E ACABAMENTO (FUNDAÇÃO) | D79: M³ | E79: 4.3 | F79: 990.69 | G79: 4259.967 | H79: =SUM($G$2:G79) -> 2815487.9 | I79: =Tabela2[[#This Row],[CUSTO TOTAL ACUMULADO]]/$H$449 -> 0.90783622 | J79: 78
A80: 4.10.5.1 | B80: 98546 | C80: IMPERMEABILIZAÇÃO DE SUPERFÍCIE COM MANTA ASFÁLTICA, UMA CAMADA, INCLUSIVE APLICAÇÃO DE PRIMER ASFÁLTICO, E=4MM | D80: M² | E80: 29.31 | F80: 138.96 | G80: 4072.9176 | H80: =SUM($G$2:G80) -> 2819560.8 | I80: =Tabela2[[#This Row],[CUSTO TOTAL ACUMULADO]]/$H$449 -> 0.90914951 | J80: 79
A81: 4.3.2.8 | C81: TUBO FOFO, COM FLANGES, PN10, L = 2,10 M, DN 80 MM, REF. TFL10, ITEM 09 | D81: UNID | E81: 1 | F81: 4030.39 | G81: 4030.39 | H81: =SUM($G$2:G81) -> 2823591.2 | I81: =Tabela2[[#This Row],[CUSTO TOTAL ACUMULADO]]/$H$449 -> 0.91044908 | J81: 80
A82: 4.10.8.3 | B82: 37562 | C82: PORTÃO DE CORRER EM 2 FOLHAS, EM CHAPA DE AÇO 20, GALVANIZADA, TIPO LAMBRIL QUADRADO CANELADO, LARGURA 2,00 M x ALTURA 2,25 M, COM REQUADRO EM PERFIL METALON GALVANIZADO 50x30x0,95 MM, COM TRILHOS E ROLDANAS, COM PREPARAÇÃO PARA INSTALAÇÃO DE FECHADURA, EM ACABAMENTO NATURAL | D82: M² | E82: 4.5 | F82: 869.09 | G82: 3910.905 | H82: =SUM($G$2:G82) -> 2827502.1 | I82: =Tabela2[[#This Row],[CUSTO TOTAL ACUMULADO]]/$H$449 -> 0.91171013 | J82: 81
A83: 4.7.14.1.2 | B83: 101130 | C83: ESCAVAÇÃO HORIZONTAL, INCLUINDO ESCARIFICAÇÃO, CARGA E DESCARGA EM SOLO DE 2A CATEGORIA COM TRATOR DE ESTEIRAS (150HP/LÂMINA: 3,18M3) | D83: M³ | E83: 170 | F83: 22.79 | G83: 3874.3 | H83: =SUM($G$2:G83) -> 2831376.4 | I83: =Tabela2[[#This Row],[CUSTO TOTAL ACUMULADO]]/$H$449 -> 0.91295937 | J83: 82
A84: 4.7.6.3 | B84: 92456 | C84: MONTAGEM E DESMONTAGEM DE FÔRMA DE VIGA, ESCORAMENTO METÁLICO, PÉ-DIREITO SIMPLES, EM CHAPA DE MADEIRA RESINADA, 4 UTILIZAÇÕES | D84: M² | E84: 21.58 | F84: 177.94 | G84: 3839.9452 | H84: =SUM($G$2:G84) -> 2835216.4 | I84: =Tabela2[[#This Row],[CUSTO TOTAL ACUMULADO]]/$H$449 -> 0.91419754 | J84: 83
A85: 4.3.7.8 | C85: TUBO FOFO, COM FLANGES, PN10, L = 1,25 M, DN 250 MM, REF. TFL10, ITEM 02, CAIXA 02 | D85: UNID | E85: 1 | F85: 3799.07 | G85: 3799.07 | H85: =SUM($G$2:G85) -> 2839015.5 | I85: =Tabela2[[#This Row],[CUSTO TOTAL ACUMULADO]]/$H$449 -> 0.91542252 | J85: 84
A86: 4.7.9.9 | B86: ED-51125 | C86: TRANSPORTE DE MATERIAL DEMOLIDO EM CAÇAMBA, EXCLUSIVE CARGA MANUAL OU MECÂNICA | D86: M³ | E86: 35.59 | F86: 106.54 | G86: 3791.7586 | H86: =SUM($G$2:G86) -> 2842807.2 | I86: =Tabela2[[#This Row],[CUSTO TOTAL ACUMULADO]]/$H$449 -> 0.91664515 | J86: 85
A87: 4.4.3.3 | B87: 91935 | C87: CABO DE COBRE FLEXÍVEL ISOLADO, 16 MM², ANTI-CHAMA 0,6/1,0 KV, PARA CIRCUITOS TERMINAIS - FORNECIMENTO E INSTALAÇÃO | D87: M | E87: 122 | F87: 31.06 | G87: 3789.32 | H87: =SUM($G$2:G87) -> 2846596.5 | I87: =Tabela2[[#This Row],[CUSTO TOTAL ACUMULADO]]/$H$449 -> 0.91786699 | J87: 86
A88: 4.10.4.5 | B88: ED-50761 | C88: REBOCO COM ARGAMASSA, TRAÇO 1:2:8 (CIMENTO, CAL E AREIA), ESP. 20MM, APLICAÇÃO MANUAL, INCLUSIVE ARGAMASSA COM PREPARO MECANIZADO, EXCLUSIVE CHAPISCO | D88: M² | E88: 87.42 | F88: 42.9 | G88: 3750.318 | H88: =SUM($G$2:G88) -> 2850346.8 | I88: =Tabela2[[#This Row],[CUSTO TOTAL ACUMULADO]]/$H$449 -> 0.91907626 | J88: 87
A89: 4.7.8.1 | B89: ED-49619 | C89: FORNECIMENTO DE CONCRETO ESTRUTURAL, PREPARADO EM OBRA, COM FCK 25MPA, INCLUSIVE LANÇAMENTO, ADENSAMENTO E ACABAMENTO | D89: M³ | E89: 3.83 | F89: 964.32 | G89: 3693.3456 | H89: =SUM($G$2:G89) -> 2854040.2 | I89: =Tabela2[[#This Row],[CUSTO TOTAL ACUMULADO]]/$H$449 -> 0.92026716 | J89: 88
A90: 4.4.3.6 | B90: 92988 | C90: CABO DE COBRE FLEXÍVEL ISOLADO, 50 MM², ANTI-CHAMA 0,6/1,0 KV, PARA REDE ENTERRADA DE DISTRIBUIÇÃO DE ENERGIA ELÉTRICA - FORNECIMENTO E INSTALAÇÃO | D90: M | E90: 52 | F90: 69.29 | G90: 3603.08 | H90: =SUM($G$2:G90) -> 2857643.3 | I90: =Tabela2[[#This Row],[CUSTO TOTAL ACUMULADO]]/$H$449 -> 0.92142895 | J90: 89
A91: 4.3.13.2 | B91: 4805749 | C91: ESCAVAÇÃO MANUAL DE VALA EM MATERIAL DE 1ª CATEGORIA | D91: M³ | E91: 40 | F91: 89.01 | G91: 3560.4 | H91: =SUM($G$2:G91) -> 2861203.7 | I91: =Tabela2[[#This Row],[CUSTO TOTAL ACUMULADO]]/$H$449 -> 0.92257698 | J91: 90
A92: 4.7.5.7 | B92: ED-49619 | C92: FORNECIMENTO DE CONCRETO ESTRUTURAL, PREPARADO EM OBRA, COM FCK 25MPA, INCLUSIVE LANÇAMENTO, ADENSAMENTO E ACABAMENTO | D92: M³ | E92: 3.67 | F92: 964.32 | G92: 3539.0544 | H92: =SUM($G$2:G92) -> 2864742.7 | I92: =Tabela2[[#This Row],[CUSTO TOTAL ACUMULADO]]/$H$449 -> 0.92371812 | J92: 91
A93: 4.4.2.4 | B93: 65004169 | C93: LUMINARIA PUBLICA LED COMPLETA, LUM >=5500 LUMENS, EFIC>= 110LM/W, 220V, T5000K, IRC70%, FP>= 0,92, IP66, COM SUPORTE DE INSTALAÇÃO EM POSTE E RELE FOTOELÉTRICO, FORNECIMENTO E INSTALAÇÃO | D93: UNID | E93: 4 | F93: 873.14 | G93: 3492.56 | H93: =SUM($G$2:G93) -> 2868235.3 | I93: =Tabela2[[#This Row],[CUSTO TOTAL ACUMULADO]]/$H$449 -> 0.92484427 | J93: 92
A94: 4.5.1.3 | B94: ED-13935 | C94: CABO DE COBRE NU #50 MM2 - 7 FIOSX3,00MM, PARA ELEMENTOS DE CAPTAÇÃO/ANEL DE CINTAMENTO (SPDA), INCLUSIVE PRESILHA DE FIXAÇÃO | D94: M | E94: 45 | F94: 75.58 | G94: 3401.1 | H94: =SUM($G$2:G94) -> 2871636.4 | I94: =Tabela2[[#This Row],[CUSTO TOTAL ACUMULADO]]/$H$449 -> 0.92594094 | J94: 93
A95: 4.7.5.6 | B95: ED-48298 | C95: CORTE, DOBRA E MONTAGEM DE AÇO CA-50/60, INCLUSIVE ESPAÇADOR | D95: KG | E95: 228.99 | F95: 14.43 | G95: 3304.3257 | H95: =SUM($G$2:G95) -> 2874940.7 | I95: =Tabela2[[#This Row],[CUSTO TOTAL ACUMULADO]]/$H$449 -> 0.9270064 | J95: 94
A96: 4.3.9.7 | C96: CARRETEL COM TIRANTES, PN10, DN 100 MM, REF. CLC10, ITEM 06 | D96: UNID | E96: 2 | F96: 1585.37 | G96: 3170.74 | H96: =SUM($G$2:G96) -> 2878111.5 | I96: =Tabela2[[#This Row],[CUSTO TOTAL ACUMULADO]]/$H$449 -> 0.92802878 | J96: 95
A97: 4.13.3.2 | B97: 365 | C97: FORNECIMENTO MUDA DE ARBUSTO FOLHAGEM, SANSÃO-DO-CAMPO OU EQUIVALENTE DA REGIAO, H= 50 A 70 CM | D97: UNID | E97: 40 | F97: 79.08 | G97: 3163.2 | H97: =SUM($G$2:G97) -> 2881274.7 | I97: =Tabela2[[#This Row],[CUSTO TOTAL ACUMULADO]]/$H$449 -> 0.92904874 | J97: 96
A98: 4.7.3.7 | B98: ED-49619 | C98: FORNECIMENTO DE CONCRETO ESTRUTURAL, PREPARADO EM OBRA, COM FCK 25MPA, INCLUSIVE LANÇAMENTO, ADENSAMENTO E ACABAMENTO | D98: M³ | E98: 3.22 | F98: 964.32 | G98: 3105.1104 | H98: =SUM($G$2:G98) -> 2884379.8 | I98: =Tabela2[[#This Row],[CUSTO TOTAL ACUMULADO]]/$H$449 -> 0.93004996 | J98: 97
A99: 4.3.7.3 | C99: TUBO FOFO, FLANGE E PONTA, PN10, L= 1,80 M, DN 100 MM, REF. TFP10, ITEM 05, CAIXA 01 | D99: UNID | E99: 1 | F99: 3095.06 | G99: 3095.06 | H99: =SUM($G$2:G99) -> 2887474.8 | I99: =Tabela2[[#This Row],[CUSTO TOTAL ACUMULADO]]/$H$449 -> 0.93104794 | J99: 98
A100: 4.12.1.1 | B100: 65001133 | C100: MONOVIA EM PERFIL METALICO " I " DE 8" - FORNECIMENTO E INSTALACAO | D100: M | E100: 6.1 | F100: 495.06 | G100: 3019.866 | H100: =SUM($G$2:G100) -> 2890494.7 | I100: =Tabela2[[#This Row],[CUSTO TOTAL ACUMULADO]]/$H$449 -> 0.93202168 | J100: 99
...
